Workbook
Name Additional_Factor: 'אפשרויות בחירה'!$C$706:$C$854
Name Amoritization: 'אפשרויות בחירה'!$C$544:$C$548
Name Capsule: 'אפשרויות בחירה'!$C$934:$C$936
Name Company_Name: 'File Name Info'!$A$34:$A$130
Name Company_Name_ID: 'File Name Info'!$A$34:$B$130
Name Consortium: 'אפשרויות בחירה'!$C$512:$C$513
Name Country_list: 'אפשרויות בחירה'!$C$4:$C$85
Name Country_list_funds: 'אפשרויות בחירה'!$C$4:$C$103
Name CSA: 'אפשרויות בחירה'!$C$693:$C$694
Name Delivery: 'אפשרויות בחירה'!$C$670:$C$671
Name Dependence_Independence: 'אפשרויות בחירה'!$C$658:$C$659
Name Duration_Underlying_Interest_Rate: 'אפשרויות בחירה'!$C$685:$C$692
Name File_Type: 'File Name Info'!$A$10:$A$12
Name Full_File_Type: 'File Name Info'!$A$11:$B$13
Name Full_Type: 'File Name Info'!$A$2:$B$8
Name Full_Type_Nostro: 'File Name Info'!$A$3:$B$6
Name Full_Year: 'File Name Info'!$A$22:$B$31
Name Fund_Strategy: 'אפשרויות בחירה'!$C$595:$C$625
Name Fund_type: 'אפשרויות בחירה'!$C$326:$C$496
Name Holding_interest: 'אפשרויות בחירה'!$C$146:$C$147
Name In_the_books: 'אפשרויות בחירה'!$C$660:$C$661
Name Industry_Sector: 'אפשרויות בחירה'!#REF!
Name Industry_sector_all: 'אפשרויות בחירה'!$C$202:$C$325
Name Industry_sectors: 'אפשרויות בחירה'!$C$202:$C$325
Name israel_abroad: 'אפשרויות בחירה'!$C$2:$C$3
Name Issuer_Number_Banks: 'אפשרויות בחירה'!$C$111:$C$113
Name Issuer_Number_Fund: 'אפשרויות בחירה'!$C$114:$C$117
Name issuer_number_loan: 'אפשרויות בחירה'!$C$118:$C$126
Name Issuer_Number_Type: 'אפשרויות בחירה'!$C$104:$C$110
Name Issuer_Number_Type_2: 'אפשרויות בחירה'!#REF!
Name Issuer_Number_Type_3: 'אפשרויות בחירה'!#REF!
Name Issuer_Number_Type_V2: 'אפשרויות בחירה'!$C$104:$C$110
Name Issuer_Type_TFunds: 'אפשרויות בחירה'!#REF!
Name Leading_factor: 'אפשרויות בחירה'!$C$697:$C$705
Name Linked_Type: 'אפשרויות בחירה'!$C$514:$C$517
Name other_investments: 'אפשרויות בחירה'!$C$1018:$C$1051
Name Penalty: 'אפשרויות בחירה'!$C$855:$C$856
Name QTR: 'File Name Info'!$A$15:$A$19
Name Rating_Agency: 'אפשרויות בחירה'!$C$188:$C$201
Name real_estate_lifestage: 'אפשרויות בחירה'!$C$638:$C$646
Name real_estate_loans: 'אפשרויות בחירה'!$C$551:$C$589
Name Real_Estate_Main_Use: 'אפשרויות בחירה'!$C$626:$C$637
Name Recourse_Nonrecourse: 'אפשרויות בחירה'!$C$542:$C$543
Name Repayment_Rights: 'אפשרויות בחירה'!$C$549:$C$550
Name Reset_frequency: 'אפשרויות בחירה'!$C$662:$C$669
Name Security_ID_Number_Type: 'אפשרויות בחירה'!#REF!
Name Security_Number_Loans: 'אפשרויות בחירה'!$C$131
Name Stock_Exchange: 'אפשרויות בחירה'!#REF!
Name Stock_Exchange_Gov_Bonds: 'אפשרויות בחירה'!$C$148:$C$181
Name Subordination_Risk: 'אפשרויות בחירה'!$C$186:$C$187
Name Tradeable_Status: 'אפשרויות בחירה'!#REF!
Name Tradeable_Status_All: 'אפשרויות בחירה'!$C$135:$C$145
Name tradeable_status_bonds: 'אפשרויות בחירה'!#REF!
Name tradeable_status_funds: 'אפשרויות בחירה'!#REF!
Name tradeable_status_stock: 'אפשרויות בחירה'!#REF!
Name Tradeable_Status_v2: 'אפשרויות בחירה'!#REF!
Name tradeable_status_warrants: 'אפשרויות בחירה'!#REF!
Name tradeable_status_warrants_v2: 'אפשרויות בחירה'!#REF!
Name Transaction: 'אפשרויות בחירה'!$C$647:$C$650
Name Type: 'File Name Info'!$A$2:$A$8

Sheet עמוד פתיחה
A1: קובץ דיווח עבור רשימת נכסים ברמת הנכס הבודד (חוזר גופים מוסדיים 2015-9-14)
A3: יש לבחור תחום: | D3: נכסי עמיתים - קופות גמל
A5: האם מדובר בקובץ לממומנה או לציבור: | D5: לציבור
A7: יש לבחור את רבעון הדיווח: | D7: 01
A9: יש לבחור את שנת הדיווח: | D9: 2026
A11: יש לבחור את הגוף המוסדי: | D11: ילין לפידות ניהול קופות גמל בע"מ
A13: ח.פ. הגוף המוסדי: | D13: =IFERROR(VLOOKUP(D11,'File Name Info'!A35:B130,2,0),"תא מחושב") -> 513611509
A15: שם קובץ לשמירה | D15: =IF(D5="לממונה",CONCATENATE(D13, "_",VLOOKUP(D3,Full_Type,2,0),"_",D7,VLOOKUP(D9,Full_Year,2,0),".xlxs"),IF(D5="לציבור",CONCATENATE(D13,"_",VLOOKUP(D3,Full_Type_Nostro,2,0),"_",VLOOKUP(D5,Full_File_Type,2,0),"_",D7,VLOOKUP(D9,Full_Year,2,0),".xlsx"),"שם קובץ לשמירה")) -> 513611509_gm_p_0126.xlsx

Sheet סכום נכסים
C1: ידווח בקבצי נכסי הנוסטרו בלבד
A2: אפיק | B2: שווי הוגן (באלפי ש"ח) | C2: עלות מופחתת (באלפי ש"ח) | D2: השיטה שיושמה בדוח הכספי | E2: שיעור מסך נכסי השקעה
A3: מזומנים ושווי מזומנים | B3: =SUM('מזומנים ושווי מזומנים'!O:O) -> 11871881 | E3: =SUM('מזומנים ושווי מזומנים'!O:O)/B30 -> 0.14498377
A4: איגרות חוב ממשלתיות | B4: =SUM('איגרות חוב ממשלתיות'!U:U) -> 31137460 | E4: =SUM('איגרות חוב ממשלתיות'!U:U)/B30 -> 0.38026212
A5: ניירות ערך מסחריים | B5: =SUM('ניירות ערך מסחריים'!AD:AD) -> 0 | E5: =SUM('ניירות ערך מסחריים'!AD:AD)/B30 -> 0
A6: איגרות חוב | B6: =SUM('איגרות חוב'!AD:AD) -> 11046078 | E6: =SUM('איגרות חוב'!AD:AD)/B30 -> 0.13489876
A7: מניות מבכ ויהש | B7: =SUM('מניות מבכ ויהש'!U:U) -> 17457764 | E7: =SUM('מניות מבכ ויהש'!U:U)/B30 -> 0.21320064
A8: קרנות סל | B8: =SUM('קרנות סל'!T:T) -> 3114399.3 | E8: =SUM('קרנות סל'!T:T)/B30 -> 0.038034189
A9: קרנות נאמנות | B9: =SUM('קרנות נאמנות'!T:T) -> 613073.03 | E9: =SUM('קרנות נאמנות'!T:T)/B30 -> 0.0074870733
A10: כתבי אופציה | B10: =SUM('כתבי אופציה'!W:W) -> 38456.162 | E10: =SUM('כתבי אופציה'!W:W)/B30 -> 0.00046964079
A11: אופציות | B11: =SUM(אופציות!V:V) -> -21594.04 | E11: =SUM(אופציות!V:V)/B30 -> -0.00026371436
A12: חוזים עתידיים | B12: =SUM('חוזים עתידיים'!R:R) -> -113792.53 | E12: =SUM('חוזים עתידיים'!R:R)/B30 -> -0.0013896763
A13: מוצרים מובנים | B13: =SUM('מוצרים מובנים'!Z:Z) -> 417804.53 | E13: =SUM('מוצרים מובנים'!Z:Z)/B30 -> 0.0051023825
A14: לא סחיר איגרות חוב ממשלתיות | B14: =SUM('לא סחיר איגרות חוב ממשלתיות'!U:U) -> 0 | E14: =SUM('לא סחיר איגרות חוב ממשלתיות'!U:U)/B30 -> 0
A15: לא סחיר איגרות חוב מיועדות | B15: =SUM('לא סחיר איגרות חוב מיועדות'!N:N) -> 0 | E15: =SUM('לא סחיר איגרות חוב מיועדות'!N:N)/B30 -> 0
A16: אפיק השקעה מובטח תשואה | B16: =SUM('אפיק השקעה מובטח תשואה'!F:F) -> 0 | E16: =SUM('אפיק השקעה מובטח תשואה'!F:F)/B30 -> 0
A17: לא סחיר ניירות ערך מסחריים | B17: =SUM('לא סחיר ניירות ערך מסחריים'!AI:AI) -> 310050.6 | E17: =SUM('לא סחיר ניירות ערך מסחריים'!AI:AI)/B30 -> 0.0037864519
A18: לא סחיר איגרות חוב | B18: =SUM('לא סחיר איגרות חוב'!AG:AG) -> 950796.19 | E18: =SUM('לא סחיר איגרות חוב'!AG:AG)/B30 -> 0.011611473
A19: לא סחיר מניות מבכ ויהש | B19: =SUM('לא סחיר מניות מבכ ויהש'!X:X) -> 9053.768 | E19: =SUM('לא סחיר מניות מבכ ויהש'!X:X)/B30 -> 0.00011056794
A20: קרנות השקעה | B20: =SUM('קרנות השקעה'!W:W) -> 1286614.3 | E20: =SUM('קרנות השקעה'!W:W)/B30 -> 0.015712608
A21: לא סחיר כתבי אופציה | B21: =SUM('לא סחיר כתבי אופציה'!Z:Z) -> 48720.925 | E21: =SUM('לא סחיר כתבי אופציה'!Z:Z)/B30 -> 0.00059499785
A22: לא סחיר אופציות | B22: =SUM('לא סחיר אופציות'!Z:Z) -> 0 | E22: =SUM('לא סחיר אופציות'!Z:Z)/B30 -> 0
A23: לא סחיר נגזרים אחרים | B23: =SUM('לא סחיר נגזרים אחרים'!R:R) -> -1605516.8 | E23: =SUM('לא סחיר נגזרים אחרים'!R:R)/B30 -> -0.019607161
A24: הלוואות | B24: =SUM(הלוואות!AT:AT) -> 528165.7 | E24: =SUM(הלוואות!AT:AT)/B30 -> 0.0064501538
A25: לא סחיר מוצרים מובנים | B25: =SUM('לא סחיר מוצרים מובנים'!AB:AB) -> 296916.39 | E25: =SUM('לא סחיר מוצרים מובנים'!AB:AB)/B30 -> 0.0036260521
A26: פיקדונות מעל 3 חודשים | B26: =SUM('פיקדונות מעל 3 חודשים'!T:T) -> 4550065.2 | E26: =SUM('פיקדונות מעל 3 חודשים'!T:T)/B30 -> 0.055567069
A27: זכויות מקרקעין | B27: =SUM('זכויות מקרקעין'!S:S) -> 0 | E27: =SUM('זכויות מקרקעין'!S:S)/B30 -> 0
A28: השקעה בחברות מוחזקות | B28: =SUM('השקעה בחברות מוחזקות'!U:U) -> 0 | E28: =SUM('השקעה בחברות מוחזקות'!U:U)/B30 -> 0
A29: נכסים אחרים | B29: =SUM('נכסים אחרים'!N:N) -> -52192.971 | E29: =SUM('נכסים אחרים'!N:N)/B30 -> -0.00063739976
A30: סך הכל נכסים | B30: =IF(SUM(B3:B29)=0,0.0001,SUM(B3:B29)) -> 81884203 | C30: =SUM(C3:C29) -> 0 | D30: =SUM(D3:D29) -> 0 | E30: =SUM(E3:E29) -> 1
A31: מסגרות אשראי
A32: יתרות התחייבות להשקעה | B32: =SUM('יתרות התחייבות להשקעה'!O:O) -> 1271156.7 | E32: 0.015523833

Sheet מזומנים ושווי מזומנים
A1: מספר קופה/קרן/ח.פ. עבור חברת ביטוח | B1: מספר מסלול | C1: שם הבנק | D1: מספר מזהה בנק | E1: סוג מספר מזהה בנק | F1: מאפיין עיקרי | G1: ישראל/חו"ל | H1: בעל עניין/צד קשור | I1: דירוג הבנק | J1: שם מדרג | K1: מטבע פעילות | L1: שווי מטבעי | M1: שער חליפין | N1: שיעור ריבית | O1: שווי הוגן (באלפי ש"ח) | P1: שיעור מנכסי אפיק ההשקעה | Q1: שיעור מסך נכסי ההשקעה
A2: 1035 | B2: 1036 | C2: בנק לאומי לישראל בע"מ | D2: 10-800 | E2: סימול בנק | F2: מזומן ועו"ש נקוב במט"ח | G2: ישראל | H2: לא | I2: AAA | J2: S&P מעלות | K2: USD | L2: 28094.885 | M2: 3.165 | O2: 88920.31 | P2: 0.056436874 | Q2: 0.014247223
A3: 1035 | B3: 1036 | C3: בנק לאומי לישראל בע"מ | D3: 10-800 | E3: סימול בנק | F3: מזומן ועו"ש נקוב במט"ח | G3: ישראל | H3: לא | I3: AAA | J3: S&P מעלות | K3: EUR | L3: 5980.99 | M3: 3.636 | O3: 21746.878 | P3: 0.013802537 | Q3: 0.0034843854
A4: 1035 | B4: 1036 | C4: בנק לאומי לישראל בע"מ | D4: 10-800 | E4: סימול בנק | F4: מזומן ועו"ש נקוב במט"ח | G4: ישראל | H4: לא | I4: AAA | J4: S&P מעלות | K4: GBP | L4: 280.385 | M4: 4.1873 | O4: 1174.055 | P4: 0.00074516183 | Q4: 0.0001881126
A5: 1035 | B5: 1036 | C5: בנק לאומי לישראל בע"מ | D5: 10-800 | E5: סימול בנק | F5: מזומן ועו"ש נקוב במט"ח | G5: ישראל | H5: לא | I5: AAA | J5: S&P מעלות | K5: AUD | L5: 2848.05 | M5: 2.1793 | O5: 6206.756 | P5: 0.0039393689 | Q5: 0.00099447514
A6: 1035 | B6: 1036 | C6: בנק לאומי לישראל בע"מ | D6: 10-800 | E6: סימול בנק | F6: מזומן ועו"ש נקוב במט"ח | G6: ישראל | H6: לא | I6: AAA | J6: S&P מעלות | K6: SGD | L6: 143.927 | M6: 2.4567 | O6: 353.587 | P6: 0.00022441804 | Q6: 5.6653278e-05
A7: 1035 | B7: 1036 | C7: בנק לאומי לישראל בע"מ | D7: 10-800 | E7: סימול בנק | F7: מזומן ועו"ש נקוב במט"ח | G7: ישראל | H7: לא | I7: AAA | J7: S&P מעלות | K7: HKD | L7: 94728.004 | M7: 0.4044 | O7: 38308.005 | P7: 0.024313726 | Q7: 0.0061378856
A8: 1035 | B8: 1036 | C8: בנק לאומי לישראל בע"מ | D8: 10-800 | E8: סימול בנק | F8: פק"מ לתקופה של עד שלושה חודשים | G8: ישראל | H8: לא | I8: AAA | J8: S&P מעלות | K8: ILS | L8: 280324.88 | M8: 1 | O8: 280324.88 | P8: 0.17791953 | Q8: 0.044914948
A9: 1035 | B9: 1036 | C9: בנק לאומי לישראל בע"מ | D9: 10-800 | E9: סימול בנק | F9: פק"מ לתקופה של עד שלושה חודשים | G9: ישראל | H9: לא | I9: AAA | J9: S&P מעלות | K9: ILS | L9: 180000 | M9: 1 | O9: 180000 | P9: 0.11424429 | Q9: 0.028840432
A10: 1035 | B10: 1036 | C10: בנק לאומי לישראל בע"מ | D10: 10-800 | E10: סימול בנק | F10: מזומן ועו"ש בש"ח | G10: ישראל | H10: לא | I10: AAA | J10: S&P מעלות | K10: ILS | L10: 325840.49 | M10: 1 | O10: 325840.49 | P10: 0.20680786 | Q10: 0.05220767
A11: 1035 | B11: 1036 | C11: בנק מזרחי | D11: 20-61 | E11: סימול בנק | F11: מזומן ועו"ש נקוב במט"ח | G11: ישראל | H11: לא | I11: AAA | J11: S&P מעלות | K11: USD | L11: 19585.171 | M11: 3.165 | O11: 61987.065 | P11: 0.0393426 | Q11: 0.0099318541
A12: 1035 | B12: 1036 | C12: בנק מזרחי | D12: 20-61 | E12: סימול בנק | F12: מזומן ועו"ש נקוב במט"ח | G12: ישראל | H12: לא | I12: AAA | J12: S&P מעלות | K12: EUR | L12: 1.991 | M12: 3.636 | O12: 7.238 | P12: 4.5936611e-06 | Q12: 1.1596481e-06
A13: 1035 | B13: 1036 | C13: בנק מזרחי | D13: 20-61 | E13: סימול בנק | F13: מזומן ועו"ש נקוב במט"ח | G13: ישראל | H13: לא | I13: AAA | J13: S&P מעלות | K13: GBP | L13: 0.001 | M13: 4.1873 | O13: 0.004 | P13: 2.5513339e-09 | Q13: 6.4407222e-10
... A454: 11389 | B454: 15715 | C454: בנק דיסקונט לישראל בע"מ | D454: 11-10 | E454: סימול בנק | F454: מזומן ועו"ש בש"ח | G454: ישראל | H454: לא | I454: AAA | J454: S&P מעלות | K454: ILS | L454: 1013.456 | M454: 1 | O454: 1013.456 | P454: 0.045612182 | Q454: 0.014153515

Sheet איגרות חוב ממשלתיות
A1: מספר קופה/קרן/ח.פ. עבור חברת ביטוח | B1: מספר מסלול | C1: שם מנפיק | D1: שם נייר ערך | E1: מספר נייר ערך | F1: מאפיין עיקרי | G1: ישראל/חו"ל | H1: מדינה לפי חשיפה כלכלית | I1: זירת מסחר | J1: דירוג | K1: שם מדרג | L1: מטבע פעילות | M1: מח"מ | N1: מועד פדיון | O1: שיעור ריבית | P1: תשואה לפדיון | Q1: סכום לקבל (במטבע הפעילות) | R1: ערך נקוב (יחידות) | S1: שער חליפין | T1: שער נייר הערך | U1: שווי הוגן (באלפי ש"ח) | V1: עלות מופחתת (באלפי ש"ח) | W1: השיטה שיושמה בדוח הכספי | X1: שיעור מערך נקוב מונפק | Y1: שיעור מנכסי אפיק ההשקעה | Z1: שיעור מסך נכסי ההשקעה
A2: 1035 | B2: 1036 | C2: מדינת ישראל | D2: ממשל קצרה 0526 | E2: IL0012239245 | F2: מק"מ קצר משנים עשר חודשים | G2: ישראל | H2: ישראל | I2: TASE | J2: RF | K2: פנימי | L2: ILS | M2: 0.159 | N2: 31/05/2026 | O2: 0 | P2: 0.04057 | R2: 242693107 | S2: 1 | T2: 99.37 | U2: 241164.14 | W2: שווי הוגן | X2: 0.062469 | Y2: 0.13956696 | Z2: 0.038640433
A3: 1035 | B3: 1036 | C3: מדינת ישראל | D3: מלווה קצר מועד 416 | E3: IL0082604161 | F3: מק"מ קצר משנים עשר חודשים | G3: ישראל | H3: ישראל | I3: TASE | J3: RF | K3: פנימי | L3: ILS | M3: 0.014 | N3: 01/04/2026 | O3: 0 | P3: 0.05245 | Q3: 31243.261 | R3: 0 | S3: 1 | T3: 0 | U3: 31243.261 | W3: שווי הוגן | X3: 0 | Y3: 0.018081158 | Z3: 0.0050059397
A4: 1035 | B4: 1036 | C4: מדינת ישראל | D4: מקמ 516 | E4: IL0082605150 | F4: מק"מ קצר משנים עשר חודשים | G4: ישראל | H4: ישראל | I4: TASE | J4: RF | K4: פנימי | L4: ILS | M4: 0.09 | N4: 06/05/2026 | O4: 0 | P4: 0.0407 | R4: 111532615 | S4: 1 | T4: 99.64 | U4: 111131.1 | W4: שווי הוגן | X4: 0.00328 | Y4: 0.064313995 | Z4: 0.017805938
A5: 1035 | B5: 1036 | C5: מדינת ישראל | D5: מלווה קצר מועד 616 | E5: IL0082606141 | F5: מק"מ קצר משנים עשר חודשים | G5: ישראל | H5: ישראל | I5: TASE | J5: RF | K5: פנימי | L5: ILS | M5: 0.167 | N5: 03/06/2026 | O5: 0 | P5: 0.03979 | R5: 263090764 | S5: 1 | T5: 99.35 | U5: 261380.67 | W5: שווי הוגן | X5: 0.007738 | Y5: 0.15126671 | Z5: 0.04187962
A6: 1035 | B6: 1036 | C6: מדינת ישראל | D6: מקמ 726 | E6: IL0082607214 | F6: מק"מ קצר משנים עשר חודשים | G6: ישראל | H6: ישראל | I6: TASE | J6: RF | K6: פנימי | L6: ILS | M6: 0.263 | N6: 08/07/2026 | O6: 0 | P6: 0.03975 | R6: 123058694 | S6: 1 | T6: 98.98 | U6: 121803.49 | W6: שווי הוגן | X6: 0.003619 | Y6: 0.070490344 | Z6: 0.019515919
A7: 1035 | B7: 1036 | C7: מדינת ישראל | D7: מקמ 816 | E7: IL0082608121 | F7: מק"מ קצר משנים עשר חודשים | G7: ישראל | H7: ישראל | I7: TASE | J7: RF | K7: פנימי | L7: ILS | M7: 0.34 | N7: 06/08/2026 | O7: 0 | P7: 0.03927 | R7: 55807433 | S7: 1 | T7: 98.7 | U7: 55081.936 | W7: שווי הוגן | X7: 0.0031 | Y7: 0.03187712 | Z7: 0.0088254825
A8: 1035 | B8: 1036 | C8: מדינת ישראל | D8: מלווה קצר מועד 916 | E8: IL0082609111 | F8: מק"מ קצר משנים עשר חודשים | G8: ישראל | H8: ישראל | I8: TASE | J8: RF | K8: פנימי | L8: ILS | M8: 0.416 | N8: 02/09/2026 | O8: 0 | P8: 0.03924 | R8: 174976378 | S8: 1 | T8: 98.41 | U8: 172194.25 | W8: שווי הוגן | X8: 0.009721 | Y8: 0.099652577 | Z8: 0.027589759
A9: 1035 | B9: 1036 | C9: מדינת ישראל | D9: מלווה קצר מועד 1016 | E9: IL0082610184 | F9: מק"מ קצר משנים עשר חודשים | G9: ישראל | H9: ישראל | I9: TASE | J9: RF | K9: פנימי | L9: ILS | M9: 0.512 | N9: 07/10/2026 | O9: 0 | P9: 0.03898 | R9: 95735494 | S9: 1 | T9: 98.06 | U9: 93878.225 | W9: שווי הוגן | X9: 0.005319 | Y9: 0.05432938 | Z9: 0.015041603
A10: 1035 | B10: 1036 | C10: מדינת ישראל | D10: מקמ 1216 | E10: IL0082612164 | F10: מק"מ קצר משנים עשר חודשים | G10: ישראל | H10: ישראל | I10: TASE | J10: RF | K10: פנימי | L10: ILS | M10: 0.666 | N10: 02/12/2026 | O10: 0 | P10: 0.03908 | R10: 152144174 | S10: 1 | T10: 97.48 | U10: 148310.14 | W10: שווי הוגן | X10: 0.008452 | Y10: 0.085830319 | Z10: 0.023762936
A11: 1035 | B11: 1036 | C11: מדינת ישראל | D11: מקמ 317 | E11: IL0082703161 | F11: מק"מ קצר משנים עשר חודשים | G11: ישראל | H11: ישראל | I11: TASE | J11: RF | K11: פנימי | L11: ILS | M11: 0.915 | N11: 03/03/2027 | O11: 0 | P11: 0.03841 | R11: 175879936 | S11: 1 | T11: 96.61 | U11: 169917.61 | W11: שווי הוגן | X11: 0.009771 | Y11: 0.098335032 | Z11: 0.027224984
A12: 1035 | B12: 1036 | C12: מדינת ישראל | D12: מלווה קצר מועד 616 | E12: IL0082606141 | F12: מק"מ קצר משנים עשר חודשים | G12: ישראל | H12: ישראל | I12: TASE | J12: RF | K12: פנימי | L12: ILS | M12: 0.167 | N12: 03/06/2026 | O12: 0 | P12: 0.03979 | R12: 3000000 | S12: 1 | T12: 99.35 | U12: 2980.5 | W12: שווי הוגן | X12: 8.8e-05 | Y12: 0.0017248805 | Z12: 0.00047754949
A13: 1035 | B13: 1036 | C13: מדינת ישראל | D13: מקמ 726 | E13: IL0082607214 | F13: מק"מ קצר משנים עשר חודשים | G13: ישראל | H13: ישראל | I13: TASE | J13: RF | K13: פנימי | L13: ILS | M13: 0.263 | N13: 08/07/2026 | O13: 0 | P13: 0.03975 | R13: 3000000 | S13: 1 | T13: 98.98 | U13: 2969.4 | W13: שווי הוגן | X13: 8.8e-05 | Y13: 0.0017184567 | Z13: 0.000475771
A14: 1035 | B14: 1036 | C14: מדינת ישראל | D14: מלווה קצר מועד 916 | E14: IL0082609111 | F14: מק"מ קצר משנים עשר חודשים | G14: ישראל | H14: ישראל | I14: TASE | J14: RF | K14: פנימי | L14: ILS | M14: 0.416 | N14: 02/09/2026 | O14: 0 | P14: 0.03924 | R14: 6000000 | S14: 1 | T14: 98.41 | U14: 5904.6 | W14: שווי הוגן | X14: 0.000333 | Y14: 0.003417121 | Z14: 0.00094606231
A15: 1035 | B15: 1036 | C15: מדינת ישראל | D15: מלווה קצר מועד 1016 | E15: IL0082610184 | F15: מק"מ קצר משנים עשר חודשים | G15: ישראל | H15: ישראל | I15: TASE | J15: RF | K15: פנימי | L15: ILS | M15: 0.512 | N15: 07/10/2026 | O15: 0 | P15: 0.03898 | R15: 3000000 | S15: 1 | T15: 98.06 | U15: 2941.8 | W15: שווי הוגן | X15: 0.000167 | Y15: 0.0017024839 | Z15: 0.0004713488
... A20: 1035 | B20: 1036 | C20: Federal Republic Of Germany | D20: OBL 0 10/09/26 | E20: DE0001141844 | F20: נקוב במט"ח | G20: חו"ל | H20: גרמניה | I20: FOREIGN_GOV_SEC | J20: Aaa | K20: Moodys | L20: EUR | M20: 0.679 | N20: 09/10/2026 | O20: 0 | P20: 0.01999 | R20: 5197000 | S20: 3.636 | T20: 98.796 | U20: 18668.686 | W20: שווי הוגן | X20: 0.000217 | Y20: 0.010803977 | Z20: 0.0029911832
A21: 1035 | B21: 1036 | C21: US Govt | D21: TREASURY BILL 07/09/26 | E21: US912797RF64 | F21: נקוב במט"ח | G21: חו"ל | H21: ארה"ב | I21: FOREIGN_GOV_SEC | J21: Aa1 | K21: Moodys | L21: USD | M21: 0.180 | N21: 07/09/2026 | O21: 0 | P21: 0.03669 | R21: 10952000 | S21: 3.165 | T21: 99.01 | U21: 34319.881 | W21: שווי הוגן | X21: 8.2e-05 | Y21: 0.019861665 | Z21: 0.00549889
A22: 1035 | B22: 1036 | C22: US Govt | D22: B 0 05/19/26 | E22: US912797TS67 | F22: נקוב במט"ח | G22: חו"ל | H22: ארה"ב | I22: FOREIGN_GOV_SEC | J22: Aa1 | K22: Moodys | L22: USD | M22: 0.293 | N22: 19/05/2026 | O22: 0 | P22: 0.03663 | R22: 1400000 | S22: 3.165 | T22: 99.517 | U22: 4409.581 | W22: שווי הוגן | X22: 2e-05 | Y22: 0.0025519206 | Z22: 0.00070652338
A23: 1035 | B23: 1036 | C23: US Govt | D23: B 002/06/26 | E23: US912797TU14 | F23: נקוב במט"ח | G23: חו"ל | H23: ארה"ב | I23: FOREIGN_GOV_SEC | J23: Aa1 | K23: Moodys | L23: USD | M23: 0.078 | N23: 02/06/2026 | O23: 0 | P23: 0.03666 | R23: 5549000 | S23: 3.165 | T23: 99.379 | U23: 17453.539 | W23: שווי הוגן | X23: 0 | Y23: 0.010100744 | Z23: 0.0027964867
A24: 1035 | B24: 1036 | C24: US Govt | D24: T 1 1/8 02/28/27 | E24: US912828ZB95 | F24: נקוב במט"ח | G24: חו"ל | H24: ארה"ב | I24: FOREIGN_GOV_SEC | J24: Aa1 | K24: Moodys | L24: USD | M24: 0.818 | N24: 28/02/2027 | O24: 0.01125 | P24: 0.03754 | R24: 35684000 | S24: 3.165 | T24: 97.774 | U24: 110425.42 | W24: שווי הוגן | X24: 0 | Y24: 0.063905604 | Z24: 0.017692871
A25: 1035 | B25: 1037 | C25: מדינת ישראל | D25: ממשלתי שקלית 0142 | E25: IL0011254005 | F25: לא צמוד למדד המחירים לצרכן ריבית קבועה | G25: ישראל | H25: ישראל | I25: TASE | J25: RF | K25: פנימי | L25: ILS | M25: 11.221 | N25: 31/01/2042 | O25: 0.055 | P25: 0.04255 | R25: 8415565 | S25: 1 | T25: 115.07 | U25: 9683.791 | W25: שווי הוגן | X25: 0.000242 | Y25: 0.045896222 | Z25: 0.021604126
A26: 1035 | B26: 1037 | C26: מדינת ישראל | D26: ממשל שקלית 0327 | E26: IL0011393449 | F26: לא צמוד למדד המחירים לצרכן ריבית קבועה | G26: ישראל | H26: ישראל | I26: TASE | J26: RF | K26: פנימי | L26: ILS | M26: 0.992 | N26: 31/03/2027 | O26: 0.02 | P26: 0.03785 | R26: 12484191 | S26: 1 | T26: 98.31 | U26: 12273.208 | W26: שווי הוגן | X26: 0.000442 | Y26: 0.058168738 | Z26: 0.027381007
A27: 1035 | B27: 1037 | C27: מדינת ישראל | D27: ממשל שקלית 0347 | E27: IL0011401937 | F27: לא צמוד למדד המחירים לצרכן ריבית קבועה | G27: ישראל | H27: ישראל | I27: TASE | J27: RF | K27: פנימי | L27: ILS | M27: 14.563 | N27: 31/03/2047 | O27: 0.0375 | P27: 0.04414 | R27: 1211820 | S27: 1 | T27: 91.06 | U27: 1103.483 | W27: שווי הוגן | X27: 4.5e-05 | Y27: 0.0052299472 | Z27: 0.0024618244
A28: 1035 | B28: 1037 | C28: מדינת ישראל | D28: ממשל צמודה 0527 | E28: IL0011408478 | F28: צמוד למדד המחירים לצרכן בריבית קבועה | G28: ישראל | H28: ישראל | I28: TASE | J28: RF | K28: פנימי | L28: ILS | M28: 1.151 | N28: 31/05/2027 | O28: 0.0075 | P28: 0.01069 | R28: 2295052 | S28: 1 | T28: 119.45 | U28: 2741.44 | W28: שווי הוגן | X28: 9.4e-05 | Y28: 0.012993024 | Z28: 0.0061160355
A29: 1035 | B29: 1037 | C29: מדינת ישראל | D29: ממשלתית משתנה 05/26 0.0866% | E29: IL0011417958 | F29: לא צמוד למדד המחירים לצרכן ריבית משתנה | G29: ישראל | H29: ישראל | I29: TASE | J29: RF | K29: פנימי | L29: ILS | M29: 0.159 | N29: 31/05/2026 | O29: 0.0432 | P29: 0.04113 | R29: 1019801 | S29: 1 | T29: 100.24 | U29: 1022.249 | W29: שווי הוגן | X29: 7e-05 | Y29: 0.0048449359 | Z29: 0.0022805931
A30: 1035 | B30: 1037 | C30: מדינת ישראל | D30: ממשל שיקלית 0928 | E30: IL0011508798 | F30: לא צמוד למדד המחירים לצרכן ריבית קבועה | G30: ישראל | H30: ישראל | I30: TASE | J30: RF | K30: פנימי | L30: ILS | M30: 2.423 | N30: 28/09/2028 | O30: 0.0225 | P30: 0.03924 | R30: 901409 | S30: 1 | T30: 97.23 | U30: 876.44 | W30: שווי הוגן | X30: 2.6e-05 | Y30: 0.0041538778 | Z30: 0.0019553004
A31: 1035 | B31: 1037 | C31: מדינת ישראל | D31: ממשלתית צמודה 0.5% 0529 | E31: IL0011570236 | F31: צמוד למדד המחירים לצרכן בריבית קבועה | G31: ישראל | H31: ישראל | I31: TASE | J31: RF | K31: פנימי | L31: ILS | M31: 3.131 | N31: 31/05/2029 | O31: 0.005 | P31: 0.01828 | R31: 5239456 | S31: 1 | T31: 113.68 | U31: 5956.214 | W31: שווי הוגן | X31: 0.000174 | Y31: 0.02822941 | Z31: 0.01328806
A32: 1035 | B32: 1037 | C32: מדינת ישראל | D32: ממשלתית שקלית 1.00% 03/30 | E32: IL0011609851 | F32: לא צמוד למדד המחירים לצרכן ריבית קבועה | G32: ישראל | H32: ישראל | I32: TASE | J32: RF | K32: פנימי | L32: ILS | M32: 3.931 | N32: 31/03/2030 | O32: 0.01 | P32: 0.03921 | R32: 313588 | S32: 1 | T32: 89.4 | U32: 280.348 | W32: שווי הוגן | X32: 8e-06 | Y32: 0.0013287048 | Z32: 0.00062544377
A33: 1035 | B33: 1037 | C33: מדינת ישראל | D33: ממשלתית שקלית 0537 | E33: IL0011661803 | F33: לא צמוד למדד המחירים לצרכן ריבית קבועה | G33: ישראל | H33: ישראל | I33: TASE | J33: RF | K33: פנימי | L33: ILS | M33: 10.056 | N33: 31/05/2037 | O33: 0.015 | P33: 0.04165 | R33: 12530034 | S33: 1 | T33: 77.84 | U33: 9753.378 | W33: שווי הוגן | X33: 0.000299 | Y33: 0.046226032 | Z33: 0.021759374
A34: 1035 | B34: 1037 | C34: מדינת ישראל | D34: ממשלתי משתנה 1130 | E34: IL0011665523 | F34: לא צמוד למדד המחירים לצרכן ריבית משתנה | G34: ישראל | H34: ישראל | I34: TASE | J34: RF | K34: פנימי | L34: ILS | M34: 4.275 | N34: 29/11/2030 | O34: 0.0432 | P34: 0.04234 | R34: 703467 | S34: 1 | T34: 98.85 | U34: 695.377 | W34: שווי הוגן | X34: 1.9e-05 | Y34: 0.0032957324 | Z34: 0.0015513569
A35: 1035 | B35: 1037 | C35: מדינת ישראל | D35: ממשלתית צמודה 0726 | E35: IL0011695645 | F35: צמוד למדד המחירים לצרכן בריבית קבועה | G35: ישראל | H35: ישראל | I35: TASE | J35: RF | K35: פנימי | L35: ILS | M35: 0.326 | N35: 31/07/2026 | O35: 0.001 | P35: -0.00438 | R35: 8019375 | S35: 1 | T35: 118.24 | U35: 9482.109 | W35: שווי הוגן | X35: 0.000455 | Y35: 0.044940354 | Z35: 0.021154183
A36: 1035 | B36: 1037 | C36: מדינת ישראל | D36: ממשל צמודה 1131 | E36: IL0011722209 | F36: צמוד למדד המחירים לצרכן בריבית קבועה | G36: ישראל | H36: ישראל | I36: TASE | J36: RF | K36: פנימי | L36: ILS | M36: 5.647 | N36: 30/11/2031 | O36: 0.001 | P36: 0.01936 | R36: 3368540 | S36: 1 | T36: 106.48 | U36: 3586.821 | W36: שווי הוגן | X36: 9.8e-05 | Y36: 0.016999701 | Z36: 0.0080020464
... A158: 1035 | B158: 9939 | C158: US Govt | D158: TSY INFL IX N/B .75 022045 | E158: US912810RL44 | F158: נקוב במט"ח | G158: חו"ל | H158: ארה"ב | I158: FOREIGN_GOV_SEC | J158: Aa1 | K158: Moodys | L158: USD | M158: 17.411 | N158: 15/02/2045 | O158: 0.0075 | P158: 0.02552 | R158: 910000 | S158: 3.165 | T158: 97.666 | U158: 2812.921 | W158: שווי הוגן | X158: 4e-05 | Y158: 0.0015947305 | Z158: 0.00069876412
A159: 1035 | B159: 9939 | C159: US Govt | D159: TREASURY BILL 07/09/26 | E159: US912797RF64 | F159: נקוב במט"ח | G159: חו"ל | H159: ארה"ב | I159: FOREIGN_GOV_SEC | J159: Aa1 | K159: Moodys | L159: USD | M159: 0.180 | N159: 07/09/2026 | O159: 0 | P159: 0.03669 | R159: 6171000 | S159: 3.165 | T159: 99.01 | U159: 19337.836 | W159: שווי הוגן | X159: 4.6e-05 | Y159: 0.010963208 | Z159: 0.004803756
A160: 1035 | B160: 9939 | C160: מדינת ישראל | D160: ISRAEL 5 01/13/36 | E160: US46515CJZ86 | F160: נקוב במט"ח | G160: חו"ל | H160: ישראל | I160: אחר | J160: Baa1 | K160: Moodys | L160: USD | M160: 7.92 | N160: 13/01/2036 | O160: 0.05 | P160: 0.05219 | R160: 1018000 | S160: 3.165 | T160: 97.405 | U160: 3138.35 | W160: שווי הוגן | X160: 0.000509 | Y160: 0.0017792261 | Z160: 0.00077960469
A161: 1035 | B161: 9939 | C161: מדינת ישראל | D161: ISRAEL 5 7/8 01/13/56 | E161: US46515CKR42 | F161: נקוב במט"ח | G161: חו"ל | H161: ישראל | I161: אחר | J161: Baa1 | K161: Moodys | L161: USD | M161: 13.808 | N161: 13/01/2056 | O161: 0.05875 | P161: 0.06031 | R161: 473000 | S161: 3.165 | T161: 95.781 | U161: 1433.885 | W161: שווי הוגן | X161: 0.00027 | Y161: 0.0008129128 | Z161: 0.00035619455
A162: 1035 | B162: 9939 | C162: מדינת ישראל | D162: ISRAEL 4 1/2 13/01/2031 | E162: US46515CJY12 | F162: נקוב במט"ח | G162: חו"ל | H162: ישראל | I162: אחר | J162: Baa1 | K162: Moodys | L162: USD | M162: 4.479 | N162: 13/01/2031 | O162: 0.045 | P162: 0.04635 | R162: 26000 | S162: 3.165 | T162: 98.901 | U162: 81.385 | W162: שווי הוגן | X162: 1.2e-05 | Y162: 4.613985e-05 | Z162: 2.0217129e-05
A163: 1035 | B163: 9939 | C163: US Govt | D163: B 0 05/19/26 | E163: US912797TS67 | F163: נקוב במט"ח | G163: חו"ל | H163: ארה"ב | I163: FOREIGN_GOV_SEC | J163: Aa1 | K163: Moodys | L163: USD | M163: 0.293 | N163: 19/05/2026 | O163: 0 | P163: 0.03663 | R163: 820000 | S163: 3.165 | T163: 99.517 | U163: 2582.754 | W163: שווי הוגן | X163: 1.2e-05 | Y163: 0.001464242 | Z163: 0.00064158789
A164: 1035 | B164: 9939 | C164: US Govt | D164: B 002/06/26 | E164: US912797TU14 | F164: נקוב במט"ח | G164: חו"ל | H164: ארה"ב | I164: FOREIGN_GOV_SEC | J164: Aa1 | K164: Moodys | L164: USD | M164: 0.078 | N164: 02/06/2026 | O164: 0 | P164: 0.03666 | R164: 6419000 | S164: 3.165 | T164: 99.379 | U164: 20189.992 | W164: שווי הוגן | X164: 0 | Y164: 0.011446321 | Z164: 0.005015442
A165: 1035 | B165: 9939 | C165: US Govt | D165: T 1 1/8 02/28/27 | E165: US912828ZB95 | F165: נקוב במט"ח | G165: חו"ל | H165: ארה"ב | I165: FOREIGN_GOV_SEC | J165: Aa1 | K165: Moodys | L165: USD | M165: 0.818 | N165: 28/02/2027 | O165: 0.01125 | P165: 0.03754 | R165: 10580000 | S165: 3.165 | T165: 97.774 | U165: 32740.19 | W165: שווי הוגן | X165: 0 | Y165: 0.01856141 | Z165: 0.0081330653
A166: 1035 | B166: 9939 | C166: US Govt | D166: T 2 1/4 08/15/46 | E166: US912810RT79 | F166: נקוב במט"ח | G166: חו"ל | H166: ארה"ב | I166: FOREIGN_GOV_SEC | J166: Aa1 | K166: Moodys | L166: USD | M166: 15.161 | N166: 15/08/2046 | O166: 0.0225 | P166: 0.04929 | R166: 7580000 | S166: 3.165 | T166: 65.481 | U166: 15709.358 | W166: שווי הוגן | X166: 0.000187 | Y166: 0.0089061129 | Z166: 0.0039023975
A167: 1035 | B167: 9940 | C167: מדינת ישראל | D167: ממשלתי שקלית 0142 | E167: IL0011254005 | F167: לא צמוד למדד המחירים לצרכן ריבית קבועה | G167: ישראל | H167: ישראל | I167: TASE | J167: RF | K167: פנימי | L167: ILS | M167: 11.221 | N167: 31/01/2042 | O167: 0.055 | P167: 0.04255 | R167: 140986201 | S167: 1 | T167: 115.07 | U167: 162232.82 | W167: שווי הוגן | X167: 0.004053 | Y167: 0.030934406 | Z167: 0.012606169
A168: 1035 | B168: 9940 | C168: מדינת ישראל | D168: ממשל שקלית 0327 | E168: IL0011393449 | F168: לא צמוד למדד המחירים לצרכן ריבית קבועה | G168: ישראל | H168: ישראל | I168: TASE | J168: RF | K168: פנימי | L168: ILS | M168: 0.992 | N168: 31/03/2027 | O168: 0.02 | P168: 0.03785 | R168: 67261900 | S168: 1 | T168: 98.31 | U168: 66125.174 | W168: שווי הוגן | X168: 0.002383 | Y168: 0.012608688 | Z168: 0.0051382027
A169: 1035 | B169: 9940 | C169: מדינת ישראל | D169: ממשל שקלית 0347 | E169: IL0011401937 | F169: לא צמוד למדד המחירים לצרכן ריבית קבועה | G169: ישראל | H169: ישראל | I169: TASE | J169: RF | K169: פנימי | L169: ILS | M169: 14.563 | N169: 31/03/2047 | O169: 0.0375 | P169: 0.04414 | R169: 47898153 | S169: 1 | T169: 91.06 | U169: 43616.058 | W169: שווי הוגן | X169: 0.001767 | Y169: 0.0083166702 | Z169: 0.0033891502
A170: 1035 | B170: 9940 | C170: מדינת ישראל | D170: ממשל צמודה 0527 | E170: IL0011408478 | F170: צמוד למדד המחירים לצרכן בריבית קבועה | G170: ישראל | H170: ישראל | I170: TASE | J170: RF | K170: פנימי | L170: ILS | M170: 1.151 | N170: 31/05/2027 | O170: 0.0075 | P170: 0.01069 | R170: 157195176 | S170: 1 | T170: 119.45 | U170: 187769.64 | W170: שווי הוגן | X170: 0.006454 | Y170: 0.035803743 | Z170: 0.014590487
A171: 1035 | B171: 9940 | C171: מדינת ישראל | D171: ממשלתית משתנה 05/26 0.0866% | E171: IL0011417958 | F171: לא צמוד למדד המחירים לצרכן ריבית משתנה | G171: ישראל | H171: ישראל | I171: TASE | J171: RF | K171: פנימי | L171: ILS | M171: 0.159 | N171: 31/05/2026 | O171: 0.0432 | P171: 0.04113 | R171: 56110881 | S171: 1 | T171: 100.24 | U171: 56245.547 | W171: שווי הוגן | X171: 0.003846 | Y171: 0.01072485 | Z171: 0.0043705144
A172: 1035 | B172: 9940 | C172: מדינת ישראל | D172: ממשל שיקלית 0928 | E172: IL0011508798 | F172: לא צמוד למדד המחירים לצרכן ריבית קבועה | G172: ישראל | H172: ישראל | I172: TASE | J172: RF | K172: פנימי | L172: ILS | M172: 2.423 | N172: 28/09/2028 | O172: 0.0225 | P172: 0.03924 | R172: 59352917 | S172: 1 | T172: 97.23 | U172: 57708.841 | W172: שווי הוגן | X172: 0.001709 | Y172: 0.011003869 | Z172: 0.0044842184
A173: 1035 | B173: 9940 | C173: מדינת ישראל | D173: ממשלתית צמודה 0.5% 0529 | E173: IL0011570236 | F173: צמוד למדד המחירים לצרכן בריבית קבועה | G173: ישראל | H173: ישראל | I173: TASE | J173: RF | K173: פנימי | L173: ILS | M173: 3.131 | N173: 31/05/2029 | O173: 0.005 | P173: 0.01828 | R173: 104818078 | S173: 1 | T173: 113.68 | U173: 119157.19 | W173: שווי הוגן | X173: 0.003483 | Y173: 0.022720785 | Z173: 0.0092590123
A174: 1035 | B174: 9940 | C174: מדינת ישראל | D174: ממשלתית שקלית 1.00% 03/30 | E174: IL0011609851 | F174: לא צמוד למדד המחירים לצרכן ריבית קבועה | G174: ישראל | H174: ישראל | I174: TASE | J174: RF | K174: פנימי | L174: ILS | M174: 3.931 | N174: 31/03/2030 | O174: 0.01 | P174: 0.03921 | R174: 54956614 | S174: 1 | T174: 89.4 | U174: 49131.213 | W174: שווי הוגן | X174: 0.001456 | Y174: 0.0093682949 | Z174: 0.0038177008
A175: 1035 | B175: 9940 | C175: מדינת ישראל | D175: ממשלתית שקלית 0537 | E175: IL0011661803 | F175: לא צמוד למדד המחירים לצרכן ריבית קבועה | G175: ישראל | H175: ישראל | I175: TASE | J175: RF | K175: פנימי | L175: ILS | M175: 10.056 | N175: 31/05/2037 | O175: 0.015 | P175: 0.04165 | R175: 147883003 | S175: 1 | T175: 77.84 | U175: 115112.13 | W175: שווי הוגן | X175: 0.003529 | Y175: 0.021949476 | Z175: 0.0089446941
A176: 1035 | B176: 9940 | C176: מדינת ישראל | D176: ממשלתי משתנה 1130 | E176: IL0011665523 | F176: לא צמוד למדד המחירים לצרכן ריבית משתנה | G176: ישראל | H176: ישראל | I176: TASE | J176: RF | K176: פנימי | L176: ILS | M176: 4.275 | N176: 29/11/2030 | O176: 0.0432 | P176: 0.04234 | R176: 8126730 | S176: 1 | T176: 98.85 | U176: 8033.273 | W176: שווי הוגן | X176: 0.000222 | Y176: 0.0015317771 | Z176: 0.0006242189
A177: 1035 | B177: 9940 | C177: מדינת ישראל | D177: ממשלתית צמודה 0726 | E177: IL0011695645 | F177: צמוד למדד המחירים לצרכן בריבית קבועה | G177: ישראל | H177: ישראל | I177: TASE | J177: RF | K177: פנימי | L177: ILS | M177: 0.326 | N177: 31/07/2026 | O177: 0.001 | P177: -0.00438 | R177: 131044059 | S177: 1 | T177: 118.24 | U177: 154946.49 | W177: שווי הוגן | X177: 0.007431 | Y177: 0.029545056 | Z177: 0.012039991
... A222: 1035 | B222: 9940 | C222: US Govt | D222: TSY INFL IX N/B .75 022045 | E222: US912810RL44 | F222: נקוב במט"ח | G222: חו"ל | H222: ארה"ב | I222: FOREIGN_GOV_SEC | J222: Aa1 | K222: Moodys | L222: USD | M222: 17.411 | N222: 15/02/2045 | O222: 0.0075 | P222: 0.02552 | R222: 6790000 | S222: 3.165 | T222: 97.666 | U222: 20988.718 | W222: שווי הוגן | X222: 0.000296 | Y222: 0.0040021097 | Z222: 0.0016309112
A223: 1035 | B223: 9940 | C223: US Govt | D223: TREASURY BILL 07/09/26 | E223: US912797RF64 | F223: נקוב במט"ח | G223: חו"ל | H223: ארה"ב | I223: FOREIGN_GOV_SEC | J223: Aa1 | K223: Moodys | L223: USD | M223: 0.180 | N223: 07/09/2026 | O223: 0 | P223: 0.03669 | R223: 23294000 | S223: 3.165 | T223: 99.01 | U223: 72995.554 | W223: שווי הוגן | X223: 0.000174 | Y223: 0.013918726 | Z223: 0.00567206
A224: 1035 | B224: 9940 | C224: מדינת ישראל | D224: ISRAEL 5 01/13/36 | E224: US46515CJZ86 | F224: נקוב במט"ח | G224: חו"ל | H224: ישראל | I224: אחר | J224: Baa1 | K224: Moodys | L224: USD | M224: 7.92 | N224: 13/01/2036 | O224: 0.05 | P224: 0.05219 | R224: 1320000 | S224: 3.165 | T224: 97.405 | U224: 4069.373 | W224: שווי הוגן | X224: 0.00066 | Y224: 0.00077594439 | Z224: 0.00031620734
A225: 1035 | B225: 9940 | C225: מדינת ישראל | D225: ISRAEL 5 7/8 01/13/56 | E225: US46515CKR42 | F225: נקוב במט"ח | G225: חו"ל | H225: ישראל | I225: אחר | J225: Baa1 | K225: Moodys | L225: USD | M225: 13.808 | N225: 13/01/2056 | O225: 0.05875 | P225: 0.06031 | R225: 640000 | S225: 3.165 | T225: 95.781 | U225: 1940.14 | W225: שווי הוגן | X225: 0.000366 | Y225: 0.0003699441 | Z225: 0.00015075699
A226: 1035 | B226: 9940 | C226: מדינת ישראל | D226: ISRAEL 4 1/2 13/01/2031 | E226: US46515CJY12 | F226: נקוב במט"ח | G226: חו"ל | H226: ישראל | I226: אחר | J226: Baa1 | K226: Moodys | L226: USD | M226: 4.479 | N226: 13/01/2031 | O226: 0.045 | P226: 0.04635 | R226: 35000 | S226: 3.165 | T226: 98.901 | U226: 109.557 | W226: שווי הוגן | X226: 1.6e-05 | Y226: 2.0890277e-05 | Z226: 8.5130568e-06
A227: 1035 | B227: 9940 | C227: US Govt | D227: B 0 05/19/26 | E227: US912797TS67 | F227: נקוב במט"ח | G227: חו"ל | H227: ארה"ב | I227: FOREIGN_GOV_SEC | J227: Aa1 | K227: Moodys | L227: USD | M227: 0.293 | N227: 19/05/2026 | O227: 0 | P227: 0.03663 | R227: 2460000 | S227: 3.165 | T227: 99.517 | U227: 7748.263 | W227: שווי הוגן | X227: 3.6e-05 | Y227: 0.0014774317 | Z227: 0.00060207245
A228: 1035 | B228: 9940 | C228: US Govt | D228: B 002/06/26 | E228: US912797TU14 | F228: נקוב במט"ח | G228: חו"ל | H228: ארה"ב | I228: FOREIGN_GOV_SEC | J228: Aa1 | K228: Moodys | L228: USD | M228: 0.078 | N228: 02/06/2026 | O228: 0 | P228: 0.03666 | R228: 15635000 | S228: 3.165 | T228: 99.379 | U228: 49177.524 | W228: שווי הוגן | X228: 0 | Y228: 0.0093771254 | Z228: 0.0038212994
A229: 1035 | B229: 9940 | C229: US Govt | D229: T 1 1/8 02/28/27 | E229: US912828ZB95 | F229: נקוב במט"ח | G229: חו"ל | H229: ארה"ב | I229: FOREIGN_GOV_SEC | J229: Aa1 | K229: Moodys | L229: USD | M229: 0.818 | N229: 28/02/2027 | O229: 0.01125 | P229: 0.03754 | R229: 2821000 | S229: 3.165 | T229: 97.774 | U229: 8729.686 | W229: שווי הוגן | X229: 0 | Y229: 0.0016645686 | Z229: 0.00067833312
A230: 1035 | B230: 9940 | C230: US Govt | D230: T 2 1/4 08/15/46 | E230: US912810RT79 | F230: נקוב במט"ח | G230: חו"ל | H230: ארה"ב | I230: FOREIGN_GOV_SEC | J230: Aa1 | K230: Moodys | L230: USD | M230: 15.161 | N230: 15/08/2046 | O230: 0.0225 | P230: 0.04929 | R230: 10612000 | S230: 3.165 | T230: 65.481 | U230: 21993.101 | W230: שווי הוגן | X230: 0.000262 | Y230: 0.0041936245 | Z230: 0.001708956
A231: 1035 | B231: 9941 | C231: מדינת ישראל | D231: ממשלתי שקלית 0142 | E231: IL0011254005 | F231: לא צמוד למדד המחירים לצרכן ריבית קבועה | G231: ישראל | H231: ישראל | I231: TASE | J231: RF | K231: פנימי | L231: ILS | M231: 11.221 | N231: 31/01/2042 | O231: 0.055 | P231: 0.04255 | R231: 123324008 | S231: 1 | T231: 115.07 | U231: 141908.94 | W231: שווי הוגן | X231: 0.003546 | Y231: 0.040733417 | Z231: 0.019547651
A232: 1035 | B232: 9941 | C232: מדינת ישראל | D232: ממשל שקלית 0327 | E232: IL0011393449 | F232: לא צמוד למדד המחירים לצרכן ריבית קבועה | G232: ישראל | H232: ישראל | I232: TASE | J232: RF | K232: פנימי | L232: ILS | M232: 0.992 | N232: 31/03/2027 | O232: 0.02 | P232: 0.03785 | R232: 83783727 | S232: 1 | T232: 98.31 | U232: 82367.782 | W232: שווי הוגן | X232: 0.002968 | Y232: 0.023642776 | Z232: 0.011345985
A233: 1035 | B233: 9941 | C233: מדינת ישראל | D233: ממשל שקלית 0347 | E233: IL0011401937 | F233: לא צמוד למדד המחירים לצרכן ריבית קבועה | G233: ישראל | H233: ישראל | I233: TASE | J233: RF | K233: פנימי | L233: ILS | M233: 14.563 | N233: 31/03/2047 | O233: 0.0375 | P233: 0.04414 | R233: 37343196 | S233: 1 | T233: 91.06 | U233: 34004.714 | W233: שווי הוגן | X233: 0.001378 | Y233: 0.0097606834 | Z233: 0.0046840762
A234: 1035 | B234: 9941 | C234: מדינת ישראל | D234: ממשל צמודה 0527 | E234: IL0011408478 | F234: צמוד למדד המחירים לצרכן בריבית קבועה | G234: ישראל | H234: ישראל | I234: TASE | J234: RF | K234: פנימי | L234: ILS | M234: 1.151 | N234: 31/05/2027 | O234: 0.0075 | P234: 0.01069 | R234: 112769973 | S234: 1 | T234: 119.45 | U234: 134703.73 | W234: שווי הוגן | X234: 0.00463 | Y234: 0.038665242 | Z234: 0.018555149
A235: 1035 | B235: 9941 | C235: מדינת ישראל | D235: ממשלתית משתנה 05/26 0.0866% | E235: IL0011417958 | F235: לא צמוד למדד המחירים לצרכן ריבית משתנה | G235: ישראל | H235: ישראל | I235: TASE | J235: RF | K235: פנימי | L235: ILS | M235: 0.159 | N235: 31/05/2026 | O235: 0.0432 | P235: 0.04113 | R235: 40150073 | S235: 1 | T235: 100.24 | U235: 40246.433 | W235: שווי הוגן | X235: 0.002752 | Y235: 0.011552301 | Z235: 0.0055438596
A236: 1035 | B236: 9941 | C236: מדינת ישראל | D236: ממשל שיקלית 0928 | E236: IL0011508798 | F236: לא צמוד למדד המחירים לצרכן ריבית קבועה | G236: ישראל | H236: ישראל | I236: TASE | J236: RF | K236: פנימי | L236: ILS | M236: 2.423 | N236: 28/09/2028 | O236: 0.0225 | P236: 0.03924 | R236: 57914837 | S236: 1 | T236: 97.23 | U236: 56310.596 | W236: שווי הוגן | X236: 0.001668 | Y236: 0.016163344 | Z236: 0.0077566634
A237: 1035 | B237: 9941 | C237: מדינת ישראל | D237: ממשלתית צמודה 0.5% 0529 | E237: IL0011570236 | F237: צמוד למדד המחירים לצרכן בריבית קבועה | G237: ישראל | H237: ישראל | I237: TASE | J237: RF | K237: פנימי | L237: ILS | M237: 3.131 | N237: 31/05/2029 | O237: 0.005 | P237: 0.01828 | R237: 136779288 | S237: 1 | T237: 113.68 | U237: 155490.7 | W237: שווי הוגן | X237: 0.004544 | Y237: 0.044631913 | Z237: 0.021418509
A238: 1035 | B238: 9941 | C238: מדינת ישראל | D238: ממשלתית שקלית 1.00% 03/30 | E238: IL0011609851 | F238: לא צמוד למדד המחירים לצרכן ריבית קבועה | G238: ישראל | H238: ישראל | I238: TASE | J238: RF | K238: פנימי | L238: ILS | M238: 3.931 | N238: 31/03/2030 | O238: 0.01 | P238: 0.03921 | R238: 83289767 | S238: 1 | T238: 89.4 | U238: 74461.052 | W238: שווי הוגן | X238: 0.002206 | Y238: 0.021373235 | Z238: 0.01025685
A239: 1035 | B239: 9941 | C239: מדינת ישראל | D239: ממשלתית שקלית 0537 | E239: IL0011661803 | F239: לא צמוד למדד המחירים לצרכן ריבית קבועה | G239: ישראל | H239: ישראל | I239: TASE | J239: RF | K239: פנימי | L239: ILS | M239: 10.056 | N239: 31/05/2037 | O239: 0.015 | P239: 0.04165 | R239: 217647499 | S239: 1 | T239: 77.84 | U239: 169416.81 | W239: שווי הוגן | X239: 0.005194 | Y239: 0.048629254 | Z239: 0.023336801
A240: 1035 | B240: 9941 | C240: מדינת ישראל | D240: ממשלתי משתנה 1130 | E240: IL0011665523 | F240: לא צמוד למדד המחירים לצרכן ריבית משתנה | G240: ישראל | H240: ישראל | I240: TASE | J240: RF | K240: פנימי | L240: ILS | M240: 4.275 | N240: 29/11/2030 | O240: 0.0432 | P240: 0.04234 | R240: 7793400 | S240: 1 | T240: 98.85 | U240: 7703.776 | W240: שווי הוגן | X240: 0.000213 | Y240: 0.0022112851 | Z240: 0.0010611786
A241: 1035 | B241: 9941 | C241: מדינת ישראל | D241: ממשלתית צמודה 0726 | E241: IL0011695645 | F241: צמוד למדד המחירים לצרכן בריבית קבועה | G241: ישראל | H241: ישראל | I241: TASE | J241: RF | K241: פנימי | L241: ILS | M241: 0.326 | N241: 31/07/2026 | O241: 0.001 | P241: -0.00438 | R241: 128423727 | S241: 1 | T241: 118.24 | U241: 151848.21 | W241: שווי הוגן | X241: 0.007282 | Y241: 0.043586379 | Z241: 0.020916765
... A285: 1035 | B285: 9941 | C285: US Govt | D285: TSY INFL IX N/B .75 022045 | E285: US912810RL44 | F285: נקוב במט"ח | G285: חו"ל | H285: ארה"ב | I285: FOREIGN_GOV_SEC | J285: Aa1 | K285: Moodys | L285: USD | M285: 17.411 | N285: 15/02/2045 | O285: 0.0075 | P285: 0.02552 | R285: 2760000 | S285: 3.165 | T285: 97.666 | U285: 8531.497 | W285: שווי הוגן | X285: 0.00012 | Y285: 0.0024488733 | Z285: 0.0011751953
A286: 1035 | B286: 9941 | C286: US Govt | D286: TREASURY BILL 07/09/26 | E286: US912797RF64 | F286: נקוב במט"ח | G286: חו"ל | H286: ארה"ב | I286: FOREIGN_GOV_SEC | J286: Aa1 | K286: Moodys | L286: USD | M286: 0.180 | N286: 07/09/2026 | O286: 0 | P286: 0.03669 | R286: 2800000 | S286: 3.165 | T286: 99.01 | U286: 8774.257 | W286: שווי הוגן | X286: 2.1e-05 | Y286: 0.0025185551 | Z286: 0.0012086351
A287: 1035 | B287: 9941 | C287: מדינת ישראל | D287: ISRAEL 5 01/13/36 | E287: US46515CJZ86 | F287: נקוב במט"ח | G287: חו"ל | H287: ישראל | I287: אחר | J287: Baa1 | K287: Moodys | L287: USD | M287: 7.92 | N287: 13/01/2036 | O287: 0.05 | P287: 0.05219 | R287: 1711000 | S287: 3.165 | T287: 97.405 | U287: 5274.771 | W287: שווי הוגן | X287: 0.000856 | Y287: 0.0015140657 | Z287: 0.00072658836
A288: 1035 | B288: 9941 | C288: מדינת ישראל | D288: ISRAEL 5 7/8 01/13/56 | E288: US46515CKR42 | F288: נקוב במט"ח | G288: חו"ל | H288: ישראל | I288: אחר | J288: Baa1 | K288: Moodys | L288: USD | M288: 13.808 | N288: 13/01/2056 | O288: 0.05875 | P288: 0.06031 | R288: 112000 | S288: 3.165 | T288: 95.781 | U288: 339.524 | W288: שווי הוגן | X288: 6.4e-05 | Y288: 9.7456809e-05 | Z288: 4.6768766e-05
A289: 1035 | B289: 9941 | C289: מדינת ישראל | D289: ISRAEL 4 1/2 13/01/2031 | E289: US46515CJY12 | F289: נקוב במט"ח | G289: חו"ל | H289: ישראל | I289: אחר | J289: Baa1 | K289: Moodys | L289: USD | M289: 4.479 | N289: 13/01/2031 | O289: 0.045 | P289: 0.04635 | R289: 50000 | S289: 3.165 | T289: 98.901 | U289: 156.51 | W289: שווי הוגן | X289: 2.2e-05 | Y289: 4.4924596e-05 | Z289: 2.1558965e-05
A290: 1035 | B290: 9941 | C290: US Govt | D290: B 0 05/19/26 | E290: US912797TS67 | F290: נקוב במט"ח | G290: חו"ל | H290: ארה"ב | I290: FOREIGN_GOV_SEC | J290: Aa1 | K290: Moodys | L290: USD | M290: 0.293 | N290: 19/05/2026 | O290: 0 | P290: 0.03663 | R290: 1170000 | S290: 3.165 | T290: 99.517 | U290: 3685.149 | W290: שווי הוגן | X290: 1.7e-05 | Y290: 0.0010577821 | Z290: 0.00050762141
A291: 1035 | B291: 9941 | C291: US Govt | D291: B 002/06/26 | E291: US912797TU14 | F291: נקוב במט"ח | G291: חו"ל | H291: ארה"ב | I291: FOREIGN_GOV_SEC | J291: Aa1 | K291: Moodys | L291: USD | M291: 0.078 | N291: 02/06/2026 | O291: 0 | P291: 0.03666 | R291: 3624000 | S291: 3.165 | T291: 99.379 | U291: 11398.743 | W291: שווי הוגן | X291: 0 | Y291: 0.0032718852 | Z291: 0.0015701523
A292: 1035 | B292: 9941 | C292: US Govt | D292: T 1 1/8 02/28/27 | E292: US912828ZB95 | F292: נקוב במט"ח | G292: חו"ל | H292: ארה"ב | I292: FOREIGN_GOV_SEC | J292: Aa1 | K292: Moodys | L292: USD | M292: 0.818 | N292: 28/02/2027 | O292: 0.01125 | P292: 0.03754 | R292: 886000 | S292: 3.165 | T292: 97.774 | U292: 2741.759 | W292: שווי הוגן | X292: 0 | Y292: 0.00078699206 | Z292: 0.00037767138
A293: 1035 | B293: 14292 | C293: מדינת ישראל | D293: ממשלתי שקלית 0142 | E293: IL0011254005 | F293: לא צמוד למדד המחירים לצרכן ריבית קבועה | G293: ישראל | H293: ישראל | I293: TASE | J293: RF | K293: פנימי | L293: ILS | M293: 11.221 | N293: 31/01/2042 | O293: 0.055 | P293: 0.04255 | R293: 10703268 | S293: 1 | T293: 115.07 | U293: 12316.25 | W293: שווי הוגן | X293: 0.000308 | Y293: 0.079425191 | Z293: 0.016932307
A294: 1035 | B294: 14292 | C294: מדינת ישראל | D294: ממשל שקלית 0327 | E294: IL0011393449 | F294: לא צמוד למדד המחירים לצרכן ריבית קבועה | G294: ישראל | H294: ישראל | I294: TASE | J294: RF | K294: פנימי | L294: ILS | M294: 0.992 | N294: 31/03/2027 | O294: 0.02 | P294: 0.03785 | R294: 3690471 | S294: 1 | T294: 98.31 | U294: 3628.102 | W294: שווי הוגן | X294: 0.000131 | Y294: 0.02339695 | Z294: 0.0049878929
A295: 1035 | B295: 14292 | C295: מדינת ישראל | D295: ממשל שקלית 0347 | E295: IL0011401937 | F295: לא צמוד למדד המחירים לצרכן ריבית קבועה | G295: ישראל | H295: ישראל | I295: TASE | J295: RF | K295: פנימי | L295: ILS | M295: 14.563 | N295: 31/03/2047 | O295: 0.0375 | P295: 0.04414 | R295: 1232259 | S295: 1 | T295: 91.06 | U295: 1122.095 | W295: שווי הוגן | X295: 4.5e-05 | Y295: 0.0072361806 | Z295: 0.0015426495
A296: 1035 | B296: 14292 | C296: מדינת ישראל | D296: ממשל צמודה 0527 | E296: IL0011408478 | F296: צמוד למדד המחירים לצרכן בריבית קבועה | G296: ישראל | H296: ישראל | I296: TASE | J296: RF | K296: פנימי | L296: ILS | M296: 1.151 | N296: 31/05/2027 | O296: 0.0075 | P296: 0.01069 | R296: 1846857 | S296: 1 | T296: 119.45 | U296: 2206.071 | W296: שווי הוגן | X296: 7.6e-05 | Y296: 0.014226536 | Z296: 0.0030328928
A297: 1035 | B297: 14292 | C297: מדינת ישראל | D297: ממשלתית משתנה 05/26 0.0866% | E297: IL0011417958 | F297: לא צמוד למדד המחירים לצרכן ריבית משתנה | G297: ישראל | H297: ישראל | I297: TASE | J297: RF | K297: פנימי | L297: ILS | M297: 0.159 | N297: 31/05/2026 | O297: 0.0432 | P297: 0.04113 | R297: 9788 | S297: 1 | T297: 100.24 | U297: 9.811 | W297: שווי הוגן | X297: 1e-06 | Y297: 6.3272467e-05 | Z297: 1.3488779e-05
A298: 1035 | B298: 14292 | C298: מדינת ישראל | D298: ממשל שיקלית 0928 | E298: IL0011508798 | F298: לא צמוד למדד המחירים לצרכן ריבית קבועה | G298: ישראל | H298: ישראל | I298: TASE | J298: RF | K298: פנימי | L298: ILS | M298: 2.423 | N298: 28/09/2028 | O298: 0.0225 | P298: 0.03924 | R298: 1294096 | S298: 1 | T298: 97.23 | U298: 1258.25 | W298: שווי הוגן | X298: 3.7e-05 | Y298: 0.0081142154 | Z298: 0.0017298339
A299: 1035 | B299: 14292 | C299: מדינת ישראל | D299: ממשלתית שקלית 1.00% 03/30 | E299: IL0011609851 | F299: לא צמוד למדד המחירים לצרכן ריבית קבועה | G299: ישראל | H299: ישראל | I299: TASE | J299: RF | K299: פנימי | L299: ILS | M299: 3.931 | N299: 31/03/2030 | O299: 0.01 | P299: 0.03921 | R299: 518465 | S299: 1 | T299: 89.4 | U299: 463.508 | W299: שווי הוגן | X299: 1.4e-05 | Y299: 0.0029890743 | Z299: 0.00063722762
A300: 1035 | B300: 14292 | C300: מדינת ישראל | D300: ממשלתית שקלית 0537 | E300: IL0011661803 | F300: לא צמוד למדד המחירים לצרכן ריבית קבועה | G300: ישראל | H300: ישראל | I300: TASE | J300: RF | K300: פנימי | L300: ILS | M300: 10.056 | N300: 31/05/2037 | O300: 0.015 | P300: 0.04165 | R300: 7003757 | S300: 1 | T300: 77.84 | U300: 5451.724 | W300: שווי הוגן | X300: 0.000167 | Y300: 0.035157149 | Z300: 0.0074949981
A301: 1035 | B301: 14292 | C301: מדינת ישראל | D301: ממשלתית צמודה 0726 | E301: IL0011695645 | F301: צמוד למדד המחירים לצרכן בריבית קבועה | G301: ישראל | H301: ישראל | I301: TASE | J301: RF | K301: פנימי | L301: ILS | M301: 0.326 | N301: 31/07/2026 | O301: 0.001 | P301: -0.00438 | R301: 16555553 | S301: 1 | T301: 118.24 | U301: 19575.286 | W301: שווי הוגן | X301: 0.000939 | Y301: 0.12623735 | Z301: 0.026911986
A302: 1035 | B302: 14292 | C302: מדינת ישראל | D302: ממשלתית שקלית 1.3% 04/32 | E302: IL0011806606 | F302: לא צמוד למדד המחירים לצרכן ריבית קבועה | G302: ישראל | H302: ישראל | I302: TASE | J302: RF | K302: פנימי | L302: ILS | M302: 5.785 | N302: 30/04/2032 | O302: 0.013 | P302: 0.03965 | R302: 5839136 | S302: 1 | T302: 87.05 | U302: 5082.968 | W302: שווי הוגן | X302: 0.000142 | Y302: 0.032779107 | Z302: 0.0069880338
A303: 1035 | B303: 14292 | C303: מדינת ישראל | D303: ממשל שקלית 11/52 2.8% | E303: IL0011840761 | F303: לא צמוד למדד המחירים לצרכן ריבית קבועה | G303: ישראל | H303: ישראל | I303: TASE | J303: RF | K303: פנימי | L303: ILS | M303: 17.444 | N303: 29/11/2052 | O303: 0.028 | P303: 0.04572 | R303: 5979175 | S303: 1 | T303: 73.94 | U303: 4421.002 | W303: שווי הוגן | X303: 0.000177 | Y303: 0.028510213 | Z303: 0.006077967
A304: 1035 | B304: 14292 | C304: מדינת ישראל | D304: ממשל שקלית 0229 | E304: IL0011948028 | F304: לא צמוד למדד המחירים לצרכן ריבית קבועה | G304: ישראל | H304: ישראל | I304: TASE | J304: RF | K304: פנימי | L304: ILS | M304: 2.802 | N304: 28/02/2029 | O304: 0.0375 | P304: 0.03936 | R304: 197350 | S304: 1 | T304: 99.85 | U304: 197.054 | W304: שווי הוגן | X304: 6e-06 | Y304: 0.0012707641 | Z304: 0.00027090862
... A316: 1035 | B316: 14292 | C316: מדינת ישראל | D316: ממשל צמודה0837 | E316: IL0011408478 | F316: צמוד למדד המחירים לצרכן בריבית קבועה | G316: ישראל | H316: ישראל | I316: TASE | J316: RF | K316: פנימי | L316: ILS | M316: 10.361 | N316: 31/08/2037 | O316: 0.01855 | P316: 0.0219 | R316: 1432498 | S316: 1 | T316: 96.9 | U316: 1388.091 | W316: שווי הוגן | X316: 0.000566 | Y316: 0.0089515358 | Z316: 0.0019083386
A317: 1035 | B317: 14292 | C317: מדינת ישראל | D317: מלווה קצר מועד 416 | E317: IL0082604161 | F317: מק"מ קצר משנים עשר חודשים | G317: ישראל | H317: ישראל | I317: TASE | J317: RF | K317: פנימי | L317: ILS | M317: 0.014 | N317: 01/04/2026 | O317: 0 | P317: 0.05245 | Q317: 2445.757 | R317: 0 | S317: 1 | T317: 0 | U317: 2445.757 | W317: שווי הוגן | X317: 0 | Y317: 0.015772228 | Z317: 0.0033624121
A318: 1035 | B318: 14292 | C318: מדינת ישראל | D318: מקמ 516 | E318: IL0082605150 | F318: מק"מ קצר משנים עשר חודשים | G318: ישראל | H318: ישראל | I318: TASE | J318: RF | K318: פנימי | L318: ILS | M318: 0.09 | N318: 06/05/2026 | O318: 0 | P318: 0.0407 | R318: 980450 | S318: 1 | T318: 99.64 | U318: 976.92 | W318: שווי הוגן | X318: 2.9e-05 | Y318: 0.0062999764 | Z318: 0.0013430643
A319: 1035 | B319: 14292 | C319: מדינת ישראל | D319: מלווה קצר מועד 616 | E319: IL0082606141 | F319: מק"מ קצר משנים עשר חודשים | G319: ישראל | H319: ישראל | I319: TASE | J319: RF | K319: פנימי | L319: ILS | M319: 0.167 | N319: 03/06/2026 | O319: 0 | P319: 0.03979 | R319: 2646727 | S319: 1 | T319: 99.35 | U319: 2629.523 | W319: שווי הוגן | X319: 7.8e-05 | Y319: 0.016957303 | Z319: 0.0036150528
A320: 1035 | B320: 14292 | C320: מדינת ישראל | D320: מקמ 726 | E320: IL0082607214 | F320: מק"מ קצר משנים עשר חודשים | G320: ישראל | H320: ישראל | I320: TASE | J320: RF | K320: פנימי | L320: ILS | M320: 0.263 | N320: 08/07/2026 | O320: 0 | P320: 0.03975 | R320: 1827206 | S320: 1 | T320: 98.98 | U320: 1808.568 | W320: שווי הוגן | X320: 5.4e-05 | Y320: 0.011663119 | Z320: 0.0024864091
A321: 1035 | B321: 14292 | C321: מדינת ישראל | D321: מלווה קצר מועד 916 | E321: IL0082609111 | F321: מק"מ קצר משנים עשר חודשים | G321: ישראל | H321: ישראל | I321: TASE | J321: RF | K321: פנימי | L321: ILS | M321: 0.416 | N321: 02/09/2026 | O321: 0 | P321: 0.03924 | R321: 1136544 | S321: 1 | T321: 98.41 | U321: 1118.473 | W321: שווי הוגן | X321: 6.3e-05 | Y321: 0.0072128224 | Z321: 0.0015376699
A322: 1035 | B322: 14292 | C322: מדינת ישראל | D322: מלווה קצר מועד 1016 | E322: IL0082610184 | F322: מק"מ קצר משנים עשר חודשים | G322: ישראל | H322: ישראל | I322: TASE | J322: RF | K322: פנימי | L322: ILS | M322: 0.512 | N322: 07/10/2026 | O322: 0 | P322: 0.03898 | R322: 1700408 | S322: 1 | T322: 98.06 | U322: 1667.42 | W322: שווי הוגן | X322: 9.4e-05 | Y322: 0.01075288 | Z322: 0.0022923591
A323: 1035 | B323: 14292 | C323: מדינת ישראל | D323: מקמ 1216 | E323: IL0082612164 | F323: מק"מ קצר משנים עשר חודשים | G323: ישראל | H323: ישראל | I323: TASE | J323: RF | K323: פנימי | L323: ILS | M323: 0.666 | N323: 02/12/2026 | O323: 0 | P323: 0.03908 | R323: 10344789 | S323: 1 | T323: 97.48 | U323: 10084.1 | W323: שווי הוגן | X323: 0.000575 | Y323: 0.065030473 | Z323: 0.013863561
...

Sheet ניירות ערך מסחריים
A1: מספר קופה/קרן/ח.פ. עבור חברת ביטוח | B1: מספר מסלול | C1: שם מנפיק | D1: מספר מנפיק | E1: סוג מספר מזהה מנפיק | F1: שם נייר ערך | G1: מספר נייר ערך | H1: סוג מספר נייר ערך | I1: מאפיין עיקרי | J1: ישראל/חו"ל | K1: מדינה לפי חשיפה כלכלית | L1: זירת מסחר | M1: ענף מסחר | N1: בעל עניין/צד קשור | O1: דירוג | P1: שם מדרג | Q1: דירוג נייר הערך/המנפיק | R1: מטבע פעילות | S1: מח"מ | T1: ריבית עוגן | U1: מועד פדיון | V1: שיעור ריבית | W1: תשואה לפדיון | X1: נחיתות חוזית | Y1: האם סווג כחוב בעייתי | Z1: ערך נקוב (יחידות) | AA1: שער חליפין | AB1: שער נייר הערך | AC1: סכום לקבל (במטבע הפעילות) | AD1: שווי הוגן (באלפי ש"ח) | AE1: עלות מופחתת (באלפי ש"ח) | AF1: עלות מופחתת (במטבע הפעילות) | AG1: השיטה שיושמה בדוח הכספי | AH1: שיעור מערך נקוב מונפק | AI1: שיעור מנכסי אפיק ההשקעה | AJ1: שיעור מסך נכסי ההשקעה

Sheet איגרות חוב
A1: מספר קופה/קרן/ח.פ. עבור חברת ביטוח | B1: מספר מסלול | C1: שם מנפיק | D1: מספר מנפיק | E1: סוג מספר מזהה מנפיק | F1: שם נייר ערך | G1: מספר נייר ערך | H1: סוג מספר נייר ערך | I1: מאפיין עיקרי | J1: ישראל/חו"ל | K1: מדינה לפי חשיפה כלכלית | L1: סטאטוס סחירות | M1: זירת מסחר | N1: ענף מסחר | O1: בעל עניין/צד קשור | P1: דירוג | Q1: שם מדרג | R1: דירוג נייר הערך/המנפיק | S1: מטבע פעילות | T1: מח"מ | U1: מועד פדיון | V1: שיעור ריבית | W1: תשואה לפדיון | X1: נחיתות חוזית | Y1: האם סווג כחוב בעייתי | Z1: ערך נקוב (יחידות) | AA1: שער חליפין | AB1: שער נייר הערך | AC1: סכום לקבל (במטבע הפעילות) | AD1: שווי הוגן (באלפי ש"ח) | AE1: עלות מופחתת (באלפי ש"ח) | AF1: עלות מופחתת (במטבע הפעילות) | AG1: השיטה שיושמה בדוח הכספי | AH1: שיעור מערך נקוב מונפק | AI1: שיעור מנכסי אפיק ההשקעה | AJ1: שיעור מסך נכסי ההשקעה
A2: 1035 | B2: 1036 | C2: פלאזה סנטרס | D2: 33248324 | E2: מספר תאגיד או שותפות בחו"ל | F2: פלאזה סנטרס אגח א | G2: IL0011094955 | H2: ISIN | I2: צמוד למדד המחירים לצרכן | J2: ישראל | K2: ישראל | L2: סחיר | M2: TASE | N2: בנייה | O2: לא | P2: NR | Q2: NR | R2: NR | S2: ILS | T2: NA | U2: 01/07/2026 | V2: 0.06 | W2: 0.0001 | X2: החוב לא נחות | Z2: 1498817.5 | AA2: 1 | AB2: 7.53 | AD2: 112.861 | AG2: שווי הוגן | AH2: 0.012728 | AI2: 0.0016659228 | AJ2: 1.8083105e-05
A3: 1035 | B3: 1036 | C3: פלאזה סנטרס | D3: 33248324 | E3: מספר תאגיד או שותפות בחו"ל | F3: פלאזה סנטרס אגח ב | G3: IL0011095036 | H3: ISIN | I3: צמוד למדד המחירים לצרכן | J3: ישראל | K3: ישראל | L3: סחיר | M3: TASE | N3: בנייה | O3: לא | P3: NR | Q3: NR | R3: NR | S3: ILS | T3: NA | U3: 01/07/2026 | V3: 0.069 | W3: 0.0001 | X3: החוב לא נחות | Z3: 421512.41 | AA3: 1 | AB3: 7 | AD3: 29.506 | AG3: שווי הוגן | AH3: 0.00244 | AI3: 0.00043553147 | AJ3: 4.7275667e-06
A4: 1035 | B4: 1036 | C4: קרדן אן.וי. | D4: 1239114 | E4: מספר תאגיד או שותפות בחו"ל | F4: קרדן אן וי אגח ב ( שימור | G4: IL0011130346 | H4: ISIN | I4: צמוד למדד המחירים לצרכן | J4: ישראל | K4: ישראל | L4: סחיר | M4: TASE | N4: השקעה ואחזקות | O4: לא | P4: NR | Q4: NR | R4: NR | S4: ILS | T4: NA | U4: 31/12/2026 | V4: 0.068 | W4: 0 | X4: החוב לא נחות | Z4: 31656.14 | AA4: 1 | AB4: 27.5 | AD4: 8.705 | AG4: שווי הוגן | AH4: 7e-05 | AI4: 0.0001284996 | AJ4: 1.3948256e-06
A5: 1035 | B5: 1036 | C5: פריים אנרג'י פי.אי בע"מ | D5: 514902147 | E5: ח.פ. | F5: פריים אנרג'י אגח ב | G5: IL0011846628 | H5: ISIN | I5: צמוד למדד המחירים לצרכן | J5: ישראל | K5: ישראל | L5: סחיר | M5: TASE | N5: אנרגיה מתחדשת | O5: לא | P5: NR | Q5: NR | R5: NR | S5: ILS | T5: 1.34 | U5: 30/06/2028 | V5: 0.04 | W5: 0.03302 | X5: החוב לא נחות | Z5: 64346.18 | AA5: 1 | AB5: 117.02 | AD5: 75.298 | AG5: שווי הוגן | AH5: 0.000991 | AI5: 0.0011114604 | AJ5: 1.2064578e-05
A6: 1035 | B6: 1036 | C6: מפעלים פטרוכימיים בישראל בע"מ | D6: 520029315 | E6: ח.פ. | F6: פטרוכימים אגח י | G6: IL0011902975 | H6: ISIN | I6: לא צמוד למדד המחירים לצרכן | J6: ישראל | K6: ישראל | L6: סחיר | M6: TASE | N6: אנרגיה | O6: לא | P6: NR | Q6: NR | R6: NR | S6: ILS | T6: 1.329 | U6: 01/08/2027 | V6: 0.1054 | W6: -0.03586 | X6: החוב לא נחות | Z6: 1336235 | AA6: 1 | AB6: 158.97 | AD6: 2124.213 | AG6: שווי הוגן | AH6: 0.008946 | AI6: 0.03135517 | AJ6: 0.00034035119
A7: 1035 | B7: 1036 | C7: כלל החזקות עסקי ביטוח בע"מ | D7: 520036120 | E7: ח.פ. | F7: כלל ביטוח אג ב | G7: IL0011934994 | H7: ISIN | I7: אג"ח להמרה לא צמוד למדד המחירים לצרכן | J7: ישראל | K7: ישראל | L7: סחיר | M7: TASE | N7: ביטוח | O7: לא | P7: AA- | Q7: S&P מעלות | R7: נייר ערך | S7: ILS | T7: 1.89 | U7: 28/02/2028 | V7: 0.028 | W7: 0 | X7: החוב לא נחות | Z7: 1710223 | AA7: 1 | AB7: 266 | AD7: 4549.193 | AG7: שווי הוגן | AH7: 0.018862 | AI7: 0.067149922 | AJ7: 0.00072889276
A8: 1035 | B8: 1036 | C8: איסתא בע"מ | D8: 520042763 | E8: ח.פ. | F8: איסתא אגח א להמרה | G8: IL0011971285 | H8: ISIN | I8: אג"ח להמרה לא צמוד למדד המחירים לצרכן | J8: ישראל | K8: ישראל | L8: סחיר | M8: TASE | N8: מלונאות ותיירות | O8: לא | P8: NR | Q8: NR | R8: NR | S8: ILS | T8: 2.137 | U8: 30/06/2028 | V8: 0.0485 | W8: -0.00773 | X8: החוב לא נחות | Z8: 2150995 | AA8: 1 | AB8: 114 | AD8: 2452.134 | AG8: שווי הוגן | AH8: 0.00717 | AI8: 0.036195567 | AJ8: 0.00039289229
A9: 1035 | B9: 1036 | C9: ג'י סיטי בע"מ | D9: 520033234 | E9: ח.פ. | F9: ג'י סיטי אג יז | G9: IL0011981425 | H9: ISIN | I9: אג"ח להמרה לא צמוד למדד המחירים לצרכן | J9: ישראל | K9: גלובלי | L9: סחיר | M9: TASE | N9: נדל"ן מניב בחו"ל | O9: לא | P9: A- | Q9: S&P מעלות | R9: נייר ערך | S9: ILS | T9: 2.939 | U9: 01/07/2029 | V9: 0.055 | W9: 0.06383 | X9: החוב לא נחות | Z9: 8787348.9 | AA9: 1 | AB9: 101.6 | AD9: 8927.946 | AG9: שווי הוגן | AH9: 0.017021 | AI9: 0.13178401 | AJ9: 0.0014304769
A10: 1035 | B10: 1036 | C10: סולאיר אנרגיות מתחדשות בע"מ | D10: 516046307 | E10: ח.פ. | F10: סולאיר ב | G10: IL0012148321 | H10: ISIN | I10: צמוד למדד המחירים לצרכן | J10: ישראל | K10: ישראל | L10: סחיר | M10: TASE | N10: אנרגיה מתחדשת | O10: לא | P10: NR | Q10: NR | R10: NR | S10: ILS | T10: 3.337 | U10: 30/06/2030 | V10: 0.049 | W10: 0.03788 | X10: החוב לא נחות | Z10: 303546 | AA10: 1 | AB10: 107.48 | AD10: 326.251 | AG10: שווי הוגן | AH10: 0.00046 | AI10: 0.0048157431 | AJ10: 5.2273482e-05
A11: 1035 | B11: 1036 | C11: ג'נריישן קפיטל בע"מ | D11: 515846558 | E11: ח.פ. | F11: ג'נרישן קפ אגחד | G11: IL0012149642 | H11: ISIN | I11: אג"ח להמרה לא צמוד למדד המחירים לצרכן | J11: ישראל | K11: ישראל | L11: סחיר | M11: TASE | N11: השקעה ואחזקות | O11: לא | P11: A+ | Q11: S&P מעלות | R11: נייר ערך | S11: ILS | T11: 3.236 | U11: 31/12/2029 | V11: 0.04 | W11: 0 | X11: החוב לא נחות | Z11: 10796905 | AA11: 1 | AB11: 300 | AD11: 32390.715 | AG11: שווי הוגן | AH11: 0.089506 | AI11: 0.47811423 | AJ11: 0.0051897901
A12: 1035 | B12: 1036 | C12: אנלייט אנרגיה מתחדשת בע"מ | D12: 520041146 | E12: ח.פ. | F12: אנלייט אג ח | G12: IL0012181306 | H12: ISIN | I12: אג"ח להמרה לא צמוד למדד המחירים לצרכן | J12: ישראל | K12: ישראל | L12: סחיר | M12: TASE | N12: אנרגיה מתחדשת | O12: לא | P12: A | Q12: S&P מעלות | R12: נייר ערך | S12: ILS | T12: 5.756 | U12: 01/09/2033 | V12: 0.04 | W12: -0.13002 | X12: החוב לא נחות | Z12: 2275000 | AA12: 1 | AB12: 270 | AD12: 6142.5 | AG12: שווי הוגן | AH12: 0.005742 | AI12: 0.090668473 | AJ12: 0.00098417975
A13: 1035 | B13: 1036 | C13: הפניקס אחזקות בע"מ | D13: 520017450 | E13: ח.פ. | F13: הפניקס 7 | G13: IL0012346321 | H13: ISIN | I13: אג"ח להמרה לא צמוד למדד המחירים לצרכן | J13: ישראל | K13: ישראל | L13: סחיר | M13: TASE | N13: ביטוח | O13: לא | P13: AA | Q13: S&P מעלות | R13: נייר ערך | S13: ILS | T13: 2.187 | U13: 30/06/2028 | V13: 0.025 | W13: 0.00409 | X13: החוב לא נחות | Z13: 1755290 | AA13: 1 | AB13: 105.2 | AD13: 1846.565 | AG13: שווי הוגן | AH13: 0.004441 | AI13: 0.027256856 | AJ13: 0.00029586519
A14: 1035 | B14: 1036 | C14: מטריקס אי.טי בע"מ | D14: 520039413 | E14: ח.פ. | F14: מטריקס 2 0.5% 01.02.31 | G14: IL0012359696 | H14: ISIN | I14: אג"ח להמרה לא צמוד למדד המחירים לצרכן | J14: ישראל | K14: ישראל | L14: סחיר | M14: TASE | N14: שרותי מידע | O14: לא | P14: Aa2 | Q14: מידרוג Moodys | R14: נייר ערך | S14: ILS | T14: 4.779 | U14: 01/02/2031 | V14: 0.005 | W14: 0.02637 | X14: החוב לא נחות | Z14: 1148780 | AA14: 1 | AB14: 90.5 | AD14: 1039.646 | AG14: שווי הוגן | AH14: 0.003868 | AI14: 0.015346049 | AJ14: 0.00016657687
A15: 1035 | B15: 1036 | C15: אלומה קרן תשתיות (2020) בע"מ | D15: 516214871 | E15: ח.פ. | F15: אלומה אג 1 | G15: IL0012385188 | H15: ISIN | I15: אג"ח להמרה לא צמוד למדד המחירים לצרכן | J15: ישראל | K15: ישראל | L15: סחיר | M15: TASE | N15: השקעה ואחזקות | O15: לא | P15: NR | Q15: NR | R15: NR | S15: ILS | T15: 4.406 | U15: 30/06/2031 | V15: 0.046 | W15: 0.04661 | X15: החוב לא נחות | Z15: 1172000 | AA15: 1 | AB15: 100 | AD15: 1172 | AG15: שווי הוגן | AH15: 0.006168 | AI15: 0.017299707 | AJ15: 0.00018778326
A16: 1035 | B16: 1036 | C16: אנלייט אנרגיה מתחדשת בע"מ | D16: 520041146 | E16: ח.פ. | F16: אנלייט אנרגיה אגח ג | G16: IL0072002491 | H16: ISIN | I16: אג"ח להמרה לא צמוד למדד המחירים לצרכן | J16: ישראל | K16: ארה"ב | L16: סחיר | M16: TASE | N16: אנרגיה מתחדשת | O16: לא | P16: A | Q16: S&P מעלות | R16: נייר ערך | S16: ILS | T16: 2.398 | U16: 01/09/2028 | V16: 0.0075 | W16: -0.01757 | X16: החוב לא נחות | Z16: 407081 | AA16: 1 | AB16: 106.3 | AD16: 432.727 | AG16: שווי הוגן | AH16: 0.000766 | AI16: 0.0063874164 | AJ16: 6.9333537e-05
... A18: 1035 | B18: 1036 | C18: אורמת טכנולגיות אינק | D18: 5493000TSHHWY24VHM09 | E18: LEI | F18: 03/15/31 ֻ ORA 1 | G18: US686688AD42 | H18: ISIN | I18: צמוד למט"ח | J18: חו"ל | K18: ארה"ב | L18: סחיר | M18: אחר | N18: Electric Utilities | O18: לא | P18: NR | Q18: NR | R18: NR | S18: USD | T18: 0 | U18: 15/03/2031 | V18: 0.015 | W18: 0 | X18: החוב לא נחות | Z18: 1827000 | AA18: 3.165 | AB18: 104.062 | AD18: 6017.346 | AG18: שווי הוגן | AH18: 0.00252 | AI18: 0.088821087 | AJ18: 0.00096412692
A19: 1035 | B19: 1037 | C19: פלאזה סנטרס | D19: 33248324 | E19: מספר תאגיד או שותפות בחו"ל | F19: פלאזה סנטרס אגח ב | G19: IL0011095036 | H19: ISIN | I19: צמוד למדד המחירים לצרכן | J19: ישראל | K19: ישראל | L19: סחיר | M19: TASE | N19: בנייה | O19: לא | P19: NR | Q19: NR | R19: NR | S19: ILS | T19: NA | U19: 01/07/2026 | V19: 0.069 | W19: 0.0001 | X19: החוב לא נחות | Z19: 184081.07 | AA19: 1 | AB19: 7 | AD19: 12.886 | AG19: שווי הוגן | AH19: 0.001066 | AI19: 9.8172124e-05 | AJ19: 2.8747394e-05
A20: 1035 | B20: 1037 | C20: קרדן אן.וי. | D20: 1239114 | E20: מספר תאגיד או שותפות בחו"ל | F20: קרדן אן וי אגח ב ( שימור | G20: IL0011130346 | H20: ISIN | I20: צמוד למדד המחירים לצרכן | J20: ישראל | K20: ישראל | L20: סחיר | M20: TASE | N20: השקעה ואחזקות | O20: לא | P20: NR | Q20: NR | R20: NR | S20: ILS | T20: NA | U20: 31/12/2026 | V20: 0.068 | W20: 0 | X20: החוב לא נחות | Z20: 261489.44 | AA20: 1 | AB20: 27.5 | AD20: 71.91 | AG20: שווי הוגן | AH20: 0.000576 | AI20: 0.00054785782 | AJ20: 0.00016042726
A21: 1035 | B21: 1037 | C21: התעשיה האוירית לישראל בע"מ | D21: 520027194 | E21: ח.פ. | F21: תעשיה אוירית אגח ד | G21: IL0011331316 | H21: ISIN | I21: לא צמוד למדד המחירים לצרכן | J21: ישראל | K21: ישראל | L21: סחיר | M21: TASE | N21: ביטחוניות | O21: לא | P21: AAA | Q21: S&P מעלות | R21: נייר ערך | S21: ILS | T21: 0.651 | U21: 01/12/2026 | V21: 0.0495 | W21: 0.04241 | X21: החוב לא נחות | Z21: 36135.53 | AA21: 1 | AB21: 102.15 | AD21: 36.912 | AG21: שווי הוגן | AH21: 0.000234 | AI21: 0.00028122493 | AJ21: 8.2350097e-05
A22: 1035 | B22: 1037 | C22: קרסו מוטורס בע"מ | D22: 514065283 | E22: ח.פ. | F22: קרסו מוטורס אגח א | G22: IL0011364648 | H22: ISIN | I22: לא צמוד למדד המחירים לצרכן | J22: ישראל | K22: ישראל | L22: סחיר | M22: TASE | N22: מסחר | O22: לא | P22: AA- | Q22: S&P מעלות | R22: נייר ערך | S22: ILS | T22: 0.414 | U22: 01/09/2026 | V22: 0.0275 | W22: 0.05024 | X22: החוב לא נחות | Z22: 45271.03 | AA22: 1 | AB22: 99.34 | AD22: 44.972 | AG22: שווי הוגן | AH22: 0.000984 | AI22: 0.00034263013 | AJ22: 0.00010033116
A23: 1035 | B23: 1037 | C23: ריט 1 בע"מ | D23: 513821488 | E23: ח.פ. | F23: ריט 1 אגח ו | G23: IL0011385445 | H23: ISIN | I23: צמוד למדד המחירים לצרכן | J23: ישראל | K23: ישראל | L23: סחיר | M23: TASE | N23: נדל"ן מניב בישראל | O23: לא | P23: AA | Q23: S&P מעלות | R23: נייר ערך | S23: ILS | T23: 2.824 | U23: 21/09/2031 | V23: 0.035 | W23: 0.02587 | X23: החוב לא נחות | Z23: 1314415.7 | AA23: 1 | AB23: 123 | AD23: 1616.731 | AG23: שווי הוגן | AH23: 0.001943 | AI23: 0.012317395 | AJ23: 0.0036068591
A24: 1035 | B24: 1037 | C24: קבוצת עזריאלי בע"מ (לשעבר קנית מימון) | D24: 510960719 | E24: ח.פ. | F24: עזריאלי אגח ד | G24: IL0011386500 | H24: ISIN | I24: צמוד למדד המחירים לצרכן | J24: ישראל | K24: ישראל | L24: סחיר | M24: TASE | N24: נדל"ן מניב בישראל | O24: לא | P24: AA+ | Q24: S&P מעלות | R24: נייר ערך | S24: ILS | T24: 2.196 | U24: 05/07/2030 | V24: 0.0134 | W24: 0.02472 | X24: החוב לא נחות | Z24: 1198885.6 | AA24: 1 | AB24: 116.87 | AD24: 1401.138 | AG24: שווי הוגן | AH24: 0.000603 | AI24: 0.010674851 | AJ24: 0.0031258786
A25: 1035 | B25: 1037 | C25: מגה אור החזקות בע"מ | D25: 513257873 | E25: ח.פ. | F25: מגה אור אגח ו | G25: IL0011386682 | H25: ISIN | I25: צמוד למדד המחירים לצרכן | J25: ישראל | K25: ישראל | L25: סחיר | M25: TASE | N25: נדל"ן מניב בישראל | O25: לא | P25: A+ | Q25: S&P מעלות | R25: נייר ערך | S25: ILS | T25: 0.241 | U25: 30/06/2026 | V25: 0.0205 | W25: 0.00157 | X25: החוב לא נחות | Z25: 137943.5 | AA25: 1 | AB25: 120.55 | AD25: 166.291 | AG25: שווי הוגן | AH25: 0.001118 | AI25: 0.0012669208 | AJ25: 0.00037098792
A26: 1035 | B26: 1037 | C26: ביג מרכזי קניות (2004) בע"מ | D26: 513623314 | E26: ח.פ. | F26: ביג ח | G26: IL0011389249 | H26: ISIN | I26: צמוד למדד המחירים לצרכן | J26: ישראל | K26: ישראל | L26: סחיר | M26: TASE | N26: נדל"ן מניב בישראל | O26: לא | P26: AA | Q26: S&P מעלות | R26: נייר ערך | S26: ILS | T26: 0.025 | U26: 12/04/2026 | V26: 0.0134 | W26: 0.07298 | X26: החוב לא נחות | Z26: 184805.42 | AA26: 1 | AB26: 119.6 | AD26: 221.027 | AG26: שווי הוגן | AH26: 0.00041 | AI26: 0.0016839411 | AJ26: 0.00049310249
A27: 1035 | B27: 1037 | C27: סלע קפיטל נדל"ן בע"מ | D27: 513992529 | E27: ח.פ. | F27: סלע נדלן אגח ג | G27: IL0011389736 | H27: ISIN | I27: צמוד למדד המחירים לצרכן | J27: ישראל | K27: ישראל | L27: סחיר | M27: TASE | N27: נדל"ן מניב בישראל | O27: לא | P27: Aa3 | Q27: מידרוג Moodys | R27: נייר ערך | S27: ILS | T27: 1.485 | U27: 13/04/2029 | V27: 0.0196 | W27: 0.02238 | X27: החוב לא נחות | Z27: 1082033 | AA27: 1 | AB27: 119.16 | AD27: 1289.351 | AG27: שווי הוגן | AH27: 0.00126 | AI27: 0.0098231781 | AJ27: 0.0028764863
A28: 1035 | B28: 1037 | C28: סלקום ישראל בע"מ | D28: 511930125 | E28: ח.פ. | F28: סלקום אגח יא | G28: IL0011392524 | H28: ISIN | I28: לא צמוד למדד המחירים לצרכן | J28: ישראל | K28: ישראל | L28: סחיר | M28: TASE | N28: תקשורת ומדיה | O28: לא | P28: AA- | Q28: S&P מעלות | R28: נייר ערך | S28: ILS | T28: 0.255 | U28: 05/07/2026 | V28: 0.0355 | W28: 0.05113 | X28: החוב לא נחות | Z28: 296090.5 | AA28: 1 | AB28: 100.49 | AD28: 297.541 | AG28: שווי הוגן | AH28: 0.002083 | AI28: 0.002266879 | AJ28: 0.00066380212
A29: 1035 | B29: 1037 | C29: לוינשטיין נכסים | D29: 511134298 | E29: ח.פ. | F29: לוינשט נכ אגח ב | G29: IL0011397168 | H29: ISIN | I29: צמוד למדד המחירים לצרכן | J29: ישראל | K29: ישראל | L29: סחיר | M29: TASE | N29: נדל"ן מניב בישראל | O29: לא | P29: A+ | Q29: S&P מעלות | R29: נייר ערך | S29: ILS | T29: 1.224 | U29: 31/12/2027 | V29: 0.023 | W29: 0.02662 | X29: החוב לא נחות | Z29: 195009 | AA29: 1 | AB29: 119.45 | AD29: 232.938 | AG29: שווי הוגן | AH29: 0.005183 | AI29: 0.0017746872 | AJ29: 0.00051967536
A30: 1035 | B30: 1037 | C30: רבוע כחול נדל"ן בע"מ | D30: 513765859 | E30: ח.פ. | F30: רבוע נדלן אגח ו | G30: IL0011406076 | H30: ISIN | I30: צמוד למדד המחירים לצרכן | J30: ישראל | K30: ישראל | L30: סחיר | M30: TASE | N30: נדל"ן מניב בישראל | O30: לא | P30: AA | Q30: S&P מעלות | R30: נייר ערך | S30: ILS | T30: 0.655 | U30: 30/11/2026 | V30: 0.0215 | W30: 0.01725 | X30: החוב לא נחות | Z30: 304249.5 | AA30: 1 | AB30: 120.7 | AD30: 367.229 | AG30: שווי הוגן | AH30: 0.000434 | AI30: 0.0027978096 | AJ30: 0.00081927265
A31: 1035 | B31: 1037 | C31: רבוע כחול נדל"ן בע"מ | D31: 513765859 | E31: ח.פ. | F31: רבוע נדלן אגח ז | G31: IL0011406159 | H31: ISIN | I31: צמוד למדד המחירים לצרכן | J31: ישראל | K31: ישראל | L31: סחיר | M31: TASE | N31: נדל"ן מניב בישראל | O31: לא | P31: AA | Q31: S&P מעלות | R31: נייר ערך | S31: ILS | T31: 0.656 | U31: 30/11/2026 | V31: 0.016 | W31: 0.02071 | X31: החוב לא נחות | Z31: 260062.02 | AA31: 1 | AB31: 119.78 | AD31: 311.502 | AG31: שווי הוגן | AH31: 0.001792 | AI31: 0.0023732433 | AJ31: 0.00069494839
A32: 1035 | B32: 1037 | C32: ביג מרכזי קניות (2004) בע"מ | D32: 513623314 | E32: ח.פ. | F32: ביג אג"ח ט' | G32: IL0011410508 | H32: ISIN | I32: צמוד למדד המחירים לצרכן | J32: ישראל | K32: ישראל | L32: סחיר | M32: TASE | N32: נדל"ן מניב בישראל | O32: לא | P32: AA- | Q32: S&P מעלות | R32: נייר ערך | S32: ILS | T32: 0.71 | U32: 20/12/2026 | V32: 0.0195 | W32: 0.02024 | X32: החוב לא נחות | Z32: 410405 | AA32: 1 | AB32: 119.5 | AD32: 490.434 | AG32: שווי הוגן | AH32: 0.002437 | AI32: 0.0037364706 | AJ32: 0.0010941374
... A58: 1035 | B58: 1037 | C58: אלון רבוע כחול ישראל בעמ | D58: 520042847 | E58: ח.פ. | F58: אלון רבוע כחול אגח ו | G58: IL0011691271 | H58: ISIN | I58: לא צמוד למדד המחירים לצרכן | J58: ישראל | K58: ישראל | L58: סחיר | M58: TASE | N58: השקעה ואחזקות | O58: לא | P58: AA- | Q58: S&P מעלות | R58: נייר ערך | S58: ILS | T58: 0.493 | U58: 30/09/2026 | V58: 0.039 | W58: 0.05035 | X58: החוב לא נחות | Z58: 970578 | AA58: 1 | AB58: 99.51 | AD58: 965.822 | AG58: שווי הוגן | AH58: 0.003369 | AI58: 0.0073583118 | AJ58: 0.0021547083
A59: 1035 | B59: 1037 | C59: ZARASAI GROUP LTD | D59: 1744984 | E59: מספר תאגיד או שותפות בחו"ל | F59: דה זראסאי אגח ה | G59: IL0011695561 | H59: ISIN | I59: לא צמוד למדד המחירים לצרכן | J59: ישראל | K59: ארה"ב | L59: סחיר | M59: TASE | N59: נדל"ן מניב בחו"ל | O59: לא | P59: NR | Q59: NR | R59: NR | S59: ILS | T59: NA | U59: 31/12/2026 | V59: 0.0265 | W59: 0 | X59: החוב לא נחות | Z59: 1053548 | AA59: 1 | AB59: 64.32 | AD59: 677.642 | AG59: שווי הוגן | AH59: 0.003806 | AI59: 0.0051627533 | AJ59: 0.0015117907
A60: 1035 | B60: 1037 | C60: ריט 1 בע"מ | D60: 513821488 | E60: ח.פ. | F60: ריט 1 אגח ז | G60: IL0011712713 | H60: ISIN | I60: צמוד למדד המחירים לצרכן | J60: ישראל | K60: ישראל | L60: סחיר | M60: TASE | N60: נדל"ן מניב בישראל | O60: לא | P60: AA | Q60: S&P מעלות | R60: נייר ערך | S60: ILS | T60: 5.398 | U60: 20/09/2034 | V60: 0.025 | W60: 0.02772 | X60: החוב לא נחות | Z60: 0.89 | AA60: 1 | AB60: 116.35 | AD60: 0.001 | AG60: שווי הוגן | AH60: 0 | AI60: 7.8892807e-09 | AJ60: 2.31019e-09
A61: 1035 | B61: 1037 | C61: מרכנתיל הנפקות בע"מ | D61: 513686154 | E61: ח.פ. | F61: מרכנתיל 4 | G61: IL0011713059 | H61: ISIN | I61: צמוד למדד המחירים לצרכן | J61: ישראל | K61: ישראל | L61: סחיר | M61: TASE | N61: בנקים | O61: לא | P61: AAA | Q61: S&P מעלות | R61: נייר ערך | S61: ILS | T61: 2.29 | U61: 30/01/2030 | V61: 0.015 | W61: 0.0216 | X61: החוב לא נחות | Z61: 485982.57 | AA61: 1 | AB61: 116.38 | AD61: 565.587 | AG61: שווי הוגן | AH61: 0.002608 | AI61: 0.0043090354 | AJ61: 0.0012617995
A62: 1035 | B62: 1037 | C62: יוניברסל מוטורס ישראל בע"מ | D62: 511809071 | E62: ח.פ. | F62: יוניברסל אגח ד | G62: IL0011722530 | H62: ISIN | I62: לא צמוד למדד המחירים לצרכן | J62: ישראל | K62: ישראל | L62: סחיר | M62: TASE | N62: מסחר | O62: לא | P62: AA- | Q62: S&P מעלות | R62: נייר ערך | S62: ILS | T62: 1.429 | U62: 11/02/2029 | V62: 0.0218 | W62: 0.0486 | X62: החוב לא נחות | Z62: 0.47 | AA62: 1 | AB62: 96.67 | AD62: 0 | AG62: שווי הוגן | AH62: 0 | AI62: 3.4615499e-09 | AJ62: 1.0136333e-09
A63: 1035 | B63: 1037 | C63: אלומיי קפיטל בע"מ | D63: 520039868 | E63: ח.פ. | F63: אלומיי ד | G63: IL0011729568 | H63: ISIN | I63: אג"ח להמרה לא צמוד למדד המחירים לצרכן | J63: ישראל | K63: ישראל | L63: סחיר | M63: TASE | N63: אנרגיה מתחדשת | O63: לא | P63: NR | Q63: NR | R63: NR | S63: ILS | T63: 0.742 | U63: 31/12/2026 | V63: 0.012 | W63: 0.05584 | X63: החוב לא נחות | Z63: 610103 | AA63: 1 | AB63: 97.2 | AD63: 593.02 | AG63: שווי הוגן | AH63: 0.00984 | AI63: 0.0045180438 | AJ63: 0.0013230027
A64: 1035 | B64: 1037 | C64: קרסו מוטורס בע"מ | D64: 514065283 | E64: ח.פ. | F64: קרסו מוטורס אגח ד | G64: IL0011735664 | H64: ISIN | I64: לא צמוד למדד המחירים לצרכן | J64: ישראל | K64: ישראל | L64: סחיר | M64: TASE | N64: מסחר | O64: לא | P64: AA- | Q64: S&P מעלות | R64: נייר ערך | S64: ILS | T64: 1.34 | U64: 01/10/2028 | V64: 0.0215 | W64: 0.04774 | X64: החוב לא נחות | Z64: 135233.66 | AA64: 1 | AB64: 96.67 | AC64: 14.282 | AD64: 145.013 | AG64: שווי הוגן | AH64: 0.000249 | AI64: 0.0011048079 | AJ64: 0.00032351698
A65: 1035 | B65: 1037 | C65: אפי נכסים בע"מ | D65: 510560188 | E65: ח.פ. | F65: אפי נכסים אגח יב | G65: IL0011737645 | H65: ISIN | I65: לא צמוד למדד המחירים לצרכן | J65: ישראל | K65: ישראל | L65: סחיר | M65: TASE | N65: נדל"ן מניב בחו"ל | O65: לא | P65: A+ | Q65: S&P מעלות | R65: נייר ערך | S65: ILS | T65: 1.388 | U65: 15/09/2027 | V65: 0.023 | W65: 0.04775 | X65: החוב לא נחות | Z65: 1167688.6 | AA65: 1 | AB65: 96.86 | AD65: 1131.023 | AG65: שווי הוגן | AH65: 0.00172 | AI65: 0.0086169291 | AJ65: 0.0025232647
A66: 1035 | B66: 1037 | C66: חברת נמלי ישראל - פיתוח נכסים בע"מ | D66: 513569780 | E66: ח.פ. | F66: נמלי ישראל אגח ד | G66: IL0011750333 | H66: ISIN | I66: צמוד למדד המחירים לצרכן | J66: ישראל | K66: ישראל | L66: סחיר | M66: TASE | N66: נדל"ן מניב בישראל | O66: לא | P66: AAA | Q66: S&P מעלות | R66: נייר ערך | S66: ILS | T66: 12.099 | U66: 31/12/2045 | V66: 0.0096 | W66: 0.0282 | X66: החוב לא נחות | Z66: 282707 | AA66: 1 | AB66: 93.74 | AD66: 265.01 | AG66: שווי הוגן | AH66: 0.000259 | AI66: 0.0020190289 | AJ66: 0.00059122505
A67: 1035 | B67: 1037 | C67: ריט אזורים - ה.פ ליווינג בע"מ | D67: 516117181 | E67: ח.פ. | F67: ריט אזורים אגח א | G67: IL0011757692 | H67: ISIN | I67: צמוד למדד המחירים לצרכן | J67: ישראל | K67: ישראל | L67: סחיר | M67: TASE | N67: נדל"ן מניב בישראל | O67: לא | P67: A- | Q67: S&P מעלות | R67: נייר ערך | S67: ILS | T67: 3.981 | U67: 30/06/2030 | V67: 0.0064 | W67: 0.03147 | X67: החוב לא נחות | Z67: 467366.53 | AA67: 1 | AB67: 105.94 | AD67: 495.128 | AG67: שווי הוגן | AH67: 0.001547 | AI67: 0.0037722337 | AJ67: 0.0011046098
A68: 1035 | B68: 1037 | C68: רכבת ישראל בע"מ | D68: 520043613 | E68: ח.פ. | F68: רכבת ישראל אגח ג | G68: IL0011776254 | H68: ISIN | I68: צמוד למדד המחירים לצרכן | J68: ישראל | K68: ישראל | L68: סחיר | M68: TASE | N68: שרותים | O68: לא | P68: AAA | Q68: S&P מעלות | R68: נייר ערך | S68: ILS | T68: 2.656 | U68: 30/06/2031 | V68: 0.007 | W68: 0.02341 | X68: החוב לא נחות | Z68: 148516.44 | AA68: 1 | AB68: 111.87 | AD68: 166.145 | AG68: שווי הוגן | AH68: 0.002475 | AI68: 0.0012658119 | AJ68: 0.00037066321
A69: 1035 | B69: 1037 | C69: מניבים קרן הריט החדשה בע"מ | D69: 515327120 | E69: ח.פ. | F69: מניבים ריט אגח ג | G69: IL0011776585 | H69: ISIN | I69: צמוד למדד המחירים לצרכן | J69: ישראל | K69: ישראל | L69: סחיר | M69: TASE | N69: נדל"ן מניב בישראל | O69: לא | P69: Aa3 | Q69: מידרוג Moodys | R69: נייר ערך | S69: ILS | T69: 3.193 | U69: 31/12/2029 | V69: 0.0085 | W69: 0.02573 | X69: החוב לא נחות | Z69: 341719.39 | AA69: 1 | AB69: 110.31 | AD69: 376.951 | AG69: שווי הוגן | AH69: 0.000577 | AI69: 0.0028718749 | AJ69: 0.00084096093
A70: 1035 | B70: 1037 | C70: אלביט מערכות בע"מ | D70: 520043027 | E70: ח.פ. | F70: אלביט מערכות אגח ד | G70: IL0011782682 | H70: ISIN | I70: צמוד למט"ח | J70: ישראל | K70: ישראל | L70: סחיר | M70: TASE | N70: ביטחוניות | O70: לא | P70: AA+ | Q70: S&P מעלות | R70: נייר ערך | S70: ILS | T70: 4.26 | U70: 30/06/2035 | V70: 0.0267 | W70: 0.04021 | X70: החוב לא נחות | Z70: 75556.91 | AA70: 1 | AB70: 91.5 | AD70: 69.135 | AG70: שווי הוגן | AH70: 0.000481 | AI70: 0.00052671574 | AJ70: 0.0001542363
A71: 1035 | B71: 1037 | C71: פריים אנרג'י פי.אי בע"מ | D71: 514902147 | E71: ח.פ. | F71: פריים אנרג'י אגח א | G71: IL0011792665 | H71: ISIN | I71: אג"ח להמרה לא צמוד למדד המחירים לצרכן | J71: ישראל | K71: ישראל | L71: סחיר | M71: TASE | N71: אנרגיה מתחדשת | O71: לא | P71: NR | Q71: NR | R71: NR | S71: ILS | T71: 0.185 | U71: 30/06/2026 | V71: 0.03 | W71: 0 | X71: החוב לא נחות | Z71: 0.46 | AA71: 1 | AB71: 132.4 | AD71: 0.001 | AG71: שווי הוגן | AH71: 0 | AI71: 4.6400946e-09 | AJ71: 1.3587424e-09
A72: 1035 | B72: 1037 | C72: ע.י נופר אנרגי' בע"מ | D72: 514599943 | E72: ח.פ. | F72: נופר אנרג אגח א | G72: IL0011793408 | H72: ISIN | I72: צמוד למדד המחירים לצרכן | J72: ישראל | K72: ארה"ב | L72: סחיר | M72: TASE | N72: אנרגיה מתחדשת | O72: לא | P72: A3 | Q72: מידרוג Moodys | R72: נייר ערך | S72: ILS | T72: 1.53 | U72: 31/12/2027 | V72: 0.0148 | W72: 0.02804 | X72: החוב לא נחות | Z72: 119199.79 | AA72: 1 | AB72: 113.8 | AD72: 135.649 | AG72: שווי הוגן | AH72: 0.000436 | AI72: 0.0010334721 | AJ72: 0.00030262797
A73: 1035 | B73: 1037 | C73: הבינלאומי הראשון הנפקות בע"מ | D73: 513141879 | E73: ח.פ. | F73: בינל הנפקות אגח יב | G73: IL0011823858 | H73: ISIN | I73: צמוד למדד המחירים לצרכן | J73: ישראל | K73: ישראל | L73: סחיר | M73: TASE | N73: בנקים | O73: לא | P73: AAA | Q73: S&P מעלות | R73: נייר ערך | S73: ILS | T73: 1.175 | U73: 07/12/2027 | V73: 0.001 | W73: 0.01691 | X73: החוב לא נחות | Z73: 8117 | AA73: 1 | AB73: 112.88 | AD73: 9.162 | AG73: שווי הוגן | AH73: 2.6e-05 | AI73: 6.980613e-05 | AJ73: 2.0441081e-05
A74: 1035 | B74: 1037 | C74: סולאיר אנרגיות מתחדשות בע"מ | D74: 516046307 | E74: ח.פ. | F74: סולאיר אגח א | G74: IL0011837304 | H74: ISIN | I74: צמוד למדד המחירים לצרכן | J74: ישראל | K74: ישראל | L74: סחיר | M74: TASE | N74: אנרגיה מתחדשת | O74: לא | P74: NR | Q74: NR | R74: NR | S74: ILS | T74: 1.382 | U74: 31/12/2027 | V74: 0.023 | W74: 0.0455 | X74: החוב לא נחות | Z74: 774066.4 | AA74: 1 | AB74: 112 | AD74: 866.954 | AG74: שווי הוגן | AH74: 0.014271 | AI74: 0.0066050674 | AJ74: 0.0019341384
A75: 1035 | B75: 1037 | C75: מגוריט ישראל בעמ | D75: 515434074 | E75: ח.פ. | F75: מגוריט אגח ד | G75: IL0011858342 | H75: ISIN | I75: צמוד למדד המחירים לצרכן | J75: ישראל | K75: ישראל | L75: סחיר | M75: TASE | N75: נדל"ן מניב בישראל | O75: לא | P75: A- | Q75: S&P מעלות | R75: נייר ערך | S75: ILS | T75: 0.991 | U75: 31/03/2027 | V75: 0.003 | W75: 0.0263 | X75: החוב לא נחות | Z75: 264809 | AA75: 1 | AB75: 111.18 | AD75: 294.415 | AG75: שווי הוגן | AH75: 0.000521 | AI75: 0.0022430576 | AJ75: 0.00065682659
A76: 1035 | B76: 1037 | C76: פאוורג'ן סולאר איי בע"מ | D76: 512882747 | E76: ח.פ. | F76: פאוורג'ן אגח ב | G76: IL0011862468 | H76: ISIN | I76: צמוד למדד המחירים לצרכן | J76: ישראל | K76: ישראל | L76: סחיר | M76: TASE | N76: אנרגיה מתחדשת | O76: לא | P76: NR | Q76: NR | R76: NR | S76: ILS | T76: 1.33 | U76: 31/12/2027 | V76: 0.0295 | W76: 0.03257 | X76: החוב לא נחות | Z76: 123535.51 | AA76: 1 | AB76: 113.51 | AD76: 140.225 | AG76: שווי הוגן | AH76: 0.000624 | AI76: 0.0010683338 | AJ76: 0.00031283638
... A86: 1035 | B86: 1037 | C86: יוניברסל מוטורס ישראל בע"מ | D86: 511809071 | E86: ח.פ. | F86: יוניברסל אגח ו | G86: IL0011926164 | H86: ISIN | I86: לא צמוד למדד המחירים לצרכן | J86: ישראל | K86: ישראל | L86: סחיר | M86: TASE | N86: מסחר | O86: לא | P86: AA- | Q86: S&P מעלות | R86: נייר ערך | S86: ILS | T86: 2.296 | U86: 10/02/2031 | V86: 0.0468 | W86: 0.04872 | X86: החוב לא נחות | Z86: 243591.88 | AA86: 1 | AB86: 100.43 | AD86: 244.639 | AG86: שווי הוגן | AH86: 0.000753 | AI86: 0.0018638342 | AJ86: 0.00054577996
A87: 1035 | B87: 1037 | C87: דה לסר גרופ לימיטד | D87: 1427976 | E87: פנימי | F87: דה לסר אגח ח | G87: IL0011931925 | H87: ISIN | I87: לא צמוד למדד המחירים לצרכן | J87: ישראל | K87: ארה"ב | L87: סחיר | M87: TASE | N87: נדל"ן מניב בחו"ל | O87: לא | P87: A | Q87: S&P מעלות | R87: נייר ערך | S87: ILS | T87: NA | U87: 31/12/2026 | V87: 0.068 | W87: 0.22922 | X87: החוב לא נחות | Z87: 641555.96 | AA87: 1 | AB87: 92 | AD87: 590.231 | AG87: שווי הוגן | AH87: 0.002137 | AI87: 0.0044967981 | AJ87: 0.0013167814
A88: 1035 | B88: 1037 | C88: אלומיי קפיטל בע"מ | D88: 520039868 | E88: ח.פ. | F88: אלומיי אגח ה | G88: IL0011932758 | H88: ISIN | I88: לא צמוד למדד המחירים לצרכן | J88: ישראל | K88: ישראל | L88: סחיר | M88: TASE | N88: אנרגיה מתחדשת | O88: לא | P88: NR | Q88: NR | R88: NR | S88: ILS | T88: 1.897 | U88: 01/04/2029 | V88: 0.0605 | W88: 0.05143 | X88: החוב לא נחות | Z88: 245392.5 | AA88: 1 | AB88: 101.84 | AD88: 249.908 | AG88: שווי הוגן | AH88: 0.001487 | AI88: 0.0019039726 | AJ88: 0.00055753353
A89: 1035 | B89: 1037 | C89: כלל החזקות עסקי ביטוח בע"מ | D89: 520036120 | E89: ח.פ. | F89: כלל ביטוח אג ב | G89: IL0011934994 | H89: ISIN | I89: אג"ח להמרה לא צמוד למדד המחירים לצרכן | J89: ישראל | K89: ישראל | L89: סחיר | M89: TASE | N89: ביטוח | O89: לא | P89: AA- | Q89: S&P מעלות | R89: נייר ערך | S89: ILS | T89: 1.89 | U89: 28/02/2028 | V89: 0.028 | W89: 0 | X89: החוב לא נחות | Z89: 94243 | AA89: 1 | AB89: 266 | AD89: 250.686 | AG89: שווי הוגן | AH89: 0.001039 | AI89: 0.001909905 | AJ89: 0.00055927068
A90: 1035 | B90: 1037 | C90: מניבים קרן הריט החדשה בע"מ | D90: 515327120 | E90: ח.פ. | F90: מניבים ריט אגח ד | G90: IL0011939290 | H90: ISIN | I90: צמוד למדד המחירים לצרכן | J90: ישראל | K90: ישראל | L90: סחיר | M90: TASE | N90: נדל"ן מניב בישראל | O90: לא | P90: Aa3 | Q90: מידרוג Moodys | R90: נייר ערך | S90: ILS | T90: 4.795 | U90: 31/12/2031 | V90: 0.0318 | W90: 0.02907 | X90: החוב לא נחות | Z90: 260051.1 | AA90: 1 | AB90: 110.92 | AD90: 288.449 | AG90: שווי הוגן | AH90: 0.000344 | AI90: 0.0021976047 | AJ90: 0.00064351677
A91: 1035 | B91: 1037 | C91: סיאון אינווסטמנט קורפוריישן | D91: d14242259 | E91: מספר תאגיד או שותפות בחו"ל | F91: סיאון אגח א | G91: IL0011940181 | H91: ISIN | I91: צמוד למט"ח | J91: ישראל | K91: ארה"ב | L91: סחיר | M91: TASE | N91: אשראי חוץ בנקאי | O91: לא | P91: A1 | Q91: מידרוג Moodys | R91: נייר ערך | S91: ILS | T91: 0.406 | U91: 31/08/2026 | V91: 0.072356 | W91: 0.01914 | X91: החוב לא נחות | Z91: 377637 | AA91: 1 | AB91: 88.66 | AD91: 334.813 | AG91: שווי הוגן | AH91: 0.000897 | AI91: 0.0025508404 | AJ91: 0.00074695352
A92: 1035 | B92: 1037 | C92: מזרחי טפחות חברה להנפקות בע"מ | D92: 520032046 | E92: ח.פ. | F92: מז טפ הנ אגח 67 | G92: IL0011968075 | H92: ISIN | I92: צמוד למדד המחירים לצרכן | J92: ישראל | K92: ישראל | L92: סחיר | M92: TASE | N92: בנקים | O92: לא | P92: AAA | Q92: S&P מעלות | R92: נייר ערך | S92: ILS | T92: 3.471 | U92: 12/06/2033 | V92: 0.0206 | W92: 0.02425 | X92: החוב לא נחות | Z92: 1109171.7 | AA92: 1 | AB92: 107.31 | AD92: 1190.252 | AG92: שווי הוגן | AH92: 0.000693 | AI92: 0.0090681773 | AJ92: 0.0026554021
A93: 1035 | B93: 1037 | C93: איסתא בע"מ | D93: 520042763 | E93: ח.פ. | F93: איסתא אגח א להמרה | G93: IL0011971285 | H93: ISIN | I93: אג"ח להמרה לא צמוד למדד המחירים לצרכן | J93: ישראל | K93: ישראל | L93: סחיר | M93: TASE | N93: מלונאות ותיירות | O93: לא | P93: NR | Q93: NR | R93: NR | S93: ILS | T93: 2.137 | U93: 30/06/2028 | V93: 0.0485 | W93: -0.00773 | X93: החוב לא נחות | Z93: 741868 | AA93: 1 | AB93: 114 | AD93: 845.73 | AG93: שווי הוגן | AH93: 0.002473 | AI93: 0.0064433616 | AJ93: 0.0018867867
A94: 1035 | B94: 1037 | C94: אלון רבוע כחול ישראל בעמ | D94: 520042847 | E94: ח.פ. | F94: אלון רבוע כחול אגח ח | G94: IL0011972762 | H94: ISIN | I94: לא צמוד למדד המחירים לצרכן | J94: ישראל | K94: ישראל | L94: סחיר | M94: TASE | N94: השקעה ואחזקות | O94: לא | P94: AA- | Q94: S&P מעלות | R94: נייר ערך | S94: ILS | T94: 2.626 | U94: 30/06/2030 | V94: 0.055 | W94: 0.04906 | X94: החוב לא נחות | Z94: 558446.35 | AA94: 1 | AB94: 103.1 | AD94: 575.758 | AG94: שווי הוגן | AH94: 0.000372 | AI94: 0.0043865303 | AJ94: 0.0012844921
A95: 1035 | B95: 1037 | C95: אלון רבוע כחול ישראל בעמ | D95: 520042847 | E95: ח.פ. | F95: אלון רבוע אגח ט | G95: IL0011972846 | H95: ISIN | I95: צמוד למדד המחירים לצרכן | J95: ישראל | K95: ישראל | L95: סחיר | M95: TASE | N95: השקעה ואחזקות | O95: לא | P95: AA- | Q95: S&P מעלות | R95: נייר ערך | S95: ILS | T95: 2.723 | U95: 30/06/2030 | V95: 0.03 | W95: 0.02774 | X95: החוב לא נחות | Z95: 406933.08 | AA95: 1 | AB95: 108.2 | AD95: 440.302 | AG95: שווי הוגן | AH95: 0.000306 | AI95: 0.0033545268 | AJ95: 0.00098229418
A96: 1035 | B96: 1037 | C96: סופרין אחזקות בע"מ | D96: 515361442 | E96: ח.פ. | F96: סופרין אגח א להמרה | G96: IL0011977480 | H96: ISIN | I96: אג"ח להמרה לא צמוד למדד המחירים לצרכן | J96: ישראל | K96: ישראל | L96: סחיר | M96: TASE | N96: בנייה | O96: לא | P96: NR | Q96: NR | R96: NR | S96: ILS | T96: 1.639 | U96: 01/07/2029 | V96: 0.055 | W96: 0.05072 | X96: החוב לא נחות | Z96: 201120 | AA96: 1 | AB96: 102.2 | AD96: 205.545 | AG96: שווי הוגן | AH96: 0.003729 | AI96: 0.0015659835 | AJ96: 0.00045856137
A97: 1035 | B97: 1037 | C97: קבוצת אורון אחזקות והשקעות בע"מ | D97: 513432765 | E97: ח.פ. | F97: אורון קב אגח ג | G97: IL0011977639 | H97: ISIN | I97: לא צמוד למדד המחירים לצרכן | J97: ישראל | K97: ישראל | L97: סחיר | M97: TASE | N97: בנייה | O97: לא | P97: Baa1 | Q97: מידרוג Moodys | R97: נייר ערך | S97: ILS | T97: 1.71 | U97: 30/06/2029 | V97: 0.08 | W97: 0.05958 | X97: החוב לא נחות | Z97: 92842.1 | AA97: 1 | AB97: 105.66 | AD97: 98.097 | AG97: שווי הוגן | AH97: 0.000261 | AI97: 0.00074737158 | AJ97: 0.00021885016
A98: 1035 | B98: 1037 | C98: ע.י נופר אנרגי' בע"מ | D98: 514599943 | E98: ח.פ. | F98: נופר אנרג אגח ג | G98: IL0011980435 | H98: ISIN | I98: לא צמוד למדד המחירים לצרכן | J98: ישראל | K98: ארה"ב | L98: סחיר | M98: TASE | N98: אנרגיה מתחדשת | O98: לא | P98: A3 | Q98: מידרוג Moodys | R98: נייר ערך | S98: ILS | T98: 2.588 | U98: 30/06/2030 | V98: 0.0695 | W98: 0.05625 | X98: החוב לא נחות | Z98: 102902.1 | AA98: 1 | AB98: 105.39 | AD98: 108.449 | AG98: שווי הוגן | AH98: 0.000128 | AI98: 0.00082623704 | AJ98: 0.00024194406
A99: 1035 | B99: 1037 | C99: ג'י סיטי בע"מ | D99: 520033234 | E99: ח.פ. | F99: ג'י סיטי אג יז | G99: IL0011981425 | H99: ISIN | I99: אג"ח להמרה לא צמוד למדד המחירים לצרכן | J99: ישראל | K99: גלובלי | L99: סחיר | M99: TASE | N99: נדל"ן מניב בחו"ל | O99: לא | P99: A- | Q99: S&P מעלות | R99: נייר ערך | S99: ILS | T99: 2.939 | U99: 01/07/2029 | V99: 0.055 | W99: 0.06383 | X99: החוב לא נחות | Z99: 437280.3 | AA99: 1 | AB99: 101.6 | AD99: 444.277 | AG99: שווי הוגן | AH99: 0.000847 | AI99: 0.0033848127 | AJ99: 0.00099116266
... A196: 1035 | B196: 1037 | C196: ג'י סיטי בע"מ | D196: 520033234 | E196: ח.פ. | F196: ג'י סיטי אגח טז | G196: IL0012607854 | H196: ISIN | I196: צמוד למדד המחירים לצרכן | J196: ישראל | K196: גלובלי | L196: סחיר | M196: TASE | N196: נדל"ן מניב בחו"ל | O196: לא | P196: A- | Q196: S&P מעלות | R196: נייר ערך | S196: ILS | T196: 2.128 | U196: 01/04/2029 | V196: 0.0175 | W196: 0.05627 | X196: החוב לא נחות | Z196: 334977 | AA196: 1 | AB196: 106.76 | AD196: 357.621 | AG196: שווי הוגן | AH196: 0.000199 | AI196: 0.0027246114 | AJ196: 0.00079783828
A197: 1035 | B197: 1037 | C197: ארזים השקעות בע"מ | D197: 520034281 | E197: ח.פ. | F197: ארזים אגח 4 | G197: IL0013801043 | H197: ISIN | I197: צמוד למדד המחירים לצרכן | J197: ישראל | K197: ישראל | L197: סחיר | M197: TASE | N197: נדל"ן מניב בחו"ל | O197: לא | P197: D | Q197: S&P מעלות | R197: נייר ערך | S197: ILS | T197: NA | U197: 31/07/2017 | V197: 0.062 | W197: 0.30311 | X197: החוב לא נחות | Z197: 93195.16 | AA197: 1 | AB197: 117 | AD197: 109.038 | AG197: שווי הוגן | AH197: 0.000933 | AI197: 0.00083073065 | AJ197: 0.00024325991
A198: 1035 | B198: 1037 | C198: ש.שלמה החזקות בע"מ | D198: 520034372 | E198: ח.פ. | F198: שלמה החז אגח יז | G198: IL0014102995 | H198: ISIN | I198: לא צמוד למדד המחירים לצרכן | J198: ישראל | K198: ישראל | L198: סחיר | M198: TASE | N198: שרותים | O198: לא | P198: AA | Q198: S&P מעלות | R198: נייר ערך | S198: ILS | T198: 0.216 | U198: 21/06/2026 | V198: 0.027 | W198: 0.03348 | X198: החוב לא נחות | Z198: 2076.52 | AA198: 1 | AB198: 99.96 | AD198: 2.076 | AG198: שווי הוגן | AH198: 0.000133 | AI198: 1.581406e-05 | AJ198: 4.630775e-06
A199: 1035 | B199: 1037 | C199: ש.שלמה החזקות בע"מ | D199: 520034372 | E199: ח.פ. | F199: שלמה החז אגח יח | G199: IL0014103076 | H199: ISIN | I199: צמוד למדד המחירים לצרכן | J199: ישראל | K199: ישראל | L199: סחיר | M199: TASE | N199: שרותים | O199: לא | P199: AA | Q199: S&P מעלות | R199: נייר ערך | S199: ILS | T199: 0.216 | U199: 21/06/2026 | V199: 0.018 | W199: -0.01596 | X199: החוב לא נחות | Z199: 260411.48 | AA199: 1 | AB199: 119.37 | AD199: 310.853 | AG199: שווי הוגן | AH199: 0.003215 | AI199: 0.0023682979 | AJ199: 0.00069350027
A200: 1035 | B200: 1037 | C200: מזרחי טפחות חברה להנפקות בע"מ | D200: 520032046 | E200: ח.פ. | F200: מזרחי טפחות הנפקות אגח 42 | G200: IL0023101830 | H200: ISIN | I200: צמוד למדד המחירים לצרכן | J200: ישראל | K200: ישראל | L200: סחיר | M200: TASE | N200: בנקים | O200: לא | P200: AAA | Q200: S&P מעלות | R200: נייר ערך | S200: ILS | T200: 3.875 | U200: 09/06/2030 | V200: 0.022013 | W200: 0.0248 | X200: החוב לא נחות | Z200: 548613 | AA200: 1 | AB200: 126.24 | AD200: 692.569 | AG200: שווי הוגן | AH200: 0.000782 | AI200: 0.0052764776 | AJ200: 0.0015450922
A201: 1035 | B201: 1037 | C201: מזרחי טפחות חברה להנפקות בע"מ | D201: 520032046 | E201: ח.פ. | F201: מז הנפק 46 1.22% 9/2027 | G201: IL0023102259 | H201: ISIN | I201: צמוד למדד המחירים לצרכן | J201: ישראל | K201: ישראל | L201: סחיר | M201: TASE | N201: בנקים | O201: לא | P201: AAA | Q201: S&P מעלות | R201: נייר ערך | S201: ILS | T201: 1.476 | U201: 28/09/2027 | V201: 0.0122 | W201: 0.01759 | X201: החוב לא נחות | Z201: 94139 | AA201: 1 | AB201: 118.82 | AD201: 111.856 | AG201: שווי הוגן | AH201: 3.1e-05 | AI201: 0.00085219728 | AJ201: 0.0002495459
A202: 1035 | B202: 1037 | C202: מזרחי טפחות חברה להנפקות בע"מ | D202: 520032046 | E202: ח.פ. | F202: מזרחי טפחות הנפק 49 | G202: IL0023102820 | H202: ISIN | I202: צמוד למדד המחירים לצרכן | J202: ישראל | K202: ישראל | L202: סחיר | M202: TASE | N202: בנקים | O202: לא | P202: AAA | Q202: S&P מעלות | R202: נייר ערך | S202: ILS | T202: 0.222 | U202: 23/06/2026 | V202: 0.0038 | W202: -0.01274 | X202: החוב לא נחות | Z202: 998587 | AA202: 1 | AB202: 116.87 | AD202: 1167.049 | AG202: שווי הוגן | AH202: 0.000333 | AI202: 0.0088913963 | AJ202: 0.002603636
A203: 1035 | B203: 1037 | C203: מזרחי טפחות חברה להנפקות בע"מ | D203: 520032046 | E203: ח.פ. | F203: מז טפ הנפק 52 | G203: IL0023103810 | H203: ISIN | I203: צמוד למדד המחירים לצרכן | J203: ישראל | K203: ישראל | L203: סחיר | M203: TASE | N203: בנקים | O203: לא | P203: AAA | Q203: S&P מעלות | R203: נייר ערך | S203: ILS | T203: 4.225 | U203: 01/07/2030 | V203: 0.002 | W203: 0.02495 | X203: החוב לא נחות | Z203: 2290209 | AA203: 1 | AB203: 107.35 | AD203: 2458.539 | AG203: שווי הוגן | AH203: 0.000662 | AI203: 0.01873088 | AJ203: 0.005484897
A204: 1035 | B204: 1037 | C204: מזרחי טפחות חברה להנפקות בע"מ | D204: 520032046 | E204: ח.פ. | F204: מז טפ הנפ אגח61 | G204: IL0023104644 | H204: ISIN | I204: צמוד למדד המחירים לצרכן | J204: ישראל | K204: ישראל | L204: סחיר | M204: TASE | N204: בנקים | O204: לא | P204: Aaa | Q204: מידרוג Moodys | R204: נייר ערך | S204: ILS | T204: 0.671 | U204: 04/12/2026 | V204: 0.005 | W204: 0.01523 | X204: החוב לא נחות | Z204: 39997 | AA204: 1 | AB204: 116.07 | AD204: 46.425 | AG204: שווי הוגן | AH204: 5.2e-05 | AI204: 0.00035369459 | AJ204: 0.00010357113
A205: 1035 | B205: 1037 | C205: מזרחי טפחות חברה להנפקות בע"מ | D205: 520032046 | E205: ח.פ. | F205: מז טפ הנ אגח 62 | G205: IL0023104982 | H205: ISIN | I205: צמוד למדד המחירים לצרכן | J205: ישראל | K205: ישראל | L205: סחיר | M205: TASE | N205: בנקים | O205: לא | P205: AAA | Q205: S&P מעלות | R205: נייר ערך | S205: ILS | T205: 2.553 | U205: 22/10/2028 | V205: 0.001 | W205: 0.02313 | X205: החוב לא נחות | Z205: 1817306 | AA205: 1 | AB205: 108.87 | AD205: 1978.501 | AG205: שווי הוגן | AH205: 0.000538 | AI205: 0.015073611 | AJ205: 0.0044139519
A206: 1035 | B206: 1037 | C206: מזרחי טפחות חברה להנפקות בע"מ | D206: 520032046 | E206: ח.פ. | F206: מז טפ הנ אגח 63 | G206: IL0023105484 | H206: ISIN | I206: לא צמוד למדד המחירים לצרכן | J206: ישראל | K206: ישראל | L206: סחיר | M206: TASE | N206: בנקים | O206: לא | P206: AAA | Q206: S&P מעלות | R206: נייר ערך | S206: ILS | T206: 2.329 | U206: 13/04/2031 | V206: 0.0274 | W206: 0.0439 | X206: החוב לא נחות | Z206: 1442699 | AA206: 1 | AB206: 98.89 | AD206: 1426.685 | AG206: שווי הוגן | AH206: 0.000547 | AI206: 0.010869489 | AJ206: 0.0031828738
A207: 1035 | B207: 1037 | C207: מזרחי טפחות חברה להנפקות בע"מ | D207: 520032046 | E207: ח.פ. | F207: מזרחי טפחות הנפק אגח 64 | G207: IL0023105559 | H207: ISIN | I207: צמוד למדד המחירים לצרכן | J207: ישראל | K207: ישראל | L207: סחיר | M207: TASE | N207: בנקים | O207: לא | P207: AAA | Q207: S&P מעלות | R207: נייר ערך | S207: ILS | T207: 2.457 | U207: 13/04/2031 | V207: 0.001 | W207: 0.02334 | X207: החוב לא נחות | Z207: 1374075 | AA207: 1 | AB207: 107.76 | AD207: 1480.703 | AG207: שווי הוגן | AH207: 0.000739 | AI207: 0.011281037 | AJ207: 0.0033033861
A208: 1035 | B208: 1037 | C208: ממן-מסופי מטען וניטול בע"מ | D208: 520036435 | E208: ח.פ. | F208: ממן אגח ג | G208: IL0023800530 | H208: ISIN | I208: לא צמוד למדד המחירים לצרכן | J208: ישראל | K208: ישראל | L208: סחיר | M208: TASE | N208: שרותים | O208: לא | P208: A+ | Q208: S&P מעלות | R208: נייר ערך | S208: ILS | T208: 1.442 | U208: 31/12/2028 | V208: 0.0239 | W208: 0.04949 | X208: החוב לא נחות | Z208: 135422.71 | AA208: 1 | AB208: 97.09 | AD208: 131.482 | AG208: שווי הוגן | AH208: 0.001214 | AI208: 0.0010017216 | AJ208: 0.00029333056
A209: 1035 | B209: 1037 | C209: אשטרום נכסים בע"מ | D209: 520036617 | E209: ח.פ. | F209: אשטרום נכסים אגח 10 | G209: IL0025102042 | H209: ISIN | I209: צמוד למדד המחירים לצרכן | J209: ישראל | K209: ישראל | L209: סחיר | M209: TASE | N209: נדל"ן מניב בישראל | O209: לא | P209: A | Q209: S&P מעלות | R209: נייר ערך | S209: ILS | T209: 1.016 | U209: 02/01/2028 | V209: 0.0346 | W209: 0.02197 | X209: החוב לא נחות | Z209: 115243.33 | AA209: 1 | AB209: 121.46 | AD209: 139.975 | AG209: שווי הוגן | AH209: 0.000802 | AI209: 0.0010664244 | AJ209: 0.00031227728
... A213: 1035 | B213: 1037 | C213: מליסרון בע"מ | D213: 520037789 | E213: ח.פ. | F213: מליסרון אגח יד | G213: IL0032302320 | H213: ISIN | I213: צמוד למדד המחירים לצרכן | J213: ישראל | K213: ישראל | L213: סחיר | M213: TASE | N213: נדל"ן מניב בישראל | O213: לא | P213: AA | Q213: S&P מעלות | R213: נייר ערך | S213: ILS | T213: 0.066 | U213: 27/04/2026 | V213: 0.0215 | W213: -0.00014 | X213: החוב לא נחות | Z213: 189083.39 | AA213: 1 | AB213: 121.27 | AD213: 229.301 | AG213: שווי הוגן | AH213: 0.00033 | AI213: 0.0017469794 | AJ213: 0.00051156176
A214: 1035 | B214: 1037 | C214: מליסרון בע"מ | D214: 520037789 | E214: ח.פ. | F214: מליסרון טז' | G214: IL0032302650 | H214: ISIN | I214: צמוד למדד המחירים לצרכן | J214: ישראל | K214: ישראל | L214: סחיר | M214: TASE | N214: נדל"ן מניב בישראל | O214: לא | P214: AA | Q214: S&P מעלות | R214: נייר ערך | S214: ILS | T214: 0.983 | U214: 01/04/2027 | V214: 0.0235 | W214: 0.02117 | X214: החוב לא נחות | Z214: 21639.84 | AA214: 1 | AB214: 119.55 | AC214: 0.626 | AD214: 26.496 | AG214: שווי הוגן | AH214: 2.4e-05 | AI214: 0.00020186498 | AJ214: 5.9111405e-05
A215: 1035 | B215: 1037 | C215: מליסרון בע"מ | D215: 520037789 | E215: ח.פ. | F215: מליסרון אגח יט | G215: IL0032303989 | H215: ISIN | I215: צמוד למדד המחירים לצרכן | J215: ישראל | K215: ישראל | L215: סחיר | M215: TASE | N215: נדל"ן מניב בישראל | O215: לא | P215: AA | Q215: S&P מעלות | R215: נייר ערך | S215: ILS | T215: 3.054 | U215: 01/07/2029 | V215: 0.0143 | W215: 0.02587 | X215: החוב לא נחות | Z215: 593754.99 | AA215: 1 | AB215: 114.25 | AD215: 678.365 | AG215: שווי הוגן | AH215: 0.000311 | AI215: 0.0051682617 | AJ215: 0.0015134037
A216: 1035 | B216: 1037 | C216: ארי נדל"ן(ארנה) השקעות בע"מ | D216: 520038332 | E216: ח.פ. | F216: ארי נדלן אגח א | G216: IL0036601560 | H216: ISIN | I216: צמוד למדד המחירים לצרכן | J216: ישראל | K216: ישראל | L216: סחיר | M216: TASE | N216: נדל"ן מניב בישראל | O216: לא | P216: NR | Q216: NR | R216: NR | S216: ILS | T216: 0.982 | U216: 01/04/2027 | V216: 0.019 | W216: 0.01582 | X216: החוב לא נחות | Z216: 1418678.7 | AA216: 1 | AB216: 113.45 | AC216: 40.901 | AD216: 1650.392 | AG216: שווי הוגן | AH216: 0.002147 | AI216: 0.012573844 | AJ216: 0.0036819542
A217: 1035 | B217: 1037 | C217: אלוני-חץ נכסים והשקעות בע"מ | D217: 520038506 | E217: ח.פ. | F217: אלוני חץ אגח ט | G217: IL0039003541 | H217: ISIN | I217: לא צמוד למדד המחירים לצרכן | J217: ישראל | K217: ישראל | L217: סחיר | M217: TASE | N217: נדל"ן מניב בישראל | O217: לא | P217: AA- | Q217: S&P מעלות | R217: נייר ערך | S217: ILS | T217: 0.907 | U217: 28/02/2027 | V217: 0.0385 | W217: 0.04936 | X217: החוב לא נחות | Z217: 115780.94 | AA217: 1 | AB217: 99.41 | AD217: 115.098 | AG217: שווי הוגן | AH217: 0.000743 | AI217: 0.00087689614 | AJ217: 0.00025677838
A218: 1035 | B218: 1037 | C218: ישראל קנדה (ט.ר) בעמ | D218: 520039298 | E218: ח.פ. | F218: ישראל קנדה אגח ז | G218: IL0043402127 | H218: ISIN | I218: לא צמוד למדד המחירים לצרכן | J218: ישראל | K218: ישראל | L218: סחיר | M218: TASE | N218: בנייה | O218: לא | P218: A- | Q218: S&P מעלות | R218: נייר ערך | S218: ILS | T218: 0.723 | U218: 30/06/2027 | V218: 0.0395 | W218: 0.05554 | X218: החוב לא נחות | Z218: 65246 | AA218: 1 | AB218: 99.93 | AD218: 65.2 | AG218: שווי הוגן | AH218: 0.000111 | AI218: 0.0004967419 | AJ218: 0.00014545917
A219: 1035 | B219: 1037 | C219: רוטשטיין נדל"ן בע"מ | D219: 520039959 | E219: ח.פ. | F219: רוטשטיין אגח י | G219: IL0053902735 | H219: ISIN | I219: לא צמוד למדד המחירים לצרכן | J219: ישראל | K219: ישראל | L219: סחיר | M219: TASE | N219: בנייה | O219: לא | P219: A3 | Q219: מידרוג Moodys | R219: נייר ערך | S219: ILS | T219: 0.763 | U219: 14/07/2027 | V219: 0.0448 | W219: 0.0475 | X219: החוב לא נחות | Z219: 66007.5 | AA219: 1 | AB219: 100.82 | AD219: 66.549 | AG219: שווי הוגן | AH219: 0.0011 | AI219: 0.00050701522 | AJ219: 0.00014846746
A220: 1035 | B220: 1037 | C220: החברה לישראל בע"מ | D220: 520028010 | E220: ח.פ. | F220: חברה לישראל אגח 12 | G220: IL0057602513 | H220: ISIN | I220: לא צמוד למדד המחירים לצרכן | J220: ישראל | K220: ישראל | L220: סחיר | M220: TASE | N220: כימיה, גומי ופלסטיק | O220: לא | P220: A+ | Q220: S&P מעלות | R220: נייר ערך | S220: ILS | T220: 0.493 | U220: 30/09/2026 | V220: 0.036 | W220: 0.04807 | X220: החוב לא נחות | Z220: 429531.57 | AA220: 1 | AB220: 99.47 | AD220: 427.255 | AG220: שווי הוגן | AH220: 0.00388 | AI220: 0.0032551291 | AJ220: 0.0009531879
A221: 1035 | B221: 1037 | C221: החברה לישראל בע"מ | D221: 520028010 | E221: ח.פ. | F221: חברה לישראל אגח 14 | G221: IL0057603016 | H221: ISIN | I221: לא צמוד למדד המחירים לצרכן | J221: ישראל | K221: ישראל | L221: סחיר | M221: TASE | N221: כימיה, גומי ופלסטיק | O221: לא | P221: A+ | Q221: S&P מעלות | R221: נייר ערך | S221: ILS | T221: 1.326 | U221: 30/06/2028 | V221: 0.022 | W221: 0.04653 | X221: החוב לא נחות | Z221: 491811.2 | AA221: 1 | AB221: 97.45 | AD221: 479.27 | AG221: שווי הוגן | AH221: 0.000567 | AI221: 0.0036514157 | AJ221: 0.0010692311
A222: 1035 | B222: 1037 | C222: בנק לאומי לישראל בע"מ | D222: 520018078 | E222: ח.פ. | F222: לאומי אגח 179 | G222: IL0060403727 | H222: ISIN | I222: צמוד למדד המחירים לצרכן | J222: ישראל | K222: ישראל | L222: סחיר | M222: TASE | N222: בנקים | O222: לא | P222: AAA | Q222: S&P מעלות | R222: נייר ערך | S222: ILS | T222: 0.241 | U222: 30/06/2026 | V222: 0.0083 | W222: -0.0085 | X222: החוב לא נחות | Z222: 750335.5 | AA222: 1 | AB222: 119.06 | AD222: 893.349 | AG222: שווי הוגן | AH222: 0.000493 | AI222: 0.0068061637 | AJ222: 0.0019930247
A223: 1035 | B223: 1037 | C223: בנק לאומי לישראל בע"מ | D223: 520018078 | E223: ח.פ. | F223: לאומי אגח 182 | G223: IL0060405391 | H223: ISIN | I223: צמוד למדד המחירים לצרכן | J223: ישראל | K223: ישראל | L223: סחיר | M223: TASE | N223: בנקים | O223: לא | P223: AAA | Q223: S&P מעלות | R223: נייר ערך | S223: ILS | T223: 1.646 | U223: 25/11/2027 | V223: 0.001 | W223: 0.01859 | X223: החוב לא נחות | Z223: 1293737 | AA223: 1 | AB223: 111.75 | AD223: 1445.751 | AG223: שווי הוגן | AH223: 0.000412 | AI223: 0.011014748 | AJ223: 0.0032254094
A224: 1035 | B224: 1037 | C224: בנק לאומי לישראל בע"מ | D224: 520018078 | E224: ח.פ. | F224: לאומי אגח סד 183 | G224: IL0060405474 | H224: ISIN | I224: צמוד למדד המחירים לצרכן | J224: ישראל | K224: ישראל | L224: סחיר | M224: TASE | N224: בנקים | O224: לא | P224: AAA | Q224: S&P מעלות | R224: נייר ערך | S224: ILS | T224: 3.643 | U224: 25/11/2029 | V224: 0.001 | W224: 0.02417 | X224: החוב לא נחות | Z224: 402466 | AA224: 1 | AB224: 105.8 | AD224: 425.809 | AG224: שווי הוגן | AH224: 9.4e-05 | AI224: 0.0032441123 | AJ224: 0.00094996188
A225: 1035 | B225: 1037 | C225: בנק לאומי לישראל בע"מ | D225: 520018078 | E225: ח.פ. | F225: לאומי אגח 184 | G225: IL0060406043 | H225: ISIN | I225: לא צמוד למדד המחירים לצרכן | J225: ישראל | K225: ישראל | L225: סחיר | M225: TASE | N225: בנקים | O225: לא | P225: AAA | Q225: S&P מעלות | R225: נייר ערך | S225: ILS | T225: 1.977 | U225: 05/05/2030 | V225: 0.0276 | W225: 0.04361 | X225: החוב לא נחות | Z225: 445902.4 | AA225: 1 | AB225: 98.1 | AD225: 437.43 | AG225: שווי הוגן | AH225: 0.000228 | AI225: 0.003332651 | AJ225: 0.00097588835
A226: 1035 | B226: 1037 | C226: ישרס חברה להשקעות בע"מ | D226: 520017807 | E226: ח.פ. | F226: ישרס אגח יח | G226: IL0061302803 | H226: ISIN | I226: צמוד למדד המחירים לצרכן | J226: ישראל | K226: ישראל | L226: סחיר | M226: TASE | N226: נדל"ן מניב בישראל | O226: לא | P226: AA | Q226: S&P מעלות | R226: נייר ערך | S226: ILS | T226: 3.647 | U226: 10/04/2030 | V226: 0.0084 | W226: 0.02647 | X226: החוב לא נחות | Z226: 1597561.2 | AA226: 1 | AB226: 110 | AD226: 1757.317 | AG226: שווי הוגן | AH226: 0.00216 | AI226: 0.013388478 | AJ226: 0.0039205004
A227: 1035 | B227: 1037 | C227: בנק הפועלים בע"מ | D227: 520000118 | E227: ח.פ. | F227: פועלים אגח 200 | G227: IL0066204962 | H227: ISIN | I227: צמוד למדד המחירים לצרכן | J227: ישראל | K227: ישראל | L227: סחיר | M227: TASE | N227: בנקים | O227: לא | P227: AAA | Q227: S&P מעלות | R227: נייר ערך | S227: ILS | T227: 3.116 | U227: 09/12/2031 | V227: 0.001 | W227: 0.02362 | X227: החוב לא נחות | Z227: 510627.76 | AA227: 1 | AB227: 107.18 | AD227: 547.291 | AG227: שווי הוגן | AH227: 0.000605 | AI227: 0.004169646 | AJ227: 0.0012209826
A228: 1035 | B228: 1037 | C228: אזורים-חברה להשקעות בפתוח ובבנין בע"מ | D228: 520025990 | E228: ח.פ. | F228: אזורים אגח 13 | G228: IL0071504109 | H228: ISIN | I228: לא צמוד למדד המחירים לצרכן | J228: ישראל | K228: ישראל | L228: סחיר | M228: TASE | N228: בנייה | O228: לא | P228: A1 | Q228: מידרוג Moodys | R228: נייר ערך | S228: ILS | T228: 0.738 | U228: 31/12/2026 | V228: 0.0295 | W228: 0.05128 | X228: החוב לא נחות | Z228: 266818.67 | AA228: 1 | AB228: 99.22 | AD228: 264.737 | AG228: שווי הוגן | AH228: 0.001923 | AI228: 0.0020169561 | AJ228: 0.0005906181
... A248: 1035 | B248: 1037 | C248: KRAFT HEINZ CO/T | D248: 5493003STKEZ2S0RNU91 | E248: LEI | F248: KHC 3 3/4 04/01/30 | G248: US50077LAV80 | H248: ISIN | I248: צמוד למט"ח | J248: חו"ל | K248: ארה"ב | L248: סחיר | M248: אחר | N248: Food Products | O248: לא | P248: BBB | Q248: S&P | R248: נייר ערך | S248: USD | T248: 3.842 | U248: 01/04/2030 | V248: 0.0375 | W248: 0.04373 | X248: החוב לא נחות | Z248: 37000 | AA248: 3.165 | AB248: 98.625 | AD248: 115.495 | AG248: שווי הוגן | AH248: 5e-05 | AI248: 0.00087992399 | AJ248: 0.00025766502
A249: 1035 | B249: 1037 | C249: TITANIUM 2L BondCo S.a.r.l. | D249: 636700S4QMU2DWYOSF67 | E249: LEI | F249: 01/14/31 25.ADLFIN 6 | G249: DE000A3L3AG9 | H249: ISIN | I249: צמוד למט"ח | J249: חו"ל | K249: אירופה | L249: סחיר | M249: אחר | N249: Financial Services | O249: לא | P249: NR | Q249: NR | R249: NR | S249: EUR | T249: NA | U249: 14/01/2031 | V249: 0.0625 | W249: 0.40725 | X249: החוב לא נחות | Z249: 120138 | AA249: 3.636 | AB249: 30.587 | AD249: 133.611 | AG249: שווי הוגן | AH249: 3.9e-05 | AI249: 0.0010179402 | AJ249: 0.0002980798
A250: 1035 | B250: 1037 | C250: SUZANO AUSTRIA GMBH | D250: 254900287ZNSGVP1R341 | E250: LEI | F250: SUZANO 2 1/2 09/15/28 | G250: US86964WAL63 | H250: ISIN | I250: צמוד למט"ח | J250: חו"ל | K250: אוסטריה | L250: סחיר | M250: אחר | N250: Paper & Forest Products | O250: לא | P250: BBB- | Q250: S&P | R250: נייר ערך | S250: USD | T250: 2.525 | U250: 15/09/2028 | V250: 0.025 | W250: 0.04544 | X250: החוב לא נחות | Z250: 56000 | AA250: 3.165 | AB250: 94.826 | AD250: 168.069 | AG250: שווי הוגן | AH250: 0.000112 | AI250: 0.0012804664 | AJ250: 0.00037495444
A251: 1035 | B251: 1037 | C251: בנק מזרחי טפחות בע"מ | D251: 520000522 | E251: ח.פ. | F251: MZRHIT 5.049 01/28/31 | G251: IL0012348483 | H251: ISIN | I251: צמוד למט"ח | J251: חו"ל | K251: ישראל | L251: סחיר | M251: אחר | N251: Banks | O251: לא | P251: AAA | Q251: S&P מעלות | R251: נייר ערך | S251: USD | T251: 4.466 | U251: 28/01/2031 | V251: 0.05049 | W251: 0.05136 | X251: החוב לא נחות | Z251: 341000 | AA251: 3.165 | AB251: 100.318 | AD251: 1082.692 | AG251: שווי הוגן | AH251: 0.000487 | AI251: 0.0082487098 | AJ251: 0.0024154404
A252: 1035 | B252: 1037 | C252: ITHACA ENERGY NORTH | D252: 21380057TNFLXPXBIP34 | E252: LEI | F252: IAECN 5.5 10/01/31 | G252: XS3186903756 | H252: ISIN | I252: צמוד למט"ח | J252: חו"ל | K252: בריטניה | L252: סחיר | M252: אחר | N252: Oil, Gas & Consumable Fuels | O252: לא | P252: B1 | Q252: Moodys | R252: נייר ערך | S252: EUR | T252: 3.305 | U252: 01/10/2031 | V252: 0.055 | W252: 0.05392 | X252: החוב לא נחות | Z252: 11000 | AA252: 3.636 | AB252: 102.814 | AD252: 41.121 | AG252: שווי הוגן | AH252: 2.4e-05 | AI252: 0.000313292 | AJ252: 9.1740183e-05
A253: 1035 | B253: 1037 | C253: ORACLE CORP | D253: 1Z4GXXU7ZHVWFCD8TV52 | E253: LEI | F253: ORCL 3 1/4 11/15/27 | G253: US68389XBN49 | H253: ISIN | I253: צמוד למט"ח | J253: חו"ל | K253: ארה"ב | L253: סחיר | M253: אחר | N253: Software | O253: לא | P253: BBB | Q253: S&P | R253: נייר ערך | S253: USD | T253: 1.738 | U253: 15/11/2027 | V253: 0.0325 | W253: 0.04376 | X253: החוב לא נחות | Z253: 44000 | AA253: 3.165 | AB253: 98.74 | AD253: 137.506 | AG253: שווי הוגן | AH253: 1.6e-05 | AI253: 0.0010476137 | AJ253: 0.00030676901
...

Sheet מניות מבכ ויהש
A1: מספר קופה/קרן/ח.פ. עבור חברת ביטוח | B1: מספר מסלול | C1: שם מנפיק | D1: מספר מנפיק | E1: סוג מספר מזהה מנפיק | F1: שם נייר ערך | G1: מספר נייר ערך | H1: סוג מספר נייר ערך | I1: מאפיין עיקרי | J1: ישראל/חו"ל | K1: מדינה לפי חשיפה כלכלית | L1: סטאטוס סחירות | M1: זירת מסחר | N1: ענף מסחר | O1: בעל עניין/צד קשור | P1: מטבע פעילות | Q1: ערך נקוב (יחידות) | R1: שער חליפין | S1: שער נייר הערך | T1: סכום לקבל (במטבע הפעילות) | U1: שווי הוגן (באלפי ש"ח) | V1: שיעור מערך נקוב מונפק | W1: שיעור מנכסי אפיק ההשקעה | X1: שיעור מסך נכסי ההשקעה
A2: 1035 | B2: 1036 | C2: ג'י סיטי בע"מ | D2: 520033234 | E2: ח.פ. | F2: ג'י סיטי | G2: IL0001260111 | H2: ISIN | I2: מניות | J2: ישראל | K2: גלובלי | L2: סחיר | M2: TASE | N2: נדל"ן מניב בחו"ל | O2: לא | P2: ILS | Q2: 32851 | R2: 1 | S2: 1165 | U2: 382.714 | V2: 0.000164 | W2: 0.0001814089 | X2: 6.132023e-05
A3: 1035 | B3: 1036 | C3: מבטח שמיר אחזקות בע"מ | D3: 520034125 | E3: ח.פ. | F3: מבטח שמיר | G3: IL0001270193 | H3: ISIN | I3: מניות | J3: ישראל | K3: ישראל | L3: סחיר | M3: TASE | N3: השקעה ואחזקות | O3: לא | P3: ILS | Q3: 17153 | R3: 1 | S3: 37350 | U3: 6406.645 | V3: 0.001622 | W3: 0.00303679 | X3: 0.0010265024
A4: 1035 | B4: 1036 | C4: זנלכל בע"מ | D4: 520034208 | E4: ח.פ. | F4: זנלכל | G4: IL0001300131 | H4: ISIN | I4: מניות | J4: ישראל | K4: ישראל | L4: סחיר | M4: TASE | N4: מזון | O4: לא | P4: ILS | Q4: 34133 | R4: 1 | S4: 3921 | U4: 1338.355 | V4: 0.001492 | W4: 0.00063438861 | X4: 0.00021443741
A5: 1035 | B5: 1036 | C5: להב אל.אר רילאסטייט בעמ | D5: 520034257 | E5: ח.פ. | F5: להב | G5: IL0001360101 | H5: ISIN | I5: מניות | J5: ישראל | K5: ישראל | L5: סחיר | M5: TASE | N5: השקעה ואחזקות | O5: לא | P5: ILS | Q5: 444758 | R5: 1 | S5: 1081 | U5: 4807.834 | V5: 0.001517 | W5: 0.0022789434 | X5: 0.00077033339
A6: 1035 | B6: 1036 | C6: תדאה, פיתוח טכנולוגי ואוטומציה בע"מ | D6: 520034364 | E6: ח.פ. | F6: תדאה | G6: IL0001420186 | H6: ISIN | I6: מניות | J6: ישראל | K6: ישראל | L6: סחיר | M6: TASE | N6: השקעה ואחזקות | O6: לא | P6: ILS | Q6: 16004 | R6: 1 | S6: 389.8 | U6: 62.384 | V6: 0.002447 | W6: 2.9570213e-05 | X6: 9.9953875e-06
A7: 1035 | B7: 1036 | C7: קבוצת גולד בונד בע"מ | D7: 520034349 | E7: ח.פ. | F7: גולד | G7: IL0001490130 | H7: ISIN | I7: מניות | J7: ישראל | K7: ישראל | L7: סחיר | M7: TASE | N7: שרותים | O7: לא | P7: ILS | Q7: 806 | R7: 1 | S7: 23740 | U7: 191.344 | V7: 0.000199 | W7: 9.0698443e-05 | X7: 3.0658084e-05
A8: 1035 | B8: 1036 | C8: חירון-מסחר השקעות ומבנה תעשיה בע"מ | D8: 520034216 | E8: ח.פ. | F8: חירון | G8: IL0001500110 | H8: ISIN | I8: מניות | J8: ישראל | K8: ישראל | L8: סחיר | M8: TASE | N8: השקעה ואחזקות | O8: לא | P8: ILS | Q8: 3279 | R8: 1 | S8: 249980 | U8: 8196.844 | V8: 0.00664 | W8: 0.0038853554 | X8: 0.0013133363
A9: 1035 | B9: 1036 | C9: מלם-תים בע"מ | D9: 520034620 | E9: ח.פ. | F9: מלם תים | G9: IL0001560189 | H9: ISIN | I9: מניות | J9: ישראל | K9: ישראל | L9: סחיר | M9: TASE | N9: שרותי מידע | O9: לא | P9: ILS | Q9: 22652 | R9: 1 | S9: 8180 | U9: 1852.934 | V9: 0.000867 | W9: 0.00087830212 | X9: 0.00029688559
A10: 1035 | B10: 1036 | C10: נטו מ.ע. אחזקות בע"מ | D10: 520034109 | E10: ח.פ. | F10: נטו אחזקות | G10: IL0001680136 | H10: ISIN | I10: מניות | J10: ישראל | K10: ישראל | L10: סחיר | M10: TASE | N10: מזון | O10: לא | P10: ILS | Q10: 23377 | R10: 1 | S10: 26330 | U10: 6155.164 | V10: 0.006285 | W10: 0.0029175863 | X10: 0.00098620885
A11: 1035 | B11: 1036 | C11: כלל החזקות עסקי ביטוח בע"מ | D11: 520036120 | E11: ח.פ. | F11: כלל ביטוח | G11: IL0002240146 | H11: ISIN | I11: מניות | J11: ישראל | K11: ישראל | L11: סחיר | M11: TASE | N11: ביטוח | O11: לא | P11: ILS | Q11: 209122 | R11: 1 | S11: 22200 | U11: 46425.084 | V11: 0.002589 | W11: 0.02200578 | X11: 0.0074384416
A12: 1035 | B12: 1036 | C12: מבנה נדל"ן (כ.ד) בע"מ | D12: 520024126 | E12: ח.פ. | F12: מבנה | G12: IL0002260193 | H12: ISIN | I12: מניות | J12: ישראל | K12: ישראל | L12: סחיר | M12: TASE | N12: נדל"ן מניב בישראל | O12: לא | P12: ILS | Q12: 1192163 | R12: 1 | S12: 1303 | U12: 15533.884 | V12: 0.001647 | W12: 0.0073631581 | X12: 0.0024889107
A13: 1035 | B13: 1036 | C13: בזק החברה הישראלית לתקשורת בע"מ | D13: 520031931 | E13: ח.פ. | F13: בזק | G13: IL0002300114 | H13: ISIN | I13: מניות | J13: ישראל | K13: ישראל | L13: סחיר | M13: TASE | N13: תקשורת ומדיה | O13: לא | P13: ILS | Q13: 5053178 | R13: 1 | S13: 749 | U13: 37848.303 | V13: 0.001819 | W13: 0.017940333 | X13: 0.0060642301
... A19: 1035 | B19: 1036 | C19: מפעלי פ.מ.ס. מיגון בע"מ | D19: 520037284 | E19: ח.פ. | F19: פמס | G19: IL0003150104 | H19: ISIN | I19: מניות | J19: ישראל | K19: ישראל | L19: סחיר | M19: TASE | N19: אופנה והלבשה | O19: לא | P19: ILS | Q19: 13494 | R19: 1 | S19: 26010 | U19: 3509.789 | V19: 0.001468 | W19: 0.0016636621 | X19: 0.00056235468
A20: 1035 | B20: 1036 | C20: מליסרון בע"מ | D20: 520037789 | E20: ח.פ. | F20: מליסרון | G20: IL0003230146 | H20: ISIN | I20: מניות | J20: ישראל | K20: ישראל | L20: סחיר | M20: TASE | N20: נדל"ן מניב בישראל | O20: לא | P20: ILS | Q20: 52565 | R20: 1 | S20: 40600 | T20: 99.196 | U20: 21440.586 | V20: 0.001102 | W20: 0.010162972 | X20: 0.0034353097
A21: 1035 | B21: 1036 | C21: פריורטק בע"מ | D21: 520037797 | E21: ח.פ. | F21: פריורטק | G21: IL0003280133 | H21: ISIN | I21: מניות | J21: ישראל | K21: גלובלי | L21: סחיר | M21: TASE | N21: מוליכים למחצה | O21: לא | P21: ILS | Q21: 47490 | R21: 1 | S21: 25650 | U21: 12181.185 | V21: 0.003617 | W21: 0.0057739579 | X21: 0.0019517258
A22: 1035 | B22: 1036 | C22: קבוצת פנינסולה בע"מ | D22: 520033713 | E22: ח.פ. | F22: פנינסולה | G22: IL0003330136 | H22: ISIN | I22: מניות | J22: ישראל | K22: ישראל | L22: סחיר | M22: TASE | N22: אשראי חוץ בנקאי | O22: לא | P22: ILS | Q22: 385412 | R22: 1 | S22: 268.2 | U22: 1033.675 | V22: 0.001614 | W22: 0.00048996841 | X22: 0.00016562018
A23: 1035 | B23: 1036 | C23: ח.מר תעשיות בע"מ | D23: 520037805 | E23: ח.פ. | F23: מר | G23: IL0003380123 | H23: ISIN | I23: מניות | J23: ישראל | K23: ישראל | L23: סחיר | M23: TASE | N23: חשמל | O23: לא | P23: ILS | Q23: 57414 | R23: 1 | S23: 4300 | U23: 2468.802 | V23: 0.004055 | W23: 0.0011702276 | X23: 0.00039556287
A24: 1035 | B24: 1036 | C24: חד-אסף תעשיות בע"מ | D24: 520038449 | E24: ח.פ. | F24: חד אסף תעשיות | G24: IL0003510158 | H24: ISIN | I24: מניות | J24: ישראל | K24: ישראל | L24: סחיר | M24: TASE | N24: מתכת ומוצרי בניה | O24: לא | P24: ILS | Q24: 24739 | R24: 1 | S24: 4325 | U24: 1069.962 | V24: 0.002013 | W24: 0.00050716856 | X24: 0.00017143422
A25: 1035 | B25: 1036 | C25: טלסיס בע"מ | D25: 520038100 | E25: ח.פ. | F25: טלסיס | G25: IL0003540197 | H25: ISIN | I25: מניות | J25: ישראל | K25: ארה"ב | L25: סחיר | M25: TASE | N25: אלקטרוניקה ואופטיקה | O25: לא | P25: ILS | Q25: 28393 | R25: 1 | S25: 26670 | U25: 7572.413 | V25: 0.003035 | W25: 0.0035893712 | X25: 0.001213287
A26: 1035 | B26: 1036 | C26: ארי נדל"ן(ארנה) השקעות בע"מ | D26: 520038332 | E26: ח.פ. | F26: ארי נדלן | G26: IL0003660136 | H26: ISIN | I26: מניות | J26: ישראל | K26: ישראל | L26: סחיר | M26: TASE | N26: נדל"ן מניב בישראל | O26: לא | P26: ILS | Q26: 2798444 | R26: 1 | S26: 506 | T26: 96.305 | U26: 14256.432 | V26: 0.007666 | W26: 0.0067576378 | X26: 0.0022842314
A27: 1035 | B27: 1036 | C27: וילי פוד השקעות בע"מ | D27: 520038225 | E27: ח.פ. | F27: ויליפוד | G27: IL0003710139 | H27: ISIN | I27: מניות | J27: ישראל | K27: ישראל | L27: סחיר | M27: TASE | N27: מסחר | O27: לא | P27: ILS | Q27: 65333 | R27: 1 | S27: 5678 | U27: 3709.608 | V27: 0.004909 | W27: 0.0017583773 | X27: 0.0005943705
A28: 1035 | B28: 1036 | C28: א.מ.ת. מיחשוב בע"מ | D28: 520038514 | E28: ח.פ. | F28: אמת | G28: IL0003820102 | H28: ISIN | I28: מניות | J28: ישראל | K28: ישראל | L28: סחיר | M28: TASE | N28: שרותי מידע | O28: לא | P28: ILS | Q28: 37210 | R28: 1 | S28: 701.9 | U28: 261.177 | V28: 0.000711 | W28: 0.00012379953 | X28: 4.1846985e-05
A29: 1035 | B29: 1036 | C29: אלוני-חץ נכסים והשקעות בע"מ | D29: 520038506 | E29: ח.פ. | F29: אלוני חץ | G29: IL0003900136 | H29: ISIN | I29: מניות | J29: ישראל | K29: ישראל | L29: סחיר | M29: TASE | N29: נדל"ן מניב בישראל | O29: לא | P29: ILS | Q29: 525394 | R29: 1 | S29: 3375 | T29: 131.349 | U29: 17863.396 | V29: 0.002321 | W29: 0.0084673615 | X29: 0.0028621559
A30: 1035 | B30: 1036 | C30: ראלקו סוכנויות בע"מ | D30: 520038183 | E30: ח.פ. | F30: ראלקו | G30: IL0003930174 | H30: ISIN | I30: מניות | J30: ישראל | K30: ישראל | L30: סחיר | M30: TASE | N30: מסחר | O30: לא | P30: ILS | Q30: 27733 | R30: 1 | S30: 4184 | U30: 1160.349 | V30: 0.006578 | W30: 0.00055001255 | X30: 0.00018591644
A31: 1035 | B31: 1036 | C31: רציו חיפושי נפט (1992) - שותפות מוגבלת | D31: 550012777 | E31: מספר שותפות | F31: רציו יהש | G31: IL0003940157 | H31: ISIN | I31: מניות | J31: ישראל | K31: ישראל | L31: סחיר | M31: TASE | N31: חיפושי נפט וגז | O31: לא | P31: ILS | Q31: 669098 | R31: 1 | S31: 435 | T31: 75.369 | U31: 2985.945 | V31: 0.000595 | W31: 0.0014153566 | X31: 0.00047842192
A32: 1035 | B32: 1036 | C32: אחים דוניץ בע"מ | D32: 520038605 | E32: ח.פ. | F32: דוניץ | G32: IL0004000100 | H32: ISIN | I32: מניות | J32: ישראל | K32: ישראל | L32: סחיר | M32: TASE | N32: בנייה | O32: לא | P32: ILS | Q32: 37815 | R32: 1 | S32: 22000 | U32: 8319.3 | V32: 0.00419 | W32: 0.0039434002 | X32: 0.0013329567
A33: 1035 | B33: 1036 | C33: וילאר אינטרנשיונל בע"מ | D33: 520038910 | E33: ח.פ. | F33: וילאר | G33: IL0004160169 | H33: ISIN | I33: מניות | J33: ישראל | K33: ישראל | L33: סחיר | M33: TASE | N33: נדל"ן מניב בישראל | O33: לא | P33: ILS | Q33: 30426 | R33: 1 | S33: 17550 | T33: 16.383 | U33: 5356.146 | V33: 0.00171 | W33: 0.0025388466 | X33: 0.00085818644
A34: 1035 | B34: 1036 | C34: נתנאל גרופ בע"מ | D34: 520039074 | E34: ח.פ. | F34: נתנאל גרופ | G34: IL0004210162 | H34: ISIN | I34: מניות | J34: ישראל | K34: ישראל | L34: סחיר | M34: TASE | N34: בנייה | O34: לא | P34: ILS | Q34: 61833 | R34: 1 | S34: 1065 | U34: 658.521 | V34: 0.001979 | W34: 0.00031214329 | X34: 0.00010551135
A35: 1035 | B35: 1036 | C35: צבי צרפתי השקעות ובנין (1992) בע"מ | D35: 520039090 | E35: ח.פ. | F35: צרפתי | G35: IL0004250176 | H35: ISIN | I35: מניות | J35: ישראל | K35: ישראל | L35: סחיר | M35: TASE | N35: בנייה | O35: לא | P35: ILS | Q35: 33202 | R35: 1 | S35: 4151 | U35: 1378.215 | V35: 0.00163 | W35: 0.00065328254 | X35: 0.00022082398
A36: 1035 | B36: 1036 | C36: איי.אי.אס החזקות בע"מ | D36: 520039132 | E36: ח.פ. | F36: אייאיאס תעש | G36: IL0004310152 | H36: ISIN | I36: מניות | J36: ישראל | K36: ישראל | L36: סחיר | M36: TASE | N36: נדל"ן מניב בישראל | O36: לא | P36: ILS | Q36: 23423 | R36: 1 | S36: 54890 | U36: 12856.885 | V36: 0.002273 | W36: 0.0060942438 | X36: 0.0020599895
A37: 1035 | B37: 1036 | C37: סי אי סיסטמס (ישראל) בע"מ | D37: 520039280 | E37: ח.פ. | F37: סיאי | G37: IL0004420126 | H37: ISIN | I37: מניות | J37: ישראל | K37: ישראל | L37: סחיר | M37: TASE | N37: אלקטרוניקה ואופטיקה | O37: לא | P37: ILS | Q37: 55141 | R37: 1 | S37: 4520 | U37: 2492.373 | V37: 0.004837 | W37: 0.0011814005 | X37: 0.00039933956
A38: 1035 | B38: 1036 | C38: מרדכי אביב תעשיות בניה (1973) בע"מ | D38: 520039264 | E38: ח.פ. | F38: אביב בניה | G38: IL0004440181 | H38: ISIN | I38: מניות | J38: ישראל | K38: ישראל | L38: סחיר | M38: TASE | N38: בנייה | O38: לא | P38: ILS | Q38: 13684 | R38: 1 | S38: 2224 | U38: 304.332 | V38: 0.000995 | W38: 0.00014425535 | X38: 4.8761506e-05
A39: 1035 | B39: 1036 | C39: מטריקס אי.טי בע"מ | D39: 520039413 | E39: ח.פ. | F39: מטריקס | G39: IL0004450156 | H39: ISIN | I39: מניות | J39: ישראל | K39: ישראל | L39: סחיר | M39: TASE | N39: שרותי מידע | O39: לא | P39: ILS | Q39: 63670.33 | R39: 1 | S39: 8714 | U39: 5548.233 | V39: 0.000683 | W39: 0.0026298969 | X39: 0.00088896347
A40: 1035 | B40: 1036 | C40: קבוצת גאון בע"מ | D40: 520025016 | E40: ח.פ. | F40: קבוצת גאון בע"מ | G40: IL0004540170 | H40: ISIN | I40: מניות | J40: ישראל | K40: ישראל | L40: סחיר | M40: TASE | N40: מתכת ומוצרי בניה | O40: לא | P40: ILS | Q40: 530358 | R40: 1 | S40: 1082 | U40: 5738.474 | V40: 0.011332 | W40: 0.0027200724 | X40: 0.00091944476
A41: 1035 | B41: 1036 | C41: ניו-מד אנרג'י- שותפות מוגבלת | D41: 550013098 | E41: מספר שותפות | F41: ניו-מד אנרג'י יהש | G41: IL0004750209 | H41: ISIN | I41: מניות | J41: ישראל | K41: ישראל | L41: סחיר | M41: TASE | N41: חיפושי נפט וגז | O41: לא | P41: ILS | Q41: 722325.92 | R41: 1 | S41: 1799 | U41: 12994.643 | V41: 0.000615 | W41: 0.0061595422 | X41: 0.0020820618
A42: 1035 | B42: 1036 | C42: קבוצת מיחשוב ישיר בע"מ | D42: 520040007 | E42: ח.פ. | F42: מחשוב ישיר קבוצה | G42: IL0005070128 | H42: ISIN | I42: מניות | J42: ישראל | K42: ישראל | L42: סחיר | M42: TASE | N42: שרותי מידע | O42: לא | P42: ILS | Q42: 31915 | R42: 1 | S42: 31200 | U42: 9957.48 | V42: 0.006875 | W42: 0.0047199078 | X42: 0.0015954335
A43: 1035 | B43: 1036 | C43: כפרית תעשיות (1993) בע"מ | D43: 520038787 | E43: ח.פ. | F43: כפרית | G43: IL0005220111 | H43: ISIN | I43: מניות | J43: ישראל | K43: ישראל | L43: סחיר | M43: TASE | N43: כימיה, גומי ופלסטיק | O43: לא | P43: ILS | Q43: 118916 | R43: 1 | S43: 2899 | U43: 3447.375 | V43: 0.004931 | W43: 0.0016340772 | X43: 0.00055235433
A44: 1035 | B44: 1036 | C44: רבד בע"מ | D44: 520040148 | E44: ח.פ. | F44: רבד | G44: IL0005260125 | H44: ISIN | I44: מניות | J44: ישראל | K44: ישראל | L44: סחיר | M44: TASE | N44: נדל"ן מניב בישראל | O44: לא | P44: ILS | Q44: 172828 | R44: 1 | S44: 662.4 | U44: 1144.813 | V44: 0.006466 | W44: 0.00054264837 | X44: 0.00018342718
A45: 1035 | B45: 1036 | C45: גן שמואל מזון בע"מ | D45: 520039934 | E45: ח.פ. | F45: גן שמואל | G45: IL0005320101 | H45: ISIN | I45: מניות | J45: ישראל | K45: ישראל | L45: סחיר | M45: TASE | N45: מזון | O45: לא | P45: ILS | Q45: 62965 | R45: 1 | S45: 2775 | U45: 1747.279 | V45: 0.003974 | W45: 0.00082822106 | X45: 0.00027995708
A46: 1035 | B46: 1036 | C46: מנורה מבטחים החזקות בע"מ | D46: 520007469 | E46: ח.פ. | F46: מנורה מבטחים החזקות | G46: IL0005660183 | H46: ISIN | I46: מניות | J46: ישראל | K46: ישראל | L46: סחיר | M46: TASE | N46: ביטוח | O46: לא | P46: ILS | Q46: 35883 | R46: 1 | S46: 45370 | U46: 16280.117 | V46: 0.000567 | W46: 0.0077168774 | X46: 0.0026084756
A47: 1035 | B47: 1036 | C47: משולם לוינשטין הנדסה וקבלנות בע"מ | D47: 520033424 | E47: ח.פ. | F47: לוינשטין | G47: IL0005730143 | H47: ISIN | I47: מניות | J47: ישראל | K47: ישראל | L47: סחיר | M47: TASE | N47: בנייה | O47: לא | P47: ILS | Q47: 22293 | R47: 1 | S47: 47500 | T47: 66.879 | U47: 10656.054 | V47: 0.002908 | W47: 0.0050510363 | X47: 0.0017073622
A48: 1035 | B48: 1036 | C48: החברה לישראל בע"מ | D48: 520028010 | E48: ח.פ. | F48: חברה לישראל | G48: IL0005760173 | H48: ISIN | I48: מניות | J48: ישראל | K48: ישראל | L48: סחיר | M48: TASE | N48: כימיה, גומי ופלסטיק | O48: לא | P48: ILS | Q48: 28145 | R48: 1 | S48: 87870 | U48: 24731.012 | V48: 0.003653 | W48: 0.011722654 | X48: 0.003962517
A49: 1035 | B49: 1036 | C49: הראל השקעות בביטוח ושרותים פיננסים בע"מ | D49: 520033986 | E49: ח.פ. | F49: הראל השקעות | G49: IL0005850180 | H49: ISIN | I49: מניות | J49: ישראל | K49: ישראל | L49: סחיר | M49: TASE | N49: ביטוח | O49: לא | P49: ILS | Q49: 62600 | R49: 1 | S49: 17410 | U49: 10898.66 | V49: 0.000276 | W49: 0.005166033 | X49: 0.0017462337
A50: 1035 | B50: 1036 | C50: בנק לאומי לישראל בע"מ | D50: 520018078 | E50: ח.פ. | F50: לאומי | G50: IL0006046119 | H50: ISIN | I50: מניות | J50: ישראל | K50: ישראל | L50: סחיר | M50: TASE | N50: בנקים | O50: לא | P50: ILS | Q50: 1673110 | R50: 1 | S50: 6979 | U50: 116766.35 | V50: 0.001035 | W50: 0.055347979 | X50: 0.018708844
A51: 1035 | B51: 1036 | C51: קרור אחזקות בע"מ | D51: 520001546 | E51: ח.פ. | F51: קרור 1 | G51: IL0006210111 | H51: ISIN | I51: מניות | J51: ישראל | K51: ישראל | L51: סחיר | M51: TASE | N51: מזון | O51: לא | P51: ILS | Q51: 14742 | R51: 1 | S51: 8575 | T51: 58.604 | U51: 1322.731 | V51: 0.001172 | W51: 0.00062698276 | X51: 0.00021193407
A52: 1035 | B52: 1036 | C52: טבע תעשיות פרמצבטיות בע"מ | D52: 520013954 | E52: ח.פ. | F52: טבע | G52: IL0006290147 | H52: ISIN | I52: מניות | J52: ישראל | K52: ארה"ב | L52: סחיר | M52: TASE | N52: פארמה | O52: לא | P52: ILS | Q52: 303527 | R52: 1 | S52: 9239 | U52: 28042.86 | V52: 0.000239 | W52: 0.013292491 | X52: 0.0044931566
A53: 1035 | B53: 1036 | C53: לפידות קפיטל בעמ | D53: 520022971 | E53: ח.פ. | F53: לפידות קפיטל | G53: IL0006420173 | H53: ISIN | I53: מניות | J53: ישראל | K53: ישראל | L53: סחיר | M53: TASE | N53: השקעה ואחזקות | O53: לא | P53: ILS | Q53: 262695 | R53: 1 | S53: 8898 | U53: 23374.601 | V53: 0.004085 | W53: 0.011079707 | X53: 0.0037451866
A54: 1035 | B54: 1036 | C54: פלרם (1990) תעשיות בע"מ | D54: 520039843 | E54: ח.פ. | F54: פלרם | G54: IL0006440130 | H54: ISIN | I54: מניות | J54: ישראל | K54: ישראל | L54: סחיר | M54: TASE | N54: כימיה, גומי ופלסטיק | O54: לא | P54: ILS | Q54: 6418 | R54: 1 | S54: 4985 | U54: 319.937 | V54: 0.000249 | W54: 0.00015165228 | X54: 5.1261833e-05
A55: 1035 | B55: 1036 | C55: ניסן תעשיות רפואיות בע"מ | D55: 520040940 | E55: ח.פ. | F55: ניסן | G55: IL0006600196 | H55: ISIN | I55: מניות | J55: ישראל | K55: ישראל | L55: סחיר | M55: TASE | N55: עץ, נייר ודפוס | O55: לא | P55: ILS | Q55: 90288 | R55: 1 | S55: 877.6 | U55: 792.367 | V55: 0.009657 | W55: 0.00037558715 | X55: 0.00012695678
A56: 1035 | B56: 1036 | C56: בנק הפועלים בע"מ | D56: 520000118 | E56: ח.פ. | F56: פועלים | G56: IL0006625771 | H56: ISIN | I56: מניות | J56: ישראל | K56: ישראל | L56: סחיר | M56: TASE | N56: בנקים | O56: לא | P56: ILS | Q56: 1539837 | R56: 1 | S56: 7332 | U56: 112900.85 | V56: 0.001151 | W56: 0.053515709 | X56: 0.018089496
A57: 1035 | B57: 1036 | C57: מהדרין בע"מ | D57: 520018482 | E57: ח.פ. | F57: מהדרין | G57: IL0006860147 | H57: ISIN | I57: מניות | J57: ישראל | K57: ישראל | L57: סחיר | M57: TASE | N57: מזון | O57: לא | P57: ILS | Q57: 1534 | R57: 1 | S57: 29990 | U57: 460.047 | V57: 0.000446 | W57: 0.00021806497 | X57: 7.3710793e-05
A58: 1035 | B58: 1036 | C58: בנק דיסקונט לישראל בע"מ | D58: 520007030 | E58: ח.פ. | F58: דיסקונט | G58: IL0006912120 | H58: ISIN | I58: מניות | J58: ישראל | K58: ישראל | L58: סחיר | M58: TASE | N58: בנקים | O58: לא | P58: ILS | Q58: 1025411 | R58: 1 | S58: 3148 | T58: 358.711 | U58: 32638.649 | V58: 0.000828 | W58: 0.015470924 | X58: 0.0052295152
A59: 1035 | B59: 1036 | C59: אלקו בע"מ | D59: 520025370 | E59: ח.פ. | F59: אלקו החזקות | G59: IL0006940345 | H59: ISIN | I59: מניות | J59: ישראל | K59: ישראל | L59: סחיר | M59: TASE | N59: השקעה ואחזקות | O59: לא | P59: ILS | Q59: 139132 | R59: 1 | S59: 13200 | U59: 18365.424 | V59: 0.004016 | W59: 0.0087053259 | X59: 0.0029425931
A60: 1035 | B60: 1036 | C60: בנק מזרחי טפחות בע"מ | D60: 520000522 | E60: ח.פ. | F60: מזרחי טפחות | G60: IL0006954379 | H60: ISIN | I60: מניות | J60: ישראל | K60: ישראל | L60: סחיר | M60: TASE | N60: בנקים | O60: לא | P60: ILS | Q60: 93275 | R60: 1 | S60: 22780 | U60: 21248.045 | V60: 0.000359 | W60: 0.010071706 | X60: 0.00340446
A61: 1035 | B61: 1036 | C61: אנלייט אנרגיה מתחדשת בע"מ | D61: 520041146 | E61: ח.פ. | F61: אנלייט אנרגיה | G61: IL0007200111 | H61: ISIN | I61: מניות | J61: ישראל | K61: ארה"ב | L61: סחיר | M61: TASE | N61: אנרגיה מתחדשת | O61: לא | P61: ILS | Q61: 435475.8 | R61: 1 | S61: 20930 | U61: 91145.085 | V61: 0.003137 | W61: 0.04320334 | X61: 0.014603687
A62: 1035 | B62: 1036 | C62: צור שמיר אחזקות בע"מ | D62: 520025586 | E62: ח.פ. | F62: צור | G62: IL0007300101 | H62: ISIN | I62: מניות | J62: ישראל | K62: ישראל | L62: סחיר | M62: TASE | N62: השקעה ואחזקות | O62: לא | P62: ILS | Q62: 109364 | R62: 1 | S62: 1091 | U62: 1193.161 | V62: 0.00168 | W62: 0.00056556589 | X62: 0.00019117381
A63: 1035 | B63: 1036 | C63: מלם-תים אחזקות בע"מ | D63: 520025198 | E63: ח.פ. | F63: מלם-תים אחזקות | G63: IL0007310183 | H63: ISIN | I63: מניות | J63: ישראל | K63: ישראל | L63: סחיר | M63: TASE | N63: שרותי מידע | O63: לא | P63: ILS | Q63: 46040 | R63: 1 | S63: 14960 | U63: 6887.584 | V63: 0.005975 | W63: 0.0032647579 | X63: 0.0011035605
A64: 1035 | B64: 1036 | C64: אלקטרה בע"מ | D64: 520028911 | E64: ח.פ. | F64: אלקטרה | G64: IL0007390375 | H64: ISIN | I64: מניות | J64: ישראל | K64: ישראל | L64: סחיר | M64: TASE | N64: השקעה ואחזקות | O64: לא | P64: ILS | Q64: 39759 | R64: 1 | S64: 8966 | U64: 3564.792 | V64: 0.000488 | W64: 0.0016897337 | X64: 0.00057116744
A65: 1035 | B65: 1036 | C65: שטראוס גרופ בע"מ | D65: 520003781 | E65: ח.פ. | F65: שטראוס | G65: IL0007460160 | H65: ISIN | I65: מניות | J65: ישראל | K65: ישראל | L65: סחיר | M65: TASE | N65: מזון | O65: לא | P65: ILS | Q65: 298400 | R65: 1 | S65: 13820 | U65: 41238.88 | V65: 0.002531 | W65: 0.019547487 | X65: 0.006607484
A66: 1035 | B66: 1036 | C66: לודזיה רוטקס השקעות בע"מ | D66: 520000779 | E66: ח.פ. | F66: לודזיה | G66: IL0007530129 | H66: ISIN | I66: מניות | J66: ישראל | K66: ישראל | L66: סחיר | M66: TASE | N66: נדל"ן מניב בחו"ל | O66: לא | P66: ILS | Q66: 19056 | R66: 1 | S66: 2338 | U66: 445.529 | V66: 0.004306 | W66: 0.00021118367 | X66: 7.1384761e-05
A67: 1035 | B67: 1036 | C67: אקויטל בע"מ | D67: 520030859 | E67: ח.פ. | F67: אקויטל | G67: IL0007550176 | H67: ISIN | I67: מניות | J67: ישראל | K67: ישראל | L67: סחיר | M67: TASE | N67: השקעה ואחזקות | O67: לא | P67: ILS | Q67: 46262 | R67: 1 | S67: 13320 | U67: 6162.098 | V67: 0.001254 | W67: 0.0029208732 | X67: 0.00098731989
A68: 1035 | B68: 1036 | C68: חברת גב-ים לקרקעות בע"מ | D68: 520001736 | E68: ח.פ. | F68: גב ים | G68: IL0007590198 | H68: ISIN | I68: מניות | J68: ישראל | K68: ישראל | L68: סחיר | M68: TASE | N68: נדל"ן מניב בישראל | O68: לא | P68: ILS | Q68: 96046 | R68: 1 | S68: 3584 | U68: 3442.289 | V68: 0.000436 | W68: 0.0016316664 | X68: 0.0005515394
A69: 1035 | B69: 1036 | C69: פ.י.ב.י. אחזקות בע"מ | D69: 520029026 | E69: ח.פ. | F69: פיבי | G69: IL0007630119 | H69: ISIN | I69: מניות | J69: ישראל | K69: ישראל | L69: סחיר | M69: TASE | N69: בנקים | O69: לא | P69: ILS | Q69: 124808 | R69: 1 | S69: 30170 | U69: 37654.574 | V69: 0.00352 | W69: 0.017848503 | X69: 0.0060331899
A70: 1035 | B70: 1036 | C70: רפק תקשורת ותשתיות בע"מ | D70: 520029505 | E70: ח.פ. | F70: רפק | G70: IL0007690261 | H70: ISIN | I70: מניות | J70: ישראל | K70: ישראל | L70: סחיר | M70: TASE | N70: השקעה ואחזקות | O70: לא | P70: ILS | Q70: 71308 | R70: 1 | S70: 8167 | U70: 5823.724 | V70: 0.004313 | W70: 0.0027604818 | X70: 0.00093310404
... A74: 1035 | B74: 1036 | C74: דלק מערכות רכב בע"מ | D74: 520033291 | E74: ח.פ. | F74: דלק רכב | G74: IL0008290103 | H74: ISIN | I74: מניות | J74: ישראל | K74: ישראל | L74: סחיר | M74: TASE | N74: מסחר | O74: לא | P74: ILS | Q74: 21251 | R74: 1 | S74: 2020 | U74: 429.27 | V74: 0.000219 | W74: 0.00020347676 | X74: 6.8779656e-05
A75: 1035 | B75: 1036 | C75: אנליסט אי.אמ.אס.-שרותי ניהול השקעות בע"מ | D75: 511146490 | E75: ח.פ. | F75: אנליסט | G75: IL0010806136 | H75: ISIN | I75: מניות | J75: ישראל | K75: ישראל | L75: סחיר | M75: TASE | N75: שרותים פיננסיים | O75: לא | P75: ILS | Q75: 46161 | R75: 1 | S75: 12260 | T75: 138.483 | U75: 5797.822 | V75: 0.00305 | W75: 0.0027482037 | X75: 0.00092895378
A76: 1035 | B76: 1036 | C76: אילקס מדיקל בע"מ | D76: 520042219 | E76: ח.פ. | F76: אילקס מדיקל | G76: IL0010807530 | H76: ISIN | I76: מניות | J76: ישראל | K76: ישראל | L76: סחיר | M76: TASE | N76: מסחר | O76: לא | P76: ILS | Q76: 17214 | R76: 1 | S76: 6122 | U76: 1053.841 | V76: 0.001526 | W76: 0.00049952726 | X76: 0.00016885129
A77: 1035 | B77: 1036 | C77: שניב תעשיות נייר בע"מ | D77: 520041732 | E77: ח.פ. | F77: שניב | G77: IL0010808371 | H77: ISIN | I77: מניות | J77: ישראל | K77: ישראל | L77: סחיר | M77: TASE | N77: עץ, נייר ודפוס | O77: לא | P77: ILS | Q77: 250841 | R77: 1 | S77: 921.2 | U77: 2310.747 | V77: 0.003928 | W77: 0.0010953087 | X77: 0.00037023861
A78: 1035 | B78: 1036 | C78: ישרוטל בע"מ | D78: 520042482 | E78: ח.פ. | F78: ישרוטל | G78: IL0010809858 | H78: ISIN | I78: מניות | J78: ישראל | K78: ישראל | L78: סחיר | M78: TASE | N78: מלונאות ותיירות | O78: לא | P78: ILS | Q78: 22979 | R78: 1 | S78: 14750 | U78: 3389.403 | V78: 0.000383 | W78: 0.001606598 | X78: 0.00054306574
A79: 1035 | B79: 1036 | C79: רקח תעשיה פרמצבטית בע"מ | D79: 520042003 | E79: ח.פ. | F79: רקח | G79: IL0010810096 | H79: ISIN | I79: מניות | J79: ישראל | K79: ישראל | L79: סחיר | M79: TASE | N79: פארמה | O79: לא | P79: ILS | Q79: 18102 | R79: 1 | S79: 1170 | U79: 211.793 | V79: 0.001571 | W79: 0.0001003914 | X79: 3.3934518e-05
A80: 1035 | B80: 1036 | C80: אלביט מערכות בע"מ | D80: 520043027 | E80: ח.פ. | F80: אלביט מערכות | G80: IL0010811243 | H80: ISIN | I80: מניות | J80: ישראל | K80: ישראל | L80: סחיר | M80: TASE | N80: ביטחוניות | O80: לא | P80: ILS | Q80: 19677 | R80: 1 | S80: 263700 | U80: 51888.249 | V80: 0.000423 | W80: 0.024595355 | X80: 0.0083137751
A81: 1035 | B81: 1036 | C81: מגדל אחזקות ביטוח ופיננסים בע"מ | D81: 520029984 | E81: ח.פ. | F81: מגדל ביטוח | G81: IL0010811656 | H81: ISIN | I81: מניות | J81: ישראל | K81: ישראל | L81: סחיר | M81: TASE | N81: ביטוח | O81: לא | P81: ILS | Q81: 4771798 | R81: 1 | S81: 1650 | U81: 78734.667 | V81: 0.00451 | W81: 0.037320725 | X81: 0.012615232
A82: 1035 | B82: 1036 | C82: סאמיט אחזקות נדל"ן בע"מ | D82: 520043720 | E82: ח.פ. | F82: סאמיט | G82: IL0010816861 | H82: ISIN | I82: מניות | J82: ישראל | K82: גלובלי | L82: סחיר | M82: TASE | N82: נדל"ן מניב בחו"ל | O82: לא | P82: ILS | Q82: 107811 | R82: 1 | S82: 5400 | U82: 5821.794 | V82: 0.001457 | W82: 0.0027595668 | X82: 0.00093279475
A83: 1035 | B83: 1036 | C83: מיטב דש השקעות בע"מ | D83: 520043795 | E83: ח.פ. | F83: מיטב דש | G83: IL0010818438 | H83: ISIN | I83: מניות | J83: ישראל | K83: ישראל | L83: סחיר | M83: TASE | N83: שרותים פיננסיים | O83: לא | P83: ILS | Q83: 48847 | R83: 1 | S83: 11010 | T83: 34.193 | U83: 5412.248 | V83: 0.000559 | W83: 0.0025654392 | X83: 0.00086717533
A84: 1035 | B84: 1036 | C84: שיכון ובינוי בע"מ | D84: 520036104 | E84: ח.פ. | F84: שיכון ובינוי | G84: IL0010819428 | H84: ISIN | I84: מניות | J84: ישראל | K84: ישראל | L84: סחיר | M84: TASE | N84: בנייה | O84: לא | P84: ILS | Q84: 2506 | R84: 1 | S84: 1642 | U84: 41.149 | V84: 4e-06 | W84: 1.9504656e-05 | X84: 6.5930061e-06
A85: 1035 | B85: 1036 | C85: סאני תקשורת סלולרית בע"מ | D85: 520031808 | E85: ח.פ. | F85: סאני תקשורת | G85: IL0010823537 | H85: ISIN | I85: מניות | J85: ישראל | K85: ישראל | L85: סחיר | M85: TASE | N85: מסחר | O85: לא | P85: ILS | Q85: 1471249 | R85: 1 | S85: 133.5 | U85: 1964.117 | V85: 0.006701 | W85: 0.00093100394 | X85: 0.00031469997
A86: 1035 | B86: 1036 | C86: טאואר סמיקונדקטור בע"מ | D86: 520041997 | E86: ח.פ. | F86: טאואר | G86: IL0010823792 | H86: ISIN | I86: מניות | J86: ישראל | K86: גלובלי | L86: סחיר | M86: TASE | N86: מוליכים למחצה | O86: לא | P86: ILS | Q86: 100386 | R86: 1 | S86: 53870 | U86: 54077.938 | V86: 0.000889 | W86: 0.025633281 | X86: 0.0086646173
A87: 1035 | B87: 1036 | C87: גילת רשתות לווין בע"מ | D87: 520038936 | E87: ח.פ. | F87: גילת | G87: IL0010825102 | H87: ISIN | I87: מניות | J87: ישראל | K87: ארה"ב | L87: סחיר | M87: TASE | N87: ציוד תקשורת | O87: לא | P87: ILS | Q87: 294780 | R87: 1 | S87: 4670 | U87: 13766.226 | V87: 0.003967 | W87: 0.0065252772 | X87: 0.0022056884
A88: 1035 | B88: 1036 | C88: תפרון בע"מ | D88: 520043407 | E88: ח.פ. | F88: תפרון | G88: IL0010825854 | H88: ISIN | I88: מניות | J88: ישראל | K88: ישראל | L88: סחיר | M88: TASE | N88: אופנה והלבשה | O88: לא | P88: ILS | Q88: 38304 | R88: 1 | S88: 1392 | U88: 533.192 | V88: 0.002979 | W88: 0.00025273619 | X88: 8.5430436e-05
A89: 1035 | B89: 1036 | C89: אלומיי קפיטל בע"מ | D89: 520039868 | E89: ח.פ. | F89: אלומיי קפיטל | G89: IL0010826357 | H89: ISIN | I89: מניות | J89: ישראל | K89: ישראל | L89: סחיר | M89: TASE | N89: אנרגיה מתחדשת | O89: לא | P89: ILS | Q89: 64742 | R89: 1 | S89: 7839 | U89: 5075.125 | V89: 0.004611 | W89: 0.0024056412 | X89: 0.00081316005
A90: 1035 | B90: 1036 | C90: תאת טכנולוגיות בע"מ | D90: 520035791 | E90: ח.פ. | F90: תאת טכנולוגיות | G90: IL0010827264 | H90: ISIN | I90: מניות | J90: ישראל | K90: גלובלי | L90: סחיר | M90: TASE | N90: חשמל | O90: לא | P90: ILS | Q90: 5619 | R90: 1 | S90: 12420 | U90: 697.88 | V90: 0.000424 | W90: 0.00033079939 | X90: 0.00011181753
A91: 1035 | B91: 1036 | C91: ג.ויליפוד אינטרנשיונל בע"מ (דואלי) | D91: 520043209 | E91: ח.פ. | F91: ויליפוד אינטרנשיונל | G91: IL0010828585 | H91: ISIN | I91: מניות | J91: ישראל | K91: ישראל | L91: סחיר | M91: TASE | N91: מסחר | O91: לא | P91: ILS | Q91: 51348 | R91: 1 | S91: 8063 | U91: 4140.189 | V91: 0.003686 | W91: 0.0019624756 | X91: 0.00066336026
A92: 1035 | B92: 1036 | C92: אודיוקודס בע"מ | D92: 520044132 | E92: ח.פ. | F92: אודיוקודס | G92: IL0010829658 | H92: ISIN | I92: מניות | J92: ישראל | K92: גלובלי | L92: סחיר | M92: TASE | N92: ציוד תקשורת | O92: לא | P92: ILS | Q92: 30064 | R92: 1 | S92: 2632 | U92: 791.284 | V92: 0.000459 | W92: 0.00037507379 | X92: 0.00012678326
A93: 1035 | B93: 1036 | C93: חברת פרטנר תקשורת בע"מ | D93: 520044314 | E93: ח.פ. | F93: פרטנר | G93: IL0010834849 | H93: ISIN | I93: מניות | J93: ישראל | K93: ישראל | L93: סחיר | M93: TASE | N93: תקשורת ומדיה | O93: לא | P93: ILS | Q93: 258424 | R93: 1 | S93: 3509 | U93: 9068.098 | V93: 0.001344 | W93: 0.0042983353 | X93: 0.0014529326
A94: 1035 | B94: 1036 | C94: קווליטאו בע"מ | D94: 511896540 | E94: ח.פ. | F94: קווליטאו | G94: IL0010839558 | H94: ISIN | I94: מניות | J94: ישראל | K94: ארה"ב | L94: סחיר | M94: TASE | N94: מוליכים למחצה | O94: לא | P94: ILS | Q94: 94190 | R94: 1 | S94: 52120 | U94: 49091.828 | V94: 0.019022 | W94: 0.023269834 | X94: 0.0078657196
A95: 1035 | B95: 1036 | C95: נובה בע"מ | D95: 511812463 | E95: ח.פ. | F95: נובה | G95: IL0010845571 | H95: ISIN | I95: מניות | J95: ישראל | K95: גלובלי | L95: סחיר | M95: TASE | N95: מוליכים למחצה | O95: לא | P95: ILS | Q95: 14754 | R95: 1 | S95: 135650 | U95: 20013.801 | V95: 0.000483 | W95: 0.0094866669 | X95: 0.0032067037
A96: 1035 | B96: 1036 | C96: חילן בע"מ | D96: 520039942 | E96: ח.פ. | F96: חילן | G96: IL0010846983 | H96: ISIN | I96: מניות | J96: ישראל | K96: ישראל | L96: סחיר | M96: TASE | N96: שרותי מידע | O96: לא | P96: ILS | Q96: 7280 | R96: 1 | S96: 19400 | T96: 14.56 | U96: 1426.88 | V96: 0.000317 | W96: 0.00067635005 | X96: 0.00022862131
A97: 1035 | B97: 1036 | C97: סינאל מלל פייווי בע"מ | D97: 511416612 | E97: ח.פ. | F97: סינאל | G97: IL0010849532 | H97: ISIN | I97: מניות | J97: ישראל | K97: ישראל | L97: סחיר | M97: TASE | N97: תוכנה ואינטרנט | O97: לא | P97: ILS | Q97: 2062 | R97: 1 | S97: 1800 | U97: 37.116 | V97: 0.000362 | W97: 1.7593216e-05 | X97: 5.9468971e-06
A98: 1035 | B98: 1036 | C98: ארן מחקר ופיתוח (1982) בע"מ | D98: 510959596 | E98: ח.פ. | F98: ארן | G98: IL0010852650 | H98: ISIN | I98: מניות | J98: ישראל | K98: ישראל | L98: סחיר | M98: TASE | N98: שרותים | O98: לא | P98: ILS | Q98: 82219 | R98: 1 | S98: 3803 | U98: 3126.789 | V98: 0.016829 | W98: 0.0014821173 | X98: 0.00050098852
A99: 1035 | B99: 1036 | C99: או.אר.טי.טכנולוגיות בע"מ | D99: 513057588 | E99: ח.פ. | F99: או.אר.טי | G99: IL0010862303 | H99: ISIN | I99: מניות | J99: ישראל | K99: ישראל | L99: סחיר | M99: TASE | N99: השקעות בהייטק | O99: לא | P99: ILS | Q99: 7048 | R99: 1 | S99: 881.3 | U99: 62.114 | V99: 0.001235 | W99: 2.9442436e-05 | X99: 9.9521961e-06
A100: 1035 | B100: 1036 | C100: פוקס-ויזל בע"מ | D100: 512157603 | E100: ח.פ. | F100: פוקס- ויזל | G100: IL0010870223 | H100: ISIN | I100: מניות | J100: ישראל | K100: ישראל | L100: סחיר | M100: TASE | N100: רשתות שיווק | O100: לא | P100: ILS | Q100: 27604 | R100: 1 | S100: 27100 | U100: 7480.684 | V100: 0.001985 | W100: 0.003545891 | X100: 0.0011985898
A101: 1035 | B101: 1036 | C101: נ.ר. ספאנטק תעשיות בע"מ | D101: 512288713 | E101: ח.פ. | F101: ספאנטק | G101: IL0010901176 | H101: ISIN | I101: מניות | J101: ישראל | K101: ישראל | L101: סחיר | M101: TASE | N101: עץ, נייר ודפוס | O101: לא | P101: ILS | Q101: 401046 | R101: 1 | S101: 275.3 | U101: 1104.08 | V101: 0.006039 | W101: 0.00052334066 | X101: 0.00017690074
A102: 1035 | B102: 1036 | C102: י.ח.דמרי בניה ופיתוח בע"מ | D102: 511399388 | E102: ח.פ. | F102: דמרי | G102: IL0010903156 | H102: ISIN | I102: מניות | J102: ישראל | K102: ישראל | L102: סחיר | M102: TASE | N102: בנייה | O102: לא | P102: ILS | Q102: 38145 | R102: 1 | S102: 42240 | U102: 16112.448 | V102: 0.001723 | W102: 0.0076374012 | X102: 0.0025816109
A103: 1035 | B103: 1036 | C103: רם-און השקעות והחזקות (1999) בע"מ | D103: 512776964 | E103: ח.פ. | F103: רם-און | G103: IL0010909435 | H103: ISIN | I103: מניות | J103: ישראל | K103: ישראל | L103: סחיר | M103: TASE | N103: כימיה, גומי ופלסטיק | O103: לא | P103: ILS | Q103: 242174 | R103: 1 | S103: 1101 | U103: 2666.336 | V103: 0.014059 | W103: 0.0012638598 | X103: 0.00042721264
A104: 1035 | B104: 1036 | C104: מיטרוניקס בע"מ | D104: 511527202 | E104: ח.פ. | F104: מיטרוניקס | G104: IL0010910656 | H104: ISIN | I104: מניות | J104: ישראל | K104: ארה"ב | L104: סחיר | M104: TASE | N104: רובוטיקה ותלת מימד | O104: לא | P104: ILS | Q104: 110741 | R104: 1 | S104: 318 | U104: 352.156 | V104: 0.001008 | W104: 0.00016692433 | X104: 5.6424123e-05
A105: 1035 | B105: 1036 | C105: לפידות-חלץ - שותפות מוגבלת | D105: 550217129 | E105: ח.פ. | F105: לפידות חלץ יהש | G105: IL0010912488 | H105: ISIN | I105: מניות | J105: ישראל | K105: ישראל | L105: סחיר | M105: TASE | N105: חיפושי נפט וגז | O105: לא | P105: ILS | Q105: 459533 | R105: 1 | S105: 139 | U105: 638.751 | V105: 0.006554 | W105: 0.00030277191 | X105: 0.00010234362
A106: 1035 | B106: 1036 | C106: אפי נכסים בע"מ | D106: 510560188 | E106: ח.פ. | F106: אפי נכסים | G106: IL0010913544 | H106: ISIN | I106: מניות | J106: ישראל | K106: ישראל | L106: סחיר | M106: TASE | N106: נדל"ן מניב בחו"ל | O106: לא | P106: ILS | Q106: 35540 | R106: 1 | S106: 21770 | U106: 7737.058 | V106: 0.000858 | W106: 0.0036674139 | X106: 0.0012396672
A107: 1035 | B107: 1036 | C107: ארד בע"מ | D107: 510007800 | E107: ח.פ. | F107: ארד | G107: IL0010916513 | H107: ISIN | I107: מניות | J107: ישראל | K107: גלובלי | L107: סחיר | M107: TASE | N107: אלקטרוניקה ואופטיקה | O107: לא | P107: ILS | Q107: 59385 | R107: 1 | S107: 4499 | U107: 2671.731 | V107: 0.002401 | W107: 0.0012664173 | X107: 0.00042807712
A108: 1035 | B108: 1036 | C108: פי.סי.בי. טכנולוגיות בע"מ | D108: 511888356 | E108: ח.פ. | F108: פיסיבי טכנולוגיות | G108: IL0010916851 | H108: ISIN | I108: מניות | J108: ישראל | K108: ישראל | L108: סחיר | M108: TASE | N108: אלקטרוניקה ואופטיקה | O108: לא | P108: ILS | Q108: 511069 | R108: 1 | S108: 1680 | U108: 8585.959 | V108: 0.007001 | W108: 0.0040697984 | X108: 0.0013756821
...

Sheet קרנות סל
A1: מספר קופה/קרן/ח.פ. עבור חברת ביטוח | B1: מספר מסלול | C1: שם מנפיק | D1: מספר מנפיק | E1: סוג מספר מזהה מנפיק | F1: שם נייר ערך | G1: מספר נייר ערך | H1: סוג מספר נייר ערך | I1: מאפיין עיקרי | J1: ישראל/חו"ל | K1: מדינה לפי חשיפה כלכלית | L1: זירת מסחר | M1: סיווג הקרן | N1: בעל עניין/צד קשור | O1: מטבע פעילות | P1: ערך נקוב (יחידות) | Q1: שער חליפין | R1: שער נייר הערך | S1: סכום לקבל (במטבע הפעילות) | T1: שווי הוגן (באלפי ש"ח) | U1: שיעור מערך נקוב מונפק | V1: שיעור מנכסי אפיק ההשקעה | W1: שיעור מסך נכסי ההשקעה
A2: 1035 | B2: 1036 | C2: קסם קרנות נאמנות בע"מ | D2: 510938608 | E2: ח.פ. | F2: קסם MSCI India (!)(4D) ETF | G2: IL0011457475 | H2: ISIN | I2: עוקב אחר מדדי מניות בחו"ל | J2: ישראל | K2: אסיה | L2: TASE | M2: CNX NIFTY - מניות בחו"ל - מניות גיאוגרפי - חשופת מט"ח-אסיה הודו | N2: לא | O2: ILS | P2: 270570 | Q2: 1 | R2: 7182 | T2: 19432.337 | U2: 0.02464 | V2: 0.062901827 | W2: 0.0031135389
A3: 1035 | B3: 1036 | C3: מגדל קרנות נאמנות בע"מ | D3: 511303661 | E3: ח.פ. | F3: MTF סל (S&P 500 (4D | G3: IL0011503336 | H3: ISIN | I3: עוקב אחר מדדי מניות בחו"ל | J3: ישראל | K3: ארה"ב | L3: TASE | M3: S&P 500 - מניות בחו"ל - מניות גיאוגרפי - חשופת מט"ח-ארה"ב | N3: לא | O3: ILS | P3: 54000 | Q3: 1 | R3: 8788 | T3: 4745.52 | U3: 0.000619 | V3: 0.01536109 | W3: 0.00076034915
A4: 1035 | B4: 1036 | C4: BlackRock Asset Managment | D4: 549300LRIF3NWCU26A80 | E4: LEI | F4: Ishares S&P500 Swap Ucits | G4: IE00BMTX1Y45 | H4: ISIN | I4: עוקב אחר מדדי מניות בחו"ל | J4: חו"ל | K4: ארה"ב | L4: אחר | M4: S&P 500 - מניות בחו"ל - מניות גיאוגרפי - חשופת מט"ח-ארה"ב | N4: לא | O4: USD | P4: 1248900 | Q4: 3.165 | R4: 1073.54 | T4: 42434.551 | U4: 0.001761 | V4: 0.13735922 | W4: 0.0067990599
A5: 1035 | B5: 1036 | C5: Amundi Asset Management | D5: 213800VZW861M5FHMD50 | E5: LEI | F5: NASD LN Equity | G5: LU1829221024 | H5: ISIN | I5: עוקב אחר מדדי מניות בחו"ל | J5: חו"ל | K5: ארה"ב | L5: LSE | M5: NASDAQ 100 - מניות בחו"ל - מניות גיאוגרפי - חשופת מט"ח-ארה"ב | N5: לא | O5: USD | P5: 74834 | Q5: 3.165 | R5: 9475 | T5: 22441.501 | U5: 6.1e-05 | V5: 0.072642387 | W5: 0.003595681
A6: 1035 | B6: 1036 | C6: Amundi Asset Management | D6: 213800VZW861M5FHMD50 | E6: LEI | F6: AMUNDI MSCI EMII | G6: LU2573967036 | H6: ISIN | I6: עוקב אחר מדדי מניות בחו"ל | J6: חו"ל | K6: Emerging Markets - Europe, Middle East & Africa | L6: אחר | M6: MSCI EMERGING MARKETS - מניות בחו"ל - מניות גיאוגרפי - חשופת מט"ח-שווקים מתעוררים כללי | N6: לא | O6: EUR | P6: 2050 | Q6: 3.636 | R6: 6127 | T6: 456.694 | U6: 0.000183 | V6: 0.0014783043 | W6: 7.3173676e-05
A7: 1035 | B7: 1036 | C7: LYXOR ETF | D7: 213800VZW861M5FHMD50 | E7: LEI | F7: LYX CORE EURSTX | G7: LU0908500753 | H7: ISIN | I7: עוקב אחר מדדי מניות בחו"ל | J7: חו"ל | K7: אירופה | L7: EURONEXT | M7: מניות בחו"ל - מניות בחו"ל משולבת | N7: לא | O7: EUR | P7: 33883 | Q7: 3.636 | R7: 28282 | T7: 34843.025 | U7: 0.000985 | V7: 0.11278571 | W7: 0.0055827105
A8: 1035 | B8: 1036 | C8: State Street Corp | D8: 07F5H7W3ET8ZLWNMFP29 | E8: LEI | F8: Financial sel sector spdr | G8: US81369Y6059 | H8: ISIN | I8: עוקב אחר מדדי מניות בחו"ל | J8: חו"ל | K8: ארה"ב | L8: NYSE | M8: Financial מניות בחו"ל - מניות לפי ענפים בחו"ל - חשופת מט"ח-ארה"ב- מניות | N8: לא | O8: USD | P8: 13466 | Q8: 3.165 | R8: 4937 | T8: 2104.144 | U8: 1.5e-05 | V8: 0.0068110437 | W8: 0.00033713567
A9: 1035 | B9: 1036 | C9: State Street Corp | D9: 07F5H7W3ET8ZLWNMFP29 | E9: LEI | F9: Spdr s&p biotech etf | G9: US78464A8707 | H9: ISIN | I9: עוקב אחר מדדי מניות בחו"ל | J9: חו"ל | K9: ארה"ב | L9: NYSE | M9: Technology מניות בחו"ל - מניות לפי ענפים בחו"ל - חשופת מט"ח-ארה"ב- מניות | N9: לא | O9: USD | P9: 7971 | Q9: 3.165 | R9: 12773 | T9: 3222.4 | U9: 0.000107 | V9: 0.010430801 | W9: 0.00051630781
A10: 1035 | B10: 1036 | C10: BlackRock Asset Managment | D10: 549300LRIF3NWCU26A80 | E10: LEI | F10: ISH MSCI INDIA UCITS ETF | G10: IE00BZCQB185 | H10: ISIN | I10: עוקב אחר מדדי מניות בחו"ל | J10: חו"ל | K10: הודו | L10: אחר | M10: CNX NIFTY - מניות בחו"ל - מניות גיאוגרפי - חשופת מט"ח-אסיה הודו | N10: לא | O10: USD | P10: 535260 | Q10: 3.165 | R10: 804.7 | T10: 13632.406 | U10: 0 | V10: 0.044127642 | W10: 0.0021842471
A11: 1035 | B11: 1036 | C11: Invesco investment management limited | D11: 635400KZRKKKNVCJXD85 | E11: LEI | F11: INVESCO S&P 500 EQUITY | G11: IE00B3YCGJ38 | H11: ISIN | I11: עוקב אחר מדדי מניות בחו"ל | J11: חו"ל | K11: ארה"ב | L11: LSE | M11: S&P 500 - מניות בחו"ל - מניות גיאוגרפי - חשופת מט"ח-ארה"ב | N11: לא | O11: USD | P11: 2677700 | Q11: 3.165 | R11: 1287 | T11: 109072.23 | U11: 0.001231 | V11: 0.35306315 | W11: 0.017476056
A12: 1035 | B12: 1036 | C12: State Street Corp | D12: 07F5H7W3ET8ZLWNMFP29 | E12: LEI | F12: SPDR MSCI WORLD | G12: IE00BFY0GT14 | H12: ISIN | I12: עוקב אחר מדדי מניות בחו"ל | J12: חו"ל | K12: ארה"ב | L12: LSE | M12: MSCI AC WORLD INDEX - מניות בחו"ל - מניות כללי בחו"ל - חשופת מט"ח-מניות כללי בחו"ל | N12: לא | O12: USD | P12: 301650 | Q12: 3.165 | R12: 4554 | T12: 43478.051 | U12: 0.001377 | V12: 0.140737 | W12: 0.0069662544
A13: 1035 | B13: 1036 | C13: LYXOR ETF | D13: 213800VZW861M5FHMD50 | E13: LEI | F13: LYXETF S&P500 | G13: LU1135865084 | H13: ISIN | I13: עוקב אחר מדדי מניות בחו"ל | J13: חו"ל | K13: ארה"ב | L13: LSE | M13: S&P 500 - מניות בחו"ל - מניות גיאוגרפי - חשופת מט"ח-ארה"ב | N13: לא | O13: USD | P13: 8856 | Q13: 3.165 | R13: 46624 | T13: 13068.353 | U13: 0.000998 | V13: 0.042301822 | W13: 0.0020938719
... A176: 11389 | B176: 15420 | C176: Invesco investment management limited | D176: 635400KZRKKKNVCJXD85 | E176: LEI | F176: INVESCO S&P 500 EQUITY | G176: IE00B3YCGJ38 | H176: ISIN | I176: עוקב אחר מדדי מניות בחו"ל | J176: חו"ל | K176: ארה"ב | L176: LSE | M176: S&P 500 - מניות בחו"ל - מניות גיאוגרפי - חשופת מט"ח-ארה"ב | N176: לא | O176: USD | P176: 299100 | Q176: 3.165 | R176: 1287 | T176: 12183.405 | U176: 0.000138 | V176: 0.481024 | W176: 0.10616979

Sheet קרנות נאמנות
A1: מספר קופה/קרן/ח.פ. עבור חברת ביטוח | B1: מספר מסלול | C1: שם מנפיק | D1: מספר מנפיק | E1: סוג מספר מזהה מנפיק | F1: שם נייר ערך | G1: מספר נייר ערך | H1: סוג מספר נייר ערך | I1: מאפיין עיקרי | J1: ישראל/חו"ל | K1: מדינה לפי חשיפה כלכלית | L1: סטאטוס סחירות | M1: זירת מסחר | N1: סיווג הקרן | O1: בעל עניין/צד קשור | P1: מטבע פעילות | Q1: ערך נקוב (יחידות) | R1: שער חליפין | S1: שער נייר הערך | T1: שווי הוגן (באלפי ש"ח) | U1: שיעור מערך נקוב מונפק | V1: שיעור מנכסי אפיק ההשקעה | W1: שיעור מסך נכסי ההשקעה
A2: 1035 | B2: 1036 | C2: אי בי אי ניהול קרנות נאמנות בע"מ | D2: 510791031 | E2: ח.פ. | F2: איביאי טכנולגיית עילית | G2: IL0011425381 | H2: ISIN | I2: מניות | J2: ישראל | K2: ישראל | L2: סחיר | M2: TASE | N2: קרן סגורה-קרן טכנולוגיה עילית | O2: לא | P2: ILS | Q2: 632329.65 | R2: 1 | S2: 109.1 | T2: 689.872 | U2: 0.002042 | V2: 0.012490476 | W2: 0.00011053442
A3: 1035 | B3: 1036 | C3: קסם קרנות נאמנות בע"מ | D3: 510938608 | E3: ח.פ. | F3: קסם KTF S&P 500 | G3: IL0051244825 | H3: ISIN | I3: מניות | J3: ישראל | K3: ארה"ב | L3: סחיר | M3: TASE | N3: S&P 500 - מניות בחו"ל - מניות גיאוגרפי - חשופת מט"ח-ארה"ב | O3: לא | P3: ILS | Q3: 2694000 | R3: 1 | S3: 280.76 | T3: 7563.674 | U3: 0.001757 | V3: 0.13694416 | W3: 0.0012118869
A4: 1035 | B4: 1036 | C4: Allianz Global Investors Gmbh | D4: 529900K9B0N5BT694847 | E4: LEI | F4: ALLIANZ INDIA EQUITY WT USD | G4: LU2810809116 | H4: ISIN | I4: מניות | J4: חו"ל | K4: הודו | L4: סחיר | M4: NSE | N4: CNX NIFTY - מניות בחו"ל - מניות גיאוגרפי - חשופת מט"ח-אסיה הודו | O4: לא | P4: USD | Q4: 1731 | R4: 3.165 | S4: 87150 | T4: 4774.613 | U4: 0.007678 | V4: 0.086446786 | W4: 0.00076501056
A5: 1035 | B5: 1036 | C5: Kotak | D5: 213800SJ3IH3EXMXSJ47 | E5: LEI | F5: KOT-IND MID-J | G5: LU0675383409 | H5: ISIN | I5: מניות | J5: חו"ל | K5: הודו | L5: סחיר | M5: אחר | N5: CNX NIFTY - מניות בחו"ל - מניות גיאוגרפי - חשופת מט"ח-אסיה הודו | O5: לא | P5: USD | Q5: 461866.06 | R5: 3.165 | S5: 2887.09 | T5: 42203.657 | U5: 0.003482 | V5: 0.76411858 | W5: 0.0067620651
A6: 1035 | B6: 1037 | C6: Allianz Global Investors Gmbh | D6: 529900K9B0N5BT694847 | E6: LEI | F6: ALLIANZ INDIA EQUITY WT USD | G6: LU2810809116 | H6: ISIN | I6: מניות | J6: חו"ל | K6: הודו | L6: סחיר | M6: NSE | N6: CNX NIFTY - מניות בחו"ל - מניות גיאוגרפי - חשופת מט"ח-אסיה הודו | O6: לא | P6: USD | Q6: 16 | R6: 3.165 | S6: 87150 | T6: 44.133 | U6: 7.1e-05 | V6: 0.37528054 | W6: 9.8458316e-05
A7: 1035 | B7: 1037 | C7: Kotak | D7: 213800SJ3IH3EXMXSJ47 | E7: LEI | F7: KOT-IND MID-J | G7: LU0675383409 | H7: ISIN | I7: מניות | J7: חו"ל | K7: הודו | L7: סחיר | M7: אחר | N7: CNX NIFTY - מניות בחו"ל - מניות גיאוגרפי - חשופת מט"ח-אסיה הודו | O7: לא | P7: USD | Q7: 804 | R7: 3.165 | S7: 2887.09 | T7: 73.467 | U7: 6e-06 | V7: 0.62471946 | W7: 0.00016390092
A8: 1035 | B8: 9939 | C8: אי בי אי ניהול קרנות נאמנות בע"מ | D8: 510791031 | E8: ח.פ. | F8: איביאי טכנולגיית עילית | G8: IL0011425381 | H8: ISIN | I8: מניות | J8: ישראל | K8: ישראל | L8: סחיר | M8: TASE | N8: קרן סגורה-קרן טכנולוגיה עילית | O8: לא | P8: ILS | Q8: 247887.69 | R8: 1 | S8: 109.1 | T8: 270.445 | U8: 0.000801 | V8: 0.0085136212 | W8: 6.7181976e-05
A9: 1035 | B9: 9939 | C9: קסם קרנות נאמנות בע"מ | D9: 510938608 | E9: ח.פ. | F9: קסם KTF S&P 500 | G9: IL0051244825 | H9: ISIN | I9: מניות | J9: ישראל | K9: ארה"ב | L9: סחיר | M9: TASE | N9: S&P 500 - מניות בחו"ל - מניות גיאוגרפי - חשופת מט"ח-ארה"ב | O9: לא | P9: ILS | Q9: 1137000 | R9: 1 | S9: 280.76 | T9: 3192.241 | U9: 0.000741 | V9: 0.10049173 | W9: 0.00079299191
A10: 1035 | B10: 9939 | C10: Allianz Global Investors Gmbh | D10: 529900K9B0N5BT694847 | E10: LEI | F10: ALLIANZ INDIA EQUITY WT USD | G10: LU2810809116 | H10: ISIN | I10: מניות | J10: חו"ל | K10: הודו | L10: סחיר | M10: NSE | N10: CNX NIFTY - מניות בחו"ל - מניות גיאוגרפי - חשופת מט"ח-אסיה הודו | O10: לא | P10: USD | Q10: 1874 | R10: 3.165 | S10: 87150 | T10: 5169.05 | U10: 0.008313 | V10: 0.16272164 | W10: 0.0012840554
A11: 1035 | B11: 9939 | C11: Kotak | D11: 213800SJ3IH3EXMXSJ47 | E11: LEI | F11: KOT-IND MID-J | G11: LU0675383409 | H11: ISIN | I11: מניות | J11: חו"ל | K11: הודו | L11: סחיר | M11: אחר | N11: CNX NIFTY - מניות בחו"ל - מניות גיאוגרפי - חשופת מט"ח-אסיה הודו | O11: לא | P11: USD | Q11: 253177.77 | R11: 3.165 | S11: 2887.09 | T11: 23134.473 | U11: 0.001909 | V11: 0.72827302 | W11: 0.0057468871
A12: 1035 | B12: 9940 | C12: קסם קרנות נאמנות בע"מ | D12: 510938608 | E12: ח.פ. | F12: קסם KTF S&P 500 | G12: IL0051244825 | H12: ISIN | I12: מניות | J12: ישראל | K12: ארה"ב | L12: סחיר | M12: TASE | N12: S&P 500 - מניות בחו"ל - מניות גיאוגרפי - חשופת מט"ח-ארה"ב | O12: לא | P12: ILS | Q12: 4554000 | R12: 1 | S12: 280.76 | T12: 12785.81 | U12: 0.00297 | V12: 0.136773 | W12: 0.00099351097
A13: 1035 | B13: 9940 | C13: Allianz Global Investors Gmbh | D13: 529900K9B0N5BT694847 | E13: LEI | F13: ALLIANZ INDIA EQUITY WT USD | G13: LU2810809116 | H13: ISIN | I13: מניות | J13: חו"ל | K13: הודו | L13: סחיר | M13: NSE | N13: CNX NIFTY - מניות בחו"ל - מניות גיאוגרפי - חשופת מט"ח-אסיה הודו | O13: לא | P13: USD | Q13: 5042 | R13: 3.165 | S13: 87150 | T13: 13907.336 | U13: 0.022365 | V13: 0.14877024 | W13: 0.0010806582
... A54: 11389 | B54: 15420 | C54: קסם קרנות נאמנות בע"מ | D54: 510938608 | E54: ח.פ. | F54: קסם KTF S&P 500 | G54: IL0051244825 | H54: ISIN | I54: מניות | J54: ישראל | K54: ארה"ב | L54: סחיר | M54: TASE | N54: S&P 500 - מניות בחו"ל - מניות גיאוגרפי - חשופת מט"ח-ארה"ב | O54: לא | P54: ILS | Q54: 4600 | R54: 1 | S54: 280.76 | T54: 12.915 | U54: 3e-06 | V54: 0.50867336 | W54: 0.00011254478

Sheet כתבי אופציה
A1: מספר קופה/קרן/ח.פ. עבור חברת ביטוח | B1: מספר מסלול | C1: שם מנפיק | D1: מספר מנפיק | E1: סוג מספר מזהה מנפיק | F1: שם נייר ערך | G1: מספר נייר ערך | H1: סוג מספר נייר ערך | I1: ישראל/חו"ל | J1: מדינה לפי חשיפה כלכלית | K1: סטאטוס סחירות | L1: זירת מסחר | M1: נכס בסיס (כתב אופציה) | N1: ענף מסחר | O1: תאריך פקיעה | P1: בעל עניין/צד קשור | Q1: מטבע פעילות | R1: שער מימוש | S1: יחס המרה | T1: ערך נקוב (יחידות) | U1: שער חליפין | V1: שער נייר הערך | W1: שווי הוגן (באלפי ש"ח) | X1: שיעור מנכסי אפיק ההשקעה | Y1: שיעור מסך נכסי ההשקעה
A2: 1035 | B2: 1036 | C2: מפעלים פטרוכימיים בישראל בע"מ | D2: 520029315 | E2: ח.פ. | F2: פטרוכימים אפ 1 | G2: IL0011903056 | H2: ISIN | I2: ישראל | J2: ישראל | K2: סחיר | L2: TASE | M2: IL0007560159 | N2: אנרגיה | O2: 25/10/2026 | P2: לא | Q2: ILS | R2: 37.5 | S2: 1 | T2: 59114.09 | U2: 1 | V2: 291.6 | W2: 172.377 | X2: 0.050973918 | Y2: 2.761899e-05
A3: 1035 | B3: 1036 | C3: סלע קפיטל נדל"ן בע"מ | D3: 513992529 | E3: ח.פ. | F3: סלע נדלן אפ 4 | G3: IL0012050956 | H3: ISIN | I3: ישראל | J3: ישראל | K3: סחיר | L3: TASE | M3: IL0011096448 | N3: נדל"ן מניב בישראל | O3: 31/05/2026 | P3: לא | Q3: ILS | R3: 1050 | S3: 1 | T3: 118141 | U3: 1 | V3: 101.1 | W3: 119.441 | X3: 0.035320048 | Y3: 1.9137317e-05
A4: 1035 | B4: 1036 | C4: ביג מרכזי קניות (2004) בע"מ | D4: 513623314 | E4: ח.פ. | F4: ביג אפ 7 | G4: IL0012143454 | H4: ISIN | I4: ישראל | J4: ישראל | K4: סחיר | L4: TASE | M4: IL0010972607 | N4: נדל"ן מניב בישראל | O4: 01/06/2026 | P4: לא | Q4: ILS | R4: 58000 | S4: 1 | T4: 6074 | U4: 1 | V4: 15190 | W4: 922.641 | X4: 0.27283623 | Y4: 0.00014782974
A5: 1035 | B5: 1036 | C5: בלדי בע"מ | D5: 511226136 | E5: ח.פ. | F5: בלדי אפ 1 | G5: IL0012166620 | H5: ISIN | I5: ישראל | J5: ישראל | K5: סחיר | L5: TASE | M5: IL0012125394 | N5: מסחר | O5: 31/01/2028 | P5: לא | Q5: ILS | R5: 2800 | S5: 1 | T5: 17350 | U5: 1 | V5: 3344 | W5: 580.184 | X5: 0.17156758 | Y5: 9.2959763e-05
A6: 1035 | B6: 1036 | C6: סולאיר אנרגיות מתחדשות בע"מ | D6: 516046307 | E6: ח.פ. | F6: סולאיר אפ 1 | G6: IL0012179185 | H6: ISIN | I6: ישראל | J6: ישראל | K6: סחיר | L6: TASE | M6: IL0011722878 | N6: אנרגיה מתחדשת | O6: 31/08/2026 | P6: לא | Q6: ILS | R6: 4152 | S6: 1 | T6: 3150 | U6: 1 | V6: 3062 | W6: 96.453 | X6: 0.028522345 | Y6: 1.5454146e-05
A7: 1035 | B7: 1036 | C7: נאוויטס פטרוליום, שותפות מוגבלת | D7: 550263107 | E7: מספר שותפות | F7: נאוויטס פטרו אפ 6 | G7: IL0012288242 | H7: ISIN | I7: ישראל | J7: ישראל | K7: סחיר | L7: TASE | M7: IL0011419699 | N7: חיפושי נפט וגז | O7: 31/08/2026 | P7: לא | Q7: ILS | R7: 12000 | S7: 1 | T7: 13950 | U7: 1 | V7: 2497 | W7: 348.332 | X7: 0.10300593 | Y7: 5.5811283e-05
A8: 1035 | B8: 1036 | C8: אנרג'יקס אנרגיות מתחדשות בע"מ | D8: 513901371 | E8: ח.פ. | F8: אנרג'יקס אפ 4 | G8: IL0012337171 | H8: ISIN | I8: ישראל | J8: ישראל | K8: סחיר | L8: TASE | M8: IL0011233553 | N8: אנרגיה מתחדשת | O8: 30/09/2026 | P8: לא | Q8: ILS | R8: 1640 | S8: 1 | T8: 168300 | U8: 1 | V8: 230 | W8: 387.09 | X8: 0.1144673 | Y8: 6.2021349e-05
A9: 1035 | B9: 1036 | C9: אבו מגורים בע"מ | D9: 515724706 | E9: ח.פ. | F9: אבו מגורים אפ 1 | G9: IL0012349135 | H9: ISIN | I9: ישראל | J9: ישראל | K9: סחיר | L9: TASE | M9: IL0011758195 | N9: נדל"ן מניב בישראל | O9: 11/01/2030 | P9: לא | Q9: ILS | R9: 844 | S9: 1 | T9: 267800 | U9: 1 | V9: 89 | W9: 238.342 | X9: 0.070480677 | Y9: 3.8188257e-05
A10: 1035 | B10: 1036 | C10: אבו מגורים בע"מ | D10: 515724706 | E10: ח.פ. | F10: אבו מגורים אפ 2 | G10: IL0012349218 | H10: ISIN | I10: ישראל | J10: ישראל | K10: סחיר | L10: TASE | M10: IL0011758195 | N10: נדל"ן מניב בישראל | O10: 12/01/2027 | P10: לא | Q10: ILS | R10: 768 | S10: 1 | T10: 133900 | U10: 1 | V10: 60.1 | W10: 80.474 | X10: 0.023797127 | Y10: 1.28939e-05
A11: 1035 | B11: 1036 | C11: רמי לוי השקמה נדל"ן בע"מ | D11: 511086738 | E11: ח.פ. | F11: רמי נדל"ן אפ 1 | G11: IL0012350190 | H11: ISIN | I11: ישראל | J11: ישראל | K11: סחיר | L11: TASE | M11: IL0012350018 | N11: מסחר | O11: 15/01/2029 | P11: לא | Q11: ILS | R11: 5250 | S11: 1 | T11: 37008 | U11: 1 | V11: 833 | W11: 308.277 | X11: 0.091161214 | Y11: 4.9393508e-05
A12: 1035 | B12: 1036 | C12: שיכון ובינוי אנרגיה בע"מ | D12: 510459928 | E12: ח.פ. | F12: שיכון ובינוי אנרגיה אפ 1 | G12: IL0012351917 | H12: ISIN | I12: ישראל | J12: ישראל | K12: סחיר | L12: TASE | M12: IL0011882425 | N12: אנרגיה | O12: 27/07/2027 | P12: לא | Q12: ILS | R12: 447 | S12: 1 | T12: 240706 | U12: 1 | V12: 53.2 | W12: 128.056 | X12: 0.037867622 | Y12: 2.0517659e-05
A13: 1035 | B13: 1037 | C13: מפעלים פטרוכימיים בישראל בע"מ | D13: 520029315 | E13: ח.פ. | F13: פטרוכימים אפ 1 | G13: IL0011903056 | H13: ISIN | I13: ישראל | J13: ישראל | K13: סחיר | L13: TASE | M13: IL0007560159 | N13: אנרגיה | O13: 25/10/2026 | P13: לא | Q13: ILS | R13: 37.5 | S13: 1 | T13: 2275.29 | U13: 1 | V13: 291.6 | W13: 6.635 | X13: 0.05436519 | Y13: 1.4801836e-05
... A193: 11389 | B193: 15715 | C193: שיכון ובינוי אנרגיה בע"מ | D193: 510459928 | E193: ח.פ. | F193: שיכון ובינוי אנרגיה אפ 1 | G193: IL0012351917 | H193: ISIN | I193: ישראל | J193: ישראל | K193: סחיר | L193: TASE | M193: IL0011882425 | N193: אנרגיה | O193: 27/07/2027 | P193: לא | Q193: ILS | R193: 447 | S193: 1 | T193: 12650 | U193: 1 | V193: 53.2 | W193: 6.73 | X193: 0.1038478 | Y193: 9.3985615e-05

Sheet אופציות
A1: מספר קופה/קרן/ח.פ. עבור חברת ביטוח | B1: מספר מסלול | C1: שם מנפיק | D1: מספר מנפיק | E1: סוג מספר מזהה מנפיק | F1: שם נייר ערך | G1: מספר נייר ערך | H1: סוג מספר נייר ערך | I1: מאפיין עיקרי | J1: ישראל/חו"ל | K1: מדינה לפי חשיפה כלכלית | L1: זירת מסחר | M1: ענף מסחר | N1: נכס בסיס | O1: תאריך פקיעה | P1: בעל עניין/צד קשור | Q1: מטבע פעילות | R1: שער מימוש | S1: ערך נקוב (יחידות) | T1: שער חליפין | U1: שער נייר הערך | V1: שווי הוגן (באלפי ש"ח) | W1: שיעור מנכסי אפיק ההשקעה | X1: שיעור מסך נכסי ההשקעה
A2: 1035 | B2: 1036 | C2: מסלקת הבורסה | D2: 520027152 | E2: ח.פ. | F2: תC004280M604-35 | G2: IL0862712853 | H2: ISIN | I2: מניה | J2: ישראל | K2: ישראל | L2: TASE | M2: אחר | N2: מניות לרבות מדדי מניות | O2: 24/04/2026 | P2: לא | Q2: ILS | R2: 4280 | S2: 96 | T2: 1 | U2: 201500 | V2: 193.44 | W2: -0.23664122 | X2: 3.0993851e-05
A3: 1035 | B3: 1036 | C3: מסלקת הבורסה | D3: 520027152 | E3: ח.פ. | F3: תP004280M604-35 | G3: IL0862724734 | H3: ISIN | I3: מניה | J3: ישראל | K3: ישראל | L3: TASE | M3: אחר | N3: מניות לרבות מדדי מניות | O3: 24/04/2026 | P3: לא | Q3: ILS | R3: 4280 | S3: -96 | T3: 1 | U3: 1053000 | V3: -1010.88 | W3: 1.2366412 | X3: -0.00016196787
A4: 1035 | B4: 9939 | C4: מסלקת הבורסה | D4: 520027152 | E4: ח.פ. | F4: תC004280M604-35 | G4: IL0862712853 | H4: ISIN | I4: מניה | J4: ישראל | K4: ישראל | L4: TASE | M4: אחר | N4: מניות לרבות מדדי מניות | O4: 24/04/2026 | P4: לא | Q4: ILS | R4: 4280 | S4: 81 | T4: 1 | U4: 201500 | V4: 163.215 | W4: -0.23664122 | X4: 4.054461e-05
A5: 1035 | B5: 9939 | C5: מסלקת הבורסה | D5: 520027152 | E5: ח.פ. | F5: תP004280M604-35 | G5: IL0862724734 | H5: ISIN | I5: מניה | J5: ישראל | K5: ישראל | L5: TASE | M5: אחר | N5: מניות לרבות מדדי מניות | O5: 24/04/2026 | P5: לא | Q5: ILS | R5: 4280 | S5: -81 | T5: 1 | U5: 1053000 | V5: -852.93 | W5: 1.2366412 | X5: -0.00021187829
A6: 1035 | B6: 9940 | C6: מסלקת הבורסה | D6: 520027152 | E6: ח.פ. | F6: תC004280M604-35 | G6: IL0862712853 | H6: ISIN | I6: מניה | J6: ישראל | K6: ישראל | L6: TASE | M6: אחר | N6: מניות לרבות מדדי מניות | O6: 24/04/2026 | P6: לא | Q6: ILS | R6: 4280 | S6: 48 | T6: 1 | U6: 201500 | V6: 96.72 | W6: -0.23664122 | X6: 7.5155487e-06
A7: 1035 | B7: 9940 | C7: מסלקת הבורסה | D7: 520027152 | E7: ח.פ. | F7: תP004280M604-35 | G7: IL0862724734 | H7: ISIN | I7: מניה | J7: ישראל | K7: ישראל | L7: TASE | M7: אחר | N7: מניות לרבות מדדי מניות | O7: 24/04/2026 | P7: לא | Q7: ILS | R7: 4280 | S7: -48 | T7: 1 | U7: 1053000 | V7: -505.44 | W7: 1.2366412 | X7: -3.9274803e-05
A8: 1035 | B8: 9941 | C8: מסלקת הבורסה | D8: 520027152 | E8: ח.פ. | F8: תC004280M604-35 | G8: IL0862712853 | H8: ISIN | I8: מניה | J8: ישראל | K8: ישראל | L8: TASE | M8: אחר | N8: מניות לרבות מדדי מניות | O8: 24/04/2026 | P8: לא | Q8: ILS | R8: 4280 | S8: 82 | T8: 1 | U8: 201500 | V8: 165.23 | W8: -0.23664122 | X8: 2.2760077e-05
A9: 1035 | B9: 9941 | C9: מסלקת הבורסה | D9: 520027152 | E9: ח.פ. | F9: תP004280M604-35 | G9: IL0862724734 | H9: ISIN | I9: מניה | J9: ישראל | K9: ישראל | L9: TASE | M9: אחר | N9: מניות לרבות מדדי מניות | O9: 24/04/2026 | P9: לא | Q9: ILS | R9: 4280 | S9: -82 | T9: 1 | U9: 1053000 | V9: -863.46 | W9: 1.2366412 | X9: -0.00011893976
A10: 1035 | B10: 14292 | C10: מסלקת הבורסה | D10: 520027152 | E10: ח.פ. | F10: תC004280M604-35 | G10: IL0862712853 | H10: ISIN | I10: מניה | J10: ישראל | K10: ישראל | L10: TASE | M10: אחר | N10: מניות לרבות מדדי מניות | O10: 24/04/2026 | P10: לא | Q10: ILS | R10: 4280 | S10: 520 | T10: 1 | U10: 201500 | V10: 1047.8 | W10: -0.23664122 | X10: 0.0014405092
A11: 1035 | B11: 14292 | C11: מסלקת הבורסה | D11: 520027152 | E11: ח.פ. | F11: תP004280M604-35 | G11: IL0862724734 | H11: ISIN | I11: מניה | J11: ישראל | K11: ישראל | L11: TASE | M11: אחר | N11: מניות לרבות מדדי מניות | O11: 24/04/2026 | P11: לא | Q11: ILS | R11: 4280 | S11: -520 | T11: 1 | U11: 1053000 | V11: -5475.6 | W11: 1.2366412 | X11: -0.0075278221
A12: 1038 | B12: 1038 | C12: מסלקת הבורסה | D12: 520027152 | E12: ח.פ. | F12: תC004280M604-35 | G12: IL0862712853 | H12: ISIN | I12: מניה | J12: ישראל | K12: ישראל | L12: TASE | M12: אחר | N12: מניות לרבות מדדי מניות | O12: 24/04/2026 | P12: לא | Q12: ILS | R12: 4280 | S12: 78 | T12: 1 | U12: 201500 | V12: 157.17 | W12: -0.23664122 | X12: 3.4800771e-05
A13: 1038 | B13: 1038 | C13: מסלקת הבורסה | D13: 520027152 | E13: ח.פ. | F13: תP004280M604-35 | G13: IL0862724734 | H13: ISIN | I13: מניה | J13: ישראל | K13: ישראל | L13: TASE | M13: אחר | N13: מניות לרבות מדדי מניות | O13: 24/04/2026 | P13: לא | Q13: ILS | R13: 4280 | S13: -78 | T13: 1 | U13: 1053000 | V13: -821.34 | W13: 1.2366412 | X13: -0.00018186209
... A27: 11389 | B27: 15715 | C27: מסלקת הבורסה | D27: 520027152 | E27: ח.פ. | F27: תP004280M604-35 | G27: IL0862724734 | H27: ISIN | I27: מניה | J27: ישראל | K27: ישראל | L27: TASE | M27: אחר | N27: מניות לרבות מדדי מניות | O27: 24/04/2026 | P27: לא | Q27: ILS | R27: 4280 | S27: -104 | T27: 1 | U27: 1053000 | V27: -1095.12 | W27: 1.2366412 | X27: -0.015293995

Sheet חוזים עתידיים
A1: מספר קופה/קרן/ח.פ. עבור חברת ביטוח | B1: מספר מסלול | C1: שם מנפיק | D1: מספר מנפיק | E1: סוג מספר מזהה מנפיק | F1: שם נייר ערך | G1: מספר נייר ערך | H1: סוג מספר נייר ערך | I1: ישראל/חו"ל | J1: מדינה לפי חשיפה כלכלית | K1: זירת מסחר | L1: נכס בסיס | M1: בעל עניין/צד קשור | N1: מטבע פעילות | O1: ערך נקוב (יחידות) | P1: שער חליפין | Q1: שער נייר הערך | R1: שווי הוגן (באלפי ש"ח) | S1: שיעור מנכסי אפיק ההשקעה | T1: שיעור מסך נכסי ההשקעה
A2: 1035 | B2: 1036 | C2: National Stock Exchange of India | D2: 335800NLY5HYW9I7YE03 | E2: LEI | F2: JGSJ6_Nfty 50 Fut April 2026 | G2: JGSJ6 | H2: טיקר | I2: חו"ל | J2: הודו | K2: CME | L2: מניות לרבות מדדי מניות | M2: לא | N2: USD | O2: 318 | P2: 3.165 | Q2: 22880 | R2: -202.324 | S2: 0.03025319 | T2: -3.2417283e-05
A3: 1035 | B3: 1036 | C3: CHICAGO MERCANTILE EXCHANGE INC | D3: SNZ2OJLFK8MNNCLQOF39 | E3: LEI | F3: ESM6_S&P500 EMINI FUT JUN 26 | G3: ESM6 | H3: טיקר | I3: חו"ל | J3: ארה"ב | K3: CME | L3: מניות לרבות מדדי מניות | M3: לא | N3: USD | O3: -49 | P3: 3.165 | Q3: 6570.75 | R3: -193.676 | S3: 0.028960086 | T3: -3.1031679e-05
A4: 1035 | B4: 1036 | C4: EUREX FRANKFURT AG | D4: 529900UT4DG0LG5R9O07 | E4: LEI | F4: MESM6_mini MSCI Emg Mkt JUN 26 | G4: MESM6 | H4: טיקר | I4: חו"ל | J4: ארה"ב | K4: CME | L4: מניות לרבות מדדי מניות | M4: לא | N4: USD | O4: 14 | P4: 3.165 | Q4: 1454.6 | R4: -125.647 | S4: 0.018787874 | T4: -2.0131821e-05
A5: 1035 | B5: 1036 | C5: EUREX FRANKFURT AG | D5: 529900UT4DG0LG5R9O07 | E5: LEI | F5: SXOM6_STOXX EUROPE 600 JUN 26 | G5: SXOM6 | H5: טיקר | I5: חו"ל | J5: אירופה | K5: EUREX | L5: מניות לרבות מדדי מניות | M5: לא | N5: EUR | O5: 297 | P5: 3.636 | Q5: 577.7 | R5: -1074.502 | S5: 0.16066859 | T5: -0.00017216165
A6: 1035 | B6: 1036 | C6: CHICAGO MERCANTILE EXCHANGE INC | D6: SNZ2OJLFK8MNNCLQOF39 | E6: LEI | F6: NQM6_NASDAQ 100 E-MINI JUN 26 | G6: NQM6 | H6: טיקר | I6: חו"ל | J6: ארה"ב | K6: CME | L6: מניות לרבות מדדי מניות | M6: לא | N6: USD | O6: -21 | P6: 3.165 | Q6: 23915 | R6: 442.729 | S6: -0.06620059 | T6: 7.0936097e-05
A7: 1035 | B7: 1036 | C7: EUREX FRANKFURT AG | D7: 529900UT4DG0LG5R9O07 | E7: LEI | F7: GXM6_DAX INDEX FUTURE JUN 26 | G7: GXM6 | H7: טיקר | I7: חו"ל | J7: גרמניה | K7: FWB | L7: מניות לרבות מדדי מניות | M7: לא | N7: EUR | O7: 37 | P7: 3.636 | Q7: 22837 | R7: -3819.868 | S7: 0.57117893 | T7: -0.00061203691
A8: 1035 | B8: 1036 | C8: EUREX FRANKFURT AG | D8: 529900UT4DG0LG5R9O07 | E8: LEI | F8: DFWM6_DAX Mini Future JUN 26 | G8: DFWM6 | H8: טיקר | I8: חו"ל | J8: גרמניה | K8: FWB | L8: מניות לרבות מדדי מניות | M8: לא | N8: EUR | O8: 14 | P8: 3.636 | Q8: 22837 | R8: -289.46 | S8: 0.043282479 | T8: -4.6378592e-05
A9: 1035 | B9: 1036 | C9: EUREX FRANKFURT AG | D9: 529900UT4DG0LG5R9O07 | E9: LEI | F9: ZWPM6_MSCI World Index JUN 26 | G9: ZWPM6 | H9: טיקר | I9: חו"ל | J9: ארה"ב | K9: CME | L9: מניות לרבות מדדי מניות | M9: לא | N9: USD | O9: 105 | P9: 3.165 | Q9: 13674 | R9: -2019.82 | S9: 0.3020205 | T9: -0.00032362485
A10: 1035 | B10: 1036 | C10: Hong Kong Futers Exchange | D10: 213800YTVSXYQN17BW16 | E10: LEI | F10: XPM6_spi 200 fut Jun26 | G10: XPM6 | H10: טיקר | I10: חו"ל | J10: אוסטרליה | K10: CME | L10: מניות לרבות מדדי מניות | M10: לא | N10: AUD | O10: -65 | P10: 2.1793 | Q10: 8513 | R10: 594.877 | S10: -0.088951067 | T10: 9.5313977e-05
A11: 1035 | B11: 1037 | C11: National Stock Exchange of India | D11: 335800NLY5HYW9I7YE03 | E11: LEI | F11: JGSJ6_Nfty 50 Fut April 2026 | G11: JGSJ6 | H11: טיקר | I11: חו"ל | J11: הודו | K11: CME | L11: מניות לרבות מדדי מניות | M11: לא | N11: USD | O11: 4 | P11: 3.165 | Q11: 22880 | R11: -2.467 | S11: 0.0025180906 | T11: -5.5044634e-06
A12: 1035 | B12: 1037 | C12: Chicago Board Options Exch | D12: 549300EX04Q2QBFQTQ27 | E12: LEI | F12: WNM6_US ULTRA BOND CBT MAR 26 | G12: WNM6 | H12: טיקר | I12: חו"ל | J12: ארה"ב | K12: CBOE | L12: ריבית ואג"ח | M12: לא | N12: USD | O12: 74 | P12: 3.165 | Q12: 116.563 | R12: -917.465 | S12: 0.93634776 | T12: -0.0020468255
A13: 1035 | B13: 1037 | C13: EUREX FRANKFURT AG | D13: 529900UT4DG0LG5R9O07 | E13: LEI | F13: SXOM6_STOXX EUROPE 600 JUN 26 | G13: SXOM6 | H13: טיקר | I13: חו"ל | J13: אירופה | K13: EUREX | L13: מניות לרבות מדדי מניות | M13: לא | N13: EUR | O13: 3 | P13: 3.636 | Q13: 577.7 | R13: -10.873 | S13: 0.011096702 | T13: -2.4257026e-05
... A145: 11389 | B145: 15420 | C145: CHICAGO MERCANTILE EXCHANGE INC | D145: SNZ2OJLFK8MNNCLQOF39 | E145: LEI | F145: HWAM6_SP500 MIC EMINI JUN 26 | G145: HWAM6 | H145: טיקר | I145: חו"ל | J145: ארה"ב | K145: CME | L145: מניות לרבות מדדי מניות | M145: לא | N145: USD | O145: -69 | P145: 3.165 | Q145: 6570.75 | R145: 180.442 | S145: 0.85094817 | T145: 0.0015724255

Sheet מוצרים מובנים
A1: מספר קופה/קרן/ח.פ. עבור חברת ביטוח | B1: מספר מסלול | C1: שם מנפיק | D1: מספר מנפיק | E1: סוג מספר מזהה מנפיק | F1: שם נייר ערך | G1: מספר נייר ערך | H1: סוג מספר נייר ערך | I1: מאפיין עיקרי | J1: ישראל/חו"ל | K1: מדינה לפי חשיפה כלכלית | L1: סטאטוס סחירות | M1: זירת מסחר | N1: נכס בסיס | O1: בעל עניין/צד קשור | P1: מח"מ | Q1: שיעור ריבית | R1: תשואה לפדיון | S1: דירוג | T1: שם מדרג | U1: דירוג נייר הערך/המנפיק | V1: מטבע פעילות | W1: ערך נקוב (יחידות) | X1: שער חליפין | Y1: שער נייר הערך | Z1: שווי הוגן (באלפי ש"ח) | AA1: שיעור מנכסי אפיק ההשקעה | AB1: שיעור מסך נכסי ההשקעה
A2: 1035 | B2: 1037 | C2: אלה פקדונות בע"מ | D2: 515666881 | E2: ח.פ. | F2: אלה פקדון אגח ד | G2: IL0011623043 | H2: ISIN | I2: קרן מובטחת | J2: ישראל | K2: ישראל | L2: סחיר | M2: TASE | N2: מט"ח | O2: לא | P2: 0.033 | Q2: 0.088858 | R2: 0.0465 | S2: AAA | T2: S&P מעלות | U2: נייר ערך | V2: ILS | W2: 3006610 | X2: 1 | Y2: 92.15 | Z2: 2770.591 | AA2: 0.20445058 | AB2: 0.0061810713
A3: 1035 | B3: 1037 | C3: הראל פיקדון סחיר בע"מ | D3: 515989440 | E3: ח.פ. | F3: הראל פיקדון אגח ב' | G3: IL0011625022 | H3: ISIN | I3: קרן מובטחת | J3: ישראל | K3: ישראל | L3: סחיר | M3: TASE | N3: ריבית ואג"ח | O3: לא | P3: 0.811 | Q3: 0.012 | R3: 0.04011 | S3: Aaa | T3: מידרוג Moodys | U3: נייר ערך | V3: ILS | W3: 1713095 | X3: 1 | Y3: 105.3 | Z3: 1803.889 | AA3: 0.13311461 | AB3: 0.0040243999
A4: 1035 | B4: 1037 | C4: אלה פקדונות בע"מ | D4: 515666881 | E4: ח.פ. | F4: אלה פקדון אגח ה | G4: IL0011625774 | H4: ISIN | I4: קרן מובטחת | J4: ישראל | K4: ישראל | L4: סחיר | M4: TASE | N4: מדד המחירים לצרכן | O4: לא | P4: 2.813 | Q4: 0.0005 | R4: 0.02294 | S4: AAA | T4: S&P מעלות | U4: נייר ערך | V4: ILS | W4: 8160833.8 | X4: 1 | Y4: 110 | Z4: 8976.917 | AA4: 0.6624348 | AB4: 0.020027122
A5: 1035 | B5: 1360 | C5: הראל פיקדון סחיר בע"מ | D5: 515989440 | E5: ח.פ. | F5: הראל פיקדון אגח ב' | G5: IL0011625022 | H5: ISIN | I5: קרן מובטחת | J5: ישראל | K5: ישראל | L5: סחיר | M5: TASE | N5: ריבית ואג"ח | O5: לא | P5: 0.811 | Q5: 0.012 | R5: 0.04011 | S5: Aaa | T5: מידרוג Moodys | U5: נייר ערך | V5: ILS | W5: 200000 | X5: 1 | Y5: 105.3 | Z5: 210.6 | AA5: 0.12628817 | AB5: 0.0020977202
A6: 1035 | B6: 1360 | C6: אלה פקדונות בע"מ | D6: 515666881 | E6: ח.פ. | F6: אלה פקדון אגח ה | G6: IL0011625774 | H6: ISIN | I6: קרן מובטחת | J6: ישראל | K6: ישראל | L6: סחיר | M6: TASE | N6: מדד המחירים לצרכן | O6: לא | P6: 2.813 | Q6: 0.0005 | R6: 0.02294 | S6: AAA | T6: S&P מעלות | U6: נייר ערך | V6: ILS | W6: 1324558.8 | X6: 1 | Y6: 110 | Z6: 1457.015 | AA6: 0.87371183 | AB6: 0.014512864
A7: 1035 | B7: 9939 | C7: אלה פקדונות בע"מ | D7: 515666881 | E7: ח.פ. | F7: אלה פקדון אגח ד | G7: IL0011623043 | H7: ISIN | I7: קרן מובטחת | J7: ישראל | K7: ישראל | L7: סחיר | M7: TASE | N7: מט"ח | O7: לא | P7: 0.033 | Q7: 0.088858 | R7: 0.0465 | S7: AAA | T7: S&P מעלות | U7: נייר ערך | V7: ILS | W7: 9570395 | X7: 1 | Y7: 92.15 | Z7: 8819.119 | AA7: 0.4612252 | AB7: 0.0021907775
A8: 1035 | B8: 9939 | C8: הראל פיקדון סחיר בע"מ | D8: 515989440 | E8: ח.פ. | F8: הראל פיקדון אגח ב' | G8: IL0011625022 | H8: ISIN | I8: קרן מובטחת | J8: ישראל | K8: ישראל | L8: סחיר | M8: TASE | N8: ריבית ואג"ח | O8: לא | P8: 0.811 | Q8: 0.012 | R8: 0.04011 | S8: Aaa | T8: מידרוג Moodys | U8: נייר ערך | V8: ILS | W8: 1090573 | X8: 1 | Y8: 105.3 | Z8: 1148.373 | AA8: 0.06005801 | AB8: 0.00028527005
A9: 1035 | B9: 9939 | C9: אלה פקדונות בע"מ | D9: 515666881 | E9: ח.פ. | F9: אלה פקדון אגח ה | G9: IL0011625774 | H9: ISIN | I9: קרן מובטחת | J9: ישראל | K9: ישראל | L9: סחיר | M9: TASE | N9: מדד המחירים לצרכן | O9: לא | P9: 2.813 | Q9: 0.0005 | R9: 0.02294 | S9: AAA | T9: S&P מעלות | U9: נייר ערך | V9: ILS | W9: 7403491 | X9: 1 | Y9: 110 | Z9: 8143.84 | AA9: 0.42590924 | AB9: 0.0020230299
A10: 1035 | B10: 9939 | C10: קרדיטו הנפקות בע"מ | D10: 516804499 | E10: ח.פ. | F10: קרדיטו אגח א | G10: IL0012103276 | H10: ISIN | I10: קרן מובטחת | J10: ישראל | K10: ישראל | L10: סחיר | M10: TASE | N10: ריבית ואג"ח | O10: לא | P10: 9.216 | Q10: 0.068 | R10: 0.05045 | S10: AAA | T10: S&P מעלות | U10: נייר ערך | V10: ILS | W10: 853827.74 | X10: 1 | Y10: 118.26 | Z10: 1009.737 | AA10: 0.052807543 | AB10: 0.00025083099
A11: 1035 | B11: 9940 | C11: אלה פקדונות בע"מ | D11: 515666881 | E11: ח.פ. | F11: אלה פקדון אגח ד | G11: IL0011623043 | H11: ISIN | I11: קרן מובטחת | J11: ישראל | K11: ישראל | L11: סחיר | M11: TASE | N11: מט"ח | O11: לא | P11: 0.033 | Q11: 0.088858 | R11: 0.0465 | S11: AAA | T11: S&P מעלות | U11: נייר ערך | V11: ILS | W11: 37923847 | X11: 1 | Y11: 92.15 | Z11: 34946.825 | AA11: 0.43007802 | AB11: 0.0027155145
A12: 1035 | B12: 9940 | C12: הראל פיקדון סחיר בע"מ | D12: 515989440 | E12: ח.פ. | F12: הראל פיקדון אגח ב' | G12: IL0011625022 | H12: ISIN | I12: קרן מובטחת | J12: ישראל | K12: ישראל | L12: סחיר | M12: TASE | N12: ריבית ואג"ח | O12: לא | P12: 0.811 | Q12: 0.012 | R12: 0.04011 | S12: Aaa | T12: מידרוג Moodys | U12: נייר ערך | V12: ILS | W12: 3940009 | X12: 1 | Y12: 105.3 | Z12: 4148.829 | AA12: 0.051058154 | AB12: 0.00032238141
A13: 1035 | B13: 9940 | C13: אלה פקדונות בע"מ | D13: 515666881 | E13: ח.פ. | F13: אלה פקדון אגח ה | G13: IL0011625774 | H13: ISIN | I13: קרן מובטחת | J13: ישראל | K13: ישראל | L13: סחיר | M13: TASE | N13: מדד המחירים לצרכן | O13: לא | P13: 2.813 | Q13: 0.0005 | R13: 0.02294 | S13: AAA | T13: S&P מעלות | U13: נייר ערך | V13: ILS | W13: 34633413 | X13: 1 | Y13: 110 | Z13: 38096.754 | AA13: 0.46884307 | AB13: 0.0029602772
... A58: 11389 | B58: 11394 | C58: אלה פקדונות בע"מ | D58: 515666881 | E58: ח.פ. | F58: אלה פקדון אגח ד | G58: IL0011623043 | H58: ISIN | I58: קרן מובטחת | J58: ישראל | K58: ישראל | L58: סחיר | M58: TASE | N58: מט"ח | O58: לא | P58: 0.033 | Q58: 0.088858 | R58: 0.0465 | S58: AAA | T58: S&P מעלות | U58: נייר ערך | V58: ILS | W58: 282043 | X58: 1 | Y58: 92.15 | Z58: 259.903 | AA58: 1 | AB58: 7.6939202e-05

Sheet לא סחיר איגרות חוב ממשלתיות
A1: מספר קופה/קרן/ח.פ. עבור חברת ביטוח | B1: מספר מסלול | C1: שם מנפיק | D1: שם נייר ערך | E1: מספר נייר ערך | F1: סוג מספר נייר ערך | G1: מאפיין עיקרי | H1: ישראל/חו"ל | I1: מדינה לפי חשיפה כלכלית | J1: תאריך רכישה | K1: דירוג | L1: שם מדרג | M1: מטבע פעילות | N1: מח"מ | O1: מועד פדיון | P1: שיעור ריבית | Q1: תשואה לפדיון | R1: ערך נקוב (יחידות) | S1: שער חליפין | T1: שער נייר הערך | U1: שווי הוגן (באלפי ש"ח) | V1: עלות מופחתת (באלפי ש"ח) | W1: השיטה שיושמה בדוח הכספי | X1: שיעור מנכסי אפיק ההשקעה | Y1: שיעור מסך נכסי ההשקעה

Sheet לא סחיר איגרות חוב מיועדות
A1: מספר קופה/קרן/ח.פ. עבור חברת ביטוח | B1: מספר מסלול | C1: מאפיין עיקרי | D1: שם נייר ערך | E1: מספר נייר ערך | F1: תאריך רכישה | G1: מח"מ | H1: סוג הצמדה | I1: מועד פדיון | J1: שיעור ריבית | K1: תשואה לפדיון | L1: ערך נקוב (יחידות) | M1: שער נייר הערך | N1: שווי הוגן (באלפי ש"ח) | O1: עלות מופחתת (באלפי ש"ח) | P1: השיטה שיושמה בדוח הכספי | Q1: שיעור מנכסי אפיק ההשקעה | R1: שיעור מסך נכסי ההשקעה

Sheet אפיק השקעה מובטח תשואה
A1: מספר קרן | B1: מספר מסלול | C1: מאפיין עיקרי | D1: חודש הנפקת שכבה | E1: חודש הבדיקה | F1: שווי הנכסים באפיק (באלפי ש"ח) | G1: שיעור מסך נכסי ההשקעה

Sheet לא סחיר ניירות ערך מסחריים
A1: מספר קופה/קרן/ח.פ. עבור חברת ביטוח | B1: מספר מסלול | C1: שם מנפיק | D1: מספר מנפיק | E1: סוג מספר מזהה מנפיק | F1: שם נייר ערך | G1: מספר נייר ערך | H1: סוג מספר נייר ערך | I1: מאפיין עיקרי | J1: ישראל/חו"ל | K1: מדינה לפי חשיפה כלכלית | L1: ענף מסחר | M1: בעל עניין/צד קשור | N1: תאריך רכישה | O1: דירוג | P1: שם מדרג | Q1: דירוג נייר הערך/המנפיק | R1: מטבע פעילות | S1: מח"מ | T1: סוג הצמדה | U1: ריבית עוגן | V1: מועד פדיון | W1: שיעור ריבית | X1: תשואה לפדיון | Y1: נחיתות חוזית | Z1: האם סווג כחוב בעייתי | AA1: סוג גורם משערך | AB1: תלות/אי-תלות המשערך | AC1: שם גורם משערך | AD1: תאריך שערוך אחרון | AE1: תאריך אחרון בו נבחנה בפועל ירידת ערך | AF1: ערך נקוב (יחידות) | AG1: שער חליפין | AH1: שער נייר הערך | AI1: שווי הוגן (באלפי ש"ח) | AJ1: עלות מופחתת (באלפי ש"ח) | AK1: עלות מופחתת (במטבע הפעילות) | AL1: השיטה שיושמה בדוח הכספי | AM1: שיעור מנכסי אפיק ההשקעה | AN1: שיעור מסך נכסי ההשקעה
A2: 1035 | B2: 1037 | C2: אורמת טכנולגיות אינק | D2: 5493000TSHHWY24VHM09 | E2: LEI | F2: אורמת נעמ 2 לא סחיר | G2: IL0012004680 | H2: ISIN | I2: צמוד למט"ח | J2: חו"ל | K2: ארה"ב | L2: אנרגיה מתחדשת | M2: לא | N2: 11/12/2023 | O2: A-1+ | P2: S&P מעלות | Q2: נייר ערך | R2: USD | S2: 0.02 | T2: לא צמוד | U2: SOFR | V2: 25/09/2028 | W2: 0.050115 | X2: 0.0491 | Y2: החוב לא נחות | AA2: חברת ציטוט | AB2: אי-תלות | AC2: Ness Fair Value | AD2: 31/03/2026 | AF2: 87000 | AG2: 3.165 | AH2: 101.12 | AI2: 279.472 | AL2: שווי הוגן | AM2: 0.22112408 | AN2: 0.00062349026
A3: 1035 | B3: 1037 | C3: אלקטרה נדל"ן בע"מ | D3: 510607328 | E3: ח.פ. | F3: אלקטרה נדלן נעמ 1 | G3: IL0012254327 | H3: ISIN | I3: לא צמוד למדד המחירים לצרכן | J3: ישראל | K3: ארה"ב | L3: נדל"ן מניב בחו"ל | M3: לא | N3: 16/07/2025 | O3: A-2 | P3: S&P מעלות | Q3: נייר ערך | R3: ILS | S3: 0.08 | T3: לא צמוד | U3: ללא | V3: 15/07/2030 | W3: 0.0549 | X3: 0.0589 | Y3: החוב לא נחות | AA3: חברת ציטוט | AB3: אי-תלות | AC3: Ness Fair Value | AD3: 31/03/2026 | AF3: 949000 | AG3: 1 | AH3: 103.73 | AI3: 984.398 | AL3: שווי הוגן | AM3: 0.77887592 | AN3: 0.0021961495
A4: 1035 | B4: 9939 | C4: אורמת טכנולגיות אינק | D4: 5493000TSHHWY24VHM09 | E4: LEI | F4: אורמת נעמ 2 לא סחיר | G4: IL0012004680 | H4: ISIN | I4: צמוד למט"ח | J4: חו"ל | K4: ארה"ב | L4: אנרגיה מתחדשת | M4: לא | N4: 11/12/2023 | O4: A-1+ | P4: S&P מעלות | Q4: נייר ערך | R4: USD | S4: 0.02 | T4: לא צמוד | U4: SOFR | V4: 25/09/2028 | W4: 0.050115 | X4: 0.0491 | Y4: החוב לא נחות | AA4: חברת ציטוט | AB4: אי-תלות | AC4: Ness Fair Value | AD4: 31/03/2026 | AF4: 2591000 | AG4: 3.165 | AH4: 101.12 | AI4: 8323.127 | AL4: שווי הוגן | AM4: 0.38131981 | AN4: 0.0020675669
A5: 1035 | B5: 9939 | C5: רפאל-רשות לפיתוח אמצעי לחימה בע"מ | D5: 520042185 | E5: ח.פ. | F5: נייר ערך מסחרי רפאל סדרה 3 | G5: IL0012202193 | H5: ISIN | I5: צמוד למט"ח | J5: ישראל | K5: ישראל | L5: ביטחוניות | M5: לא | N5: 09/04/2025 | O5: P-1 | P5: מידרוג Moodys | Q5: נייר ערך | R5: USD | S5: 0.02 | T5: לא צמוד | U5: SOFR | V5: 13/03/2030 | W5: 0.0472639 | X5: 0.0456 | Y5: החוב לא נחות | AA5: חברת ציטוט | AB5: אי-תלות | AC5: Ness Fair Value | AD5: 31/03/2026 | AF5: 2870000 | AG5: 3.165 | AH5: 101.12 | AI5: 9216.868 | AL5: שווי הוגן | AM5: 0.4222661 | AN5: 0.0022895831
A6: 1035 | B6: 9939 | C6: אלקטרה נדל"ן בע"מ | D6: 510607328 | E6: ח.פ. | F6: אלקטרה נדלן נעמ 1 | G6: IL0012254327 | H6: ISIN | I6: לא צמוד למדד המחירים לצרכן | J6: ישראל | K6: ארה"ב | L6: נדל"ן מניב בחו"ל | M6: לא | N6: 16/07/2025 | O6: A-2 | P6: S&P מעלות | Q6: נייר ערך | R6: ILS | S6: 0.08 | T6: לא צמוד | U6: ללא | V6: 15/07/2030 | W6: 0.0549 | X6: 0.0589 | Y6: החוב לא נחות | AA6: חברת ציטוט | AB6: אי-תלות | AC6: Ness Fair Value | AD6: 31/03/2026 | AF6: 4133000 | AG6: 1 | AH6: 103.73 | AI6: 4287.161 | AL6: שווי הוגן | AM6: 0.19641409 | AN6: 0.0010649834
A7: 1035 | B7: 9940 | C7: אורמת טכנולגיות אינק | D7: 5493000TSHHWY24VHM09 | E7: LEI | F7: אורמת נעמ 2 לא סחיר | G7: IL0012004680 | H7: ISIN | I7: צמוד למט"ח | J7: חו"ל | K7: ארה"ב | L7: אנרגיה מתחדשת | M7: לא | N7: 11/12/2023 | O7: A-1+ | P7: S&P מעלות | Q7: נייר ערך | R7: USD | S7: 0.02 | T7: לא צמוד | U7: SOFR | V7: 25/09/2028 | W7: 0.050115 | X7: 0.0491 | Y7: החוב לא נחות | AA7: חברת ציטוט | AB7: אי-תלות | AC7: Ness Fair Value | AD7: 31/03/2026 | AF7: 6594000 | AG7: 3.165 | AH7: 101.12 | AI7: 21182.053 | AL7: שווי הוגן | AM7: 0.29218985 | AN7: 0.0016459341
A8: 1035 | B8: 9940 | C8: רפאל-רשות לפיתוח אמצעי לחימה בע"מ | D8: 520042185 | E8: ח.פ. | F8: נייר ערך מסחרי רפאל סדרה 3 | G8: IL0012202193 | H8: ISIN | I8: צמוד למט"ח | J8: ישראל | K8: ישראל | L8: ביטחוניות | M8: לא | N8: 09/04/2025 | O8: P-1 | P8: מידרוג Moodys | Q8: נייר ערך | R8: USD | S8: 0.02 | T8: לא צמוד | U8: SOFR | V8: 13/03/2030 | W8: 0.0472639 | X8: 0.0456 | Y8: החוב לא נחות | AA8: חברת ציטוט | AB8: אי-תלות | AC8: Ness Fair Value | AD8: 31/03/2026 | AF8: 9690000 | AG8: 3.165 | AH8: 101.12 | AI8: 31118.972 | AL8: שווי הוגן | AM8: 0.42926187 | AN8: 0.0024180743
A9: 1035 | B9: 9940 | C9: אלקטרה נדל"ן בע"מ | D9: 510607328 | E9: ח.פ. | F9: אלקטרה נדלן נעמ 1 | G9: IL0012254327 | H9: ISIN | I9: לא צמוד למדד המחירים לצרכן | J9: ישראל | K9: ארה"ב | L9: נדל"ן מניב בחו"ל | M9: לא | N9: 16/07/2025 | O9: A-2 | P9: S&P מעלות | Q9: נייר ערך | R9: ILS | S9: 0.08 | T9: לא צמוד | U9: ללא | V9: 15/07/2030 | W9: 0.0549 | X9: 0.0589 | Y9: החוב לא נחות | AA9: חברת ציטוט | AB9: אי-תלות | AC9: Ness Fair Value | AD9: 31/03/2026 | AF9: 19467000 | AG9: 1 | AH9: 103.73 | AI9: 20193.119 | AL9: שווי הוגן | AM9: 0.27854828 | AN9: 0.0015690898
A10: 1035 | B10: 9941 | C10: אורמת טכנולגיות אינק | D10: 5493000TSHHWY24VHM09 | E10: LEI | F10: אורמת נעמ 2 לא סחיר | G10: IL0012004680 | H10: ISIN | I10: צמוד למט"ח | J10: חו"ל | K10: ארה"ב | L10: אנרגיה מתחדשת | M10: לא | N10: 11/12/2023 | O10: A-1+ | P10: S&P מעלות | Q10: נייר ערך | R10: USD | S10: 0.02 | T10: לא צמוד | U10: SOFR | V10: 25/09/2028 | W10: 0.050115 | X10: 0.0491 | Y10: החוב לא נחות | AA10: חברת ציטוט | AB10: אי-תלות | AC10: Ness Fair Value | AD10: 31/03/2026 | AF10: 2855000 | AG10: 3.165 | AH10: 101.12 | AI10: 9171.18 | AL10: שווי הוגן | AM10: 0.24244635 | AN10: 0.0012633103
A11: 1035 | B11: 9941 | C11: רפאל-רשות לפיתוח אמצעי לחימה בע"מ | D11: 520042185 | E11: ח.פ. | F11: נייר ערך מסחרי רפאל סדרה 3 | G11: IL0012202193 | H11: ISIN | I11: צמוד למט"ח | J11: ישראל | K11: ישראל | L11: ביטחוניות | M11: לא | N11: 09/04/2025 | O11: P-1 | P11: מידרוג Moodys | Q11: נייר ערך | R11: USD | S11: 0.02 | T11: לא צמוד | U11: SOFR | V11: 13/03/2030 | W11: 0.0472639 | X11: 0.0456 | Y11: החוב לא נחות | AA11: חברת ציטוט | AB11: אי-תלות | AC11: Ness Fair Value | AD11: 31/03/2026 | AF11: 4460000 | AG11: 3.165 | AH11: 101.12 | AI11: 14323.077 | AL11: שווי הוגן | AM11: 0.37864023 | AN11: 0.001972973
A12: 1035 | B12: 9941 | C12: אלקטרה נדל"ן בע"מ | D12: 510607328 | E12: ח.פ. | F12: אלקטרה נדלן נעמ 1 | G12: IL0012254327 | H12: ISIN | I12: לא צמוד למדד המחירים לצרכן | J12: ישראל | K12: ארה"ב | L12: נדל"ן מניב בחו"ל | M12: לא | N12: 16/07/2025 | O12: A-2 | P12: S&P מעלות | Q12: נייר ערך | R12: ILS | S12: 0.08 | T12: לא צמוד | U12: ללא | V12: 15/07/2030 | W12: 0.0549 | X12: 0.0589 | Y12: החוב לא נחות | AA12: חברת ציטוט | AB12: אי-תלות | AC12: Ness Fair Value | AD12: 31/03/2026 | AF12: 13818000 | AG12: 1 | AH12: 103.73 | AI12: 14333.411 | AL12: שווי הוגן | AM12: 0.37891343 | AN12: 0.0019743966
A13: 1038 | B13: 1038 | C13: אורמת טכנולגיות אינק | D13: 5493000TSHHWY24VHM09 | E13: LEI | F13: אורמת נעמ 2 לא סחיר | G13: IL0012004680 | H13: ISIN | I13: צמוד למט"ח | J13: חו"ל | K13: ארה"ב | L13: אנרגיה מתחדשת | M13: לא | N13: 11/12/2023 | O13: A-1+ | P13: S&P מעלות | Q13: נייר ערך | R13: USD | S13: 0.02 | T13: לא צמוד | U13: SOFR | V13: 25/09/2028 | W13: 0.050115 | X13: 0.0491 | Y13: החוב לא נחות | AA13: חברת ציטוט | AB13: אי-תלות | AC13: Ness Fair Value | AD13: 31/03/2026 | AF13: 1351000 | AG13: 3.165 | AH13: 101.12 | AI13: 4339.847 | AL13: שווי הוגן | AM13: 0.30177832 | AN13: 0.00096093421
... A33: 11389 | B33: 11392 | C33: אלקטרה נדל"ן בע"מ | D33: 510607328 | E33: ח.פ. | F33: אלקטרה נדלן נעמ 1 | G33: IL0012254327 | H33: ISIN | I33: לא צמוד למדד המחירים לצרכן | J33: ישראל | K33: ארה"ב | L33: נדל"ן מניב בחו"ל | M33: לא | N33: 16/07/2025 | O33: A-2 | P33: S&P מעלות | Q33: נייר ערך | R33: ILS | S33: 0.08 | T33: לא צמוד | U33: ללא | V33: 15/07/2030 | W33: 0.0549 | X33: 0.0589 | Y33: החוב לא נחות | AA33: חברת ציטוט | AB33: אי-תלות | AC33: Ness Fair Value | AD33: 31/03/2026 | AF33: 634000 | AG33: 1 | AH33: 103.73 | AI33: 657.648 | AL33: שווי הוגן | AM33: 0.41639523 | AN33: 0.0019814079

Sheet לא סחיר איגרות חוב
A1: מספר קופה/קרן/ח.פ. עבור חברת ביטוח | B1: מספר מסלול | C1: שם מנפיק | D1: מספר מנפיק | E1: סוג מספר מזהה מנפיק | F1: שם נייר ערך | G1: מספר נייר ערך | H1: סוג מספר נייר ערך | I1: מאפיין עיקרי | J1: ישראל/חו"ל | K1: מדינה לפי חשיפה כלכלית | L1: סטאטוס סחירות | M1: ענף מסחר | N1: בעל עניין/צד קשור | O1: תאריך רכישה | P1: דירוג | Q1: שם מדרג | R1: דירוג נייר הערך/המנפיק | S1: מטבע פעילות | T1: מח"מ | U1: מועד פדיון | V1: תשואה לפדיון | W1: שיעור ריבית | X1: נחיתות חוזית | Y1: האם סווג כחוב בעייתי | Z1: סוג גורם משערך | AA1: תלות/אי-תלות המשערך | AB1: תאריך שערוך אחרון | AC1: תאריך אחרון בו נבחנה בפועל ירידת ערך | AD1: ערך נקוב (יחידות) | AE1: שער חליפין | AF1: שער נייר הערך | AG1: שווי הוגן (באלפי ש"ח) | AH1: עלות מופחתת (באלפי ש"ח) | AI1: עלות מופחתת (במטבע הפעילות) | AJ1: השיטה שיושמה בדוח הכספי | AK1: שיעור מנכסי אפיק ההשקעה | AL1: שיעור מסך נכסי ההשקעה
A2: 1035 | B2: 1036 | C2: סיאלו טכנולוגיה ישראל בע"מ | D2: 513310235 | E2: ח.פ. | F2: סיאלו אגח א ( מחוקה ) | G2: IL0011020604 | H2: ISIN | I2: אחר | J2: ישראל | K2: ישראל | L2: לא סחיר | M2: מכשור רפואי | N2: לא | O2: 17/09/2007 | P2: NR | Q2: NR | R2: NR | S2: ILS | T2: NA | U2: 28/09/2019 | V2: 0.0001 | W2: 0.07 | X2: החוב לא נחות | Z2: גורם תלוי/פנימי | AA2: קיימת תלות | AB2: 19/01/2026 | AD2: 28740 | AE2: 1 | AF2: 0 | AG2: 0 | AJ2: שווי הוגן | AK2: 1.4528501e-07 | AL2: 4.6048557e-14
A3: 1035 | B3: 1036 | C3: אלומיי החזקות תלמי יוסף בע"מ | D3: 513027292 | E3: ח.פ. | F3: ציפ פיסי אגח א | G3: 1106467 | H3: פנימי | I3: אחר | J3: ישראל | K3: ישראל | L3: לא סחיר | M3: אחר | N3: לא | O3: 22/08/2007 | P3: NR | Q3: NR | R3: NR | S3: ILS | T3: 0.01 | U3: 31/12/2024 | V3: 0.0001 | W3: 0.067348 | X3: החוב לא נחות | Z3: גורם תלוי/פנימי | AA3: קיימת תלות | AB3: 19/01/2026 | AD3: 40490 | AE3: 1 | AF3: 3 | AG3: 1.215 | AJ3: שווי הוגן | AK3: 0.61404907 | AL3: 1.9462485e-07
A4: 1035 | B4: 1036 | C4: אינטרנט גולד - קווי זהב בע"מ | D4: 520044264 | E4: ח.פ. | F4: אינטרנט זהב אגח ד | G4: IL0011316143 | H4: ISIN | I4: אחר | J4: ישראל | K4: ישראל | L4: לא סחיר | M4: חברות ללא פעילות ומעטפת | N4: לא | O4: 12/04/2018 | P4: NR | Q4: NR | R4: NR | S4: ILS | T4: NA | U4: 15/09/2022 | V4: 0.0001 | W4: 0.06 | X4: החוב לא נחות | Z4: גורם תלוי/פנימי | AA4: קיימת תלות | AB4: 19/01/2026 | AD4: 1019703.7 | AE4: 1 | AF4: 0 | AG4: 0 | AJ4: שווי הוגן | AK4: 5.1547549e-06 | AL4: 1.6338163e-12
A5: 1035 | B5: 1036 | C5: ברוקלנד | D5: 1814237 | E5: פנימי | F5: ברוקלנד אפריל אגח ב (מחוקה | G5: IL0011369936 | H5: ISIN | I5: אחר | J5: ישראל | K5: ארה"ב | L5: לא סחיר | M5: בנייה | N5: לא | O5: 13/11/2018 | P5: NR | Q5: NR | R5: NR | S5: ILS | T5: NA | U5: 01/12/2021 | V5: 0.0001 | W5: 0.0885 | X5: החוב לא נחות | Z5: גורם תלוי/פנימי | AA5: קיימת תלות | AB5: 19/01/2026 | AD5: 220871.23 | AE5: 1 | AF5: 0 | AG5: 0 | AJ5: שווי הוגן | AK5: 1.1165372e-06 | AL5: 3.538901e-13
A6: 1035 | B6: 1036 | C6: פסיפיקה אחזקות בע"מ | D6: 520039215 | E6: ח.פ. | F6: פסיפיקה אגח א(מחוקה) | G6: IL0043800445 | H6: ISIN | I6: אחר | J6: ישראל | K6: ישראל | L6: לא סחיר | M6: אחר | N6: לא | O6: 23/07/2007 | P6: NR | Q6: NR | R6: NR | S6: ILS | T6: NA | U6: 28/09/2019 | V6: 0.0001 | W6: 0.025 | X6: החוב לא נחות | Z6: גורם תלוי/פנימי | AA6: קיימת תלות | AB6: 19/01/2026 | AD6: 640 | AE6: 1 | AF6: 0 | AG6: 0 | AJ6: שווי הוגן | AK6: 3.235296e-09 | AL6: 1.0254376e-15
A7: 1035 | B7: 1036 | C7: אפריקה-ישראל להשקעות בע"מ | D7: 520005067 | E7: ח.פ. | F7: אפריקה אגח כו (סכומים לקבל) | G7: IL0061103656 | H7: ISIN | I7: אחר | J7: ישראל | K7: ישראל | L7: לא סחיר | M7: אחר | N7: לא | O7: 16/05/2010 | P7: NR | Q7: NR | R7: NR | S7: ILS | T7: NA | U7: 30/09/2021 | V7: 0.0001 | W7: 0.06 | X7: החוב לא נחות | Z7: גורם תלוי/פנימי | AA7: קיימת תלות | AB7: 19/01/2026 | AD7: 1044998.9 | AE7: 1 | AF7: 0 | AG7: 0 | AJ7: שווי הוגן | AK7: 5.2826261e-06 | AL7: 1.6743455e-12
A8: 1035 | B8: 1036 | C8: אול-יר הולדינגס לימיטד | D8: 1841580 | E8: מספר תאגיד או שותפות בחו"ל | F8: אול- יר אגח ה | G8: IL0011433047 | H8: ISIN | I8: לא צמוד למדד המחירים לצרכן | J8: ישראל | K8: ארה"ב | L8: לא סחיר | M8: נדל"ן מניב בחו"ל | N8: לא | O8: 11/10/2021 | P8: NR | Q8: NR | R8: NR | S8: ILS | T8: NA | U8: 31/07/2024 | V8: 0.0001 | W8: 0.03 | X8: החוב לא נחות | Z8: גורם תלוי/פנימי | AA8: קיימת תלות | AB8: 19/01/2026 | AD8: 85274.41 | AE8: 1 | AF8: 0 | AG8: 0 | AJ8: שווי הוגן | AK8: 4.3107493e-07 | AL8: 1.366306e-13
A9: 1035 | B9: 1036 | C9: אלביט מדיקל טכנולוג'יס בע"מ | D9: 520039645 | E9: ח.פ. | F9: אנטר הולדינג אגח ב לס | G9: 47401631 | H9: פנימי | I9: אחר | J9: ישראל | K9: ישראל | L9: לא סחיר | M9: השקעה ואחזקות | N9: לא | O9: 28/06/2010 | P9: NR | Q9: NR | R9: NR | S9: ILS | T9: NA | U9: 28/09/2019 | V9: 0.0001 | W9: 0.0745 | X9: החוב לא נחות | Z9: גורם תלוי/פנימי | AA9: קיימת תלות | AB9: 19/01/2026 | AD9: 136380.16 | AE9: 1 | AF9: 0 | AG9: 0 | AJ9: שווי הוגן | AK9: 6.8942216e-07 | AL9: 2.185146e-13
A10: 1035 | B10: 1036 | C10: אלון חברת הדלק לישראל בע"מ | D10: 520041690 | E10: ח.פ. | F10: אלון חברת הדלק רמ אגח א (י | G10: IL0011015679 | H10: ISIN | I10: צמוד למדד המחירים לצרכן | J10: ישראל | K10: ישראל | L10: לא סחיר | M10: השקעה ואחזקות | N10: לא | O10: 31/07/2016 | P10: NR | Q10: NR | R10: NR | S10: ILS | T10: NA | U10: 30/06/2024 | V10: 0.04102 | W10: 0.0535 | X10: החוב לא נחות | Z10: גורם תלוי/פנימי | AA10: קיימת תלות | AB10: 19/01/2026 | AD10: 97556.58 | AE10: 1 | AF10: 0 | AG10: 0 | AJ10: שווי הוגן | AK10: 4.9316314e-07 | AL10: 1.5630966e-13
A11: 1035 | B11: 1036 | C11: גמול חברה להשקעות בע"מ | D11: 520018136 | E11: ח.פ. | F11: גמול השקעות אגח ב | G11: IL0011167553 | H11: ISIN | I11: צמוד למדד המחירים לצרכן | J11: ישראל | K11: ישראל | L11: לא סחיר | M11: אחר | N11: לא | O11: 06/07/2014 | P11: NR | Q11: NR | R11: NR | S11: ILS | T11: NA | U11: 30/09/2021 | V11: 0.0001 | W11: 0.045 | X11: החוב לא נחות | Z11: גורם תלוי/פנימי | AA11: קיימת תלות | AB11: 19/01/2026 | AD11: 24949.47 | AE11: 1 | AF11: 3.06 | AG11: 0.763 | AJ11: שווי הוגן | AK11: 0.38593734 | AL11: 1.2232409e-07
A12: 1035 | B12: 1036 | C12: אלרן נדל"ן בע"מ | D12: 511315707 | E12: ח.פ. | F12: אלרן נדלן אגח ג | G12: IL0011246506 | H12: ISIN | I12: צמוד למדד המחירים לצרכן | J12: ישראל | K12: רוסיה | L12: לא סחיר | M12: אחר | N12: לא | O12: 18/06/2015 | P12: NR | Q12: NR | R12: NR | S12: ILS | T12: NA | U12: 30/11/2012 | V12: 0.0001 | W12: 0.134136 | X12: החוב לא נחות | Z12: גורם תלוי/פנימי | AA12: קיימת תלות | AB12: 19/01/2026 | AD12: 1975.64 | AE12: 1 | AF12: 0 | AG12: 0 | AJ12: שווי הוגן | AK12: 9.9871565e-09 | AL12: 3.1654617e-15
A13: 1035 | B13: 1036 | C13: מעין ונצ'ורס בע"מ | D13: 512420647 | E13: ח.פ. | F13: מעין ונצורס אגח ב' להמרה(מחוקה) י | G13: IL0011351850 | H13: ISIN | I13: אג"ח להמרה צמוד למדד המחירים לצרכן | J13: ישראל | K13: ישראל | L13: לא סחיר | M13: אחר | N13: לא | O13: 20/11/2022 | P13: NR | Q13: NR | R13: NR | S13: ILS | T13: NA | U13: 01/01/2026 | V13: 0.0001 | W13: 0.045 | X13: החוב לא נחות | Z13: גורם תלוי/פנימי | AA13: קיימת תלות | AB13: 19/01/2026 | AD13: 53814.89 | AE13: 1 | AF13: 0 | AG13: 0 | AJ13: שווי הוגן | AK13: 2.7204234e-07 | AL13: 8.6224705e-14
A14: 1035 | B14: 1037 | C14: נתיבים אגרות חוב בע"מ | D14: 513502229 | E14: ח.פ. | F14: נתיבים אגח א רמ | G14: IL0010902810 | H14: ISIN | I14: צמוד למט"ח | J14: ישראל | K14: ישראל | L14: לא סחיר | M14: אג"ח מובנות | N14: לא | O14: 28/09/2005 | P14: AA | Q14: S&P מעלות | R14: נייר ערך | S14: USD | T14: 0.75 | U14: 05/07/2027 | V14: 0.0455 | W14: 0.0797 | X14: החוב לא נחות | Z14: חברת ציטוט | AA14: אי-תלות | AB14: 31/03/2026 | AD14: 8384.84 | AE14: 3.165 | AF14: 104.49 | AG14: 27.73 | AJ14: שווי הוגן | AK14: 0.0019014374 | AL14: 6.1863507e-05
A15: 1035 | B15: 1037 | C15: מקורות חברת מים בע"מ | D15: 520010869 | E15: ח.פ. | F15: מקורות אגח 6 רמ | G15: IL0011009086 | H15: ISIN | I15: צמוד למדד המחירים לצרכן | J15: ישראל | K15: ישראל | L15: לא סחיר | M15: שרותים | N15: לא | O15: 26/01/2022 | P15: AAA | Q15: S&P מעלות | R15: נייר ערך | S15: ILS | T15: 5.11 | U15: 25/12/2036 | V15: 0.026 | W15: 0.049 | X15: החוב לא נחות | Z15: חברת ציטוט | AA15: אי-תלות | AB15: 31/03/2026 | AD15: 544772.49 | AE15: 1 | AF15: 161.06 | AG15: 877.411 | AJ15: שווי הוגן | AK15: 0.060164687 | AL15: 0.0019574658
A16: 1035 | B16: 1037 | C16: סיאלו טכנולוגיה ישראל בע"מ | D16: 513310235 | E16: ח.פ. | F16: סיאלו אגח א ( מחוקה ) | G16: IL0011020604 | H16: ISIN | I16: אחר | J16: ישראל | K16: ישראל | L16: לא סחיר | M16: מכשור רפואי | N16: לא | O16: 16/09/2007 | P16: NR | Q16: NR | R16: NR | S16: ILS | T16: NA | U16: 28/09/2019 | V16: 0.0001 | W16: 0.07 | X16: החוב לא נחות | Z16: גורם תלוי/פנימי | AA16: קיימת תלות | AB16: 19/01/2026 | AD16: 32400.2 | AE16: 1 | AF16: 0 | AG16: 0 | AJ16: שווי הוגן | AK16: 2.2217055e-11 | AL16: 7.2283472e-13
A17: 1035 | B17: 1037 | C17: נתיבי הגז הטבעי לישראל בע"מ | D17: 513436394 | E17: ח.פ. | F17: נתיבי גז אג"ח א - רמ | G17: IL0011030843 | H17: ISIN | I17: צמוד למדד המחירים לצרכן | J17: ישראל | K17: ישראל | L17: לא סחיר | M17: שרותים | N17: לא | O17: 04/01/2010 | P17: AAA | Q17: S&P מעלות | R17: נייר ערך | S17: ILS | T17: 0.32 | U17: 29/12/2026 | V17: 0.0301 | W17: 0.056 | X17: החוב לא נחות | Z17: חברת ציטוט | AA17: אי-תלות | AB17: 31/03/2026 | AC17: 31/03/2024 | AD17: 67366.01 | AE17: 1 | AF17: 145.56 | AG17: 98.058 | AJ17: שווי הוגן | AK17: 0.0067239066 | AL17: 0.00021876316
A18: 1035 | B18: 1037 | C18: י.רשי בע"מ | D18: 513704114 | E18: ח.פ. | F18: רשי אגח א( מחוקה) | G18: IL0011043556 | H18: ISIN | I18: אחר | J18: ישראל | K18: רוסיה | L18: לא סחיר | M18: אחר | N18: לא | O18: 07/09/2008 | P18: NR | Q18: NR | R18: NR | S18: ILS | T18: NA | U18: 07/01/2019 | V18: 0.0001 | W18: 0.084 | X18: החוב לא נחות | Z18: גורם תלוי/פנימי | AA18: קיימת תלות | AB18: 19/01/2026 | AD18: 43600 | AE18: 1 | AF18: 0 | AG18: 0 | AJ18: שווי הוגן | AK18: 2.989684e-11 | AL18: 9.7269751e-13
A19: 1035 | B19: 1037 | C19: אלומיי החזקות תלמי יוסף בע"מ | D19: 513027292 | E19: ח.פ. | F19: ציפ פיסי אגח א | G19: 1106467 | H19: פנימי | I19: אחר | J19: ישראל | K19: ישראל | L19: לא סחיר | M19: אחר | N19: לא | O19: 22/08/2007 | P19: NR | Q19: NR | R19: NR | S19: ILS | T19: 0.01 | U19: 31/12/2024 | V19: 0.0001 | W19: 0.067348 | X19: החוב לא נחות | Z19: גורם תלוי/פנימי | AA19: קיימת תלות | AB19: 19/01/2026 | AD19: 80500 | AE19: 1 | AF19: 3 | AG19: 2.415 | AJ19: שווי הוגן | AK19: 0.00016559832 | AL19: 5.3877626e-06
A20: 1035 | B20: 1037 | C20: מקורות חברת מים בע"מ | D20: 520010869 | E20: ח.פ. | F20: מקורות אגח 8 רמ | G20: IL0011243461 | H20: ISIN | I20: צמוד למדד המחירים לצרכן | J20: ישראל | K20: ישראל | L20: לא סחיר | M20: שרותים | N20: לא | O20: 22/09/2016 | P20: AAA | Q20: S&P מעלות | R20: נייר ערך | S20: ILS | T20: 8.9 | U20: 14/07/2048 | V20: 0.0291 | W20: 0.041 | X20: החוב לא נחות | Z20: חברת ציטוט | AA20: אי-תלות | AB20: 31/03/2026 | AD20: 4383882.6 | AE20: 1 | AF20: 138.87 | AG20: 6087.898 | AJ20: שווי הוגן | AK20: 0.41745162 | AL20: 0.013581842
A21: 1035 | B21: 1037 | C21: ביטוח ישיר - השקעות פיננסיות בע"מ | D21: 520044439 | E21: ח.פ. | F21: ביטוח ישיר אגח יא רמ | G21: IL0011388258 | H21: ISIN | I21: לא צמוד למדד המחירים לצרכן | J21: ישראל | K21: ישראל | L21: לא סחיר | M21: השקעה ואחזקות | N21: לא | O21: 29/11/2021 | P21: A | Q21: S&P | R21: נייר ערך | S21: ILS | T21: 1.54 | U21: 30/06/2028 | V21: 0.0516 | W21: 0.046 | X21: החוב לא נחות | Z21: חברת ציטוט | AA21: אי-תלות | AB21: 31/03/2026 | AD21: 190573.37 | AE21: 1 | AF21: 100.38 | AG21: 191.298 | AJ21: שווי הוגן | AK21: 0.013117413 | AL21: 0.00042677672
A22: 1035 | B22: 1037 | C22: מת"ם - מרכז תעשיות מדע חיפה בע"מ | D22: 510687403 | E22: ח.פ. | F22: מת"ם אגח א-רמ | G22: IL0011389991 | H22: ISIN | I22: לא צמוד למדד המחירים לצרכן | J22: ישראל | K22: ישראל | L22: לא סחיר | M22: נדל"ן מניב בישראל | N22: לא | O22: 25/03/2026 | P22: Aa2 | Q22: מידרוג Moodys | R22: נייר ערך | S22: ILS | T22: 0.74 | U22: 30/06/2027 | V22: 0.0452 | W22: 0.031 | X22: החוב לא נחות | Z22: חברת ציטוט | AA22: אי-תלות | AB22: 31/03/2026 | AD22: 68307 | AE22: 1 | AF22: 99.02 | AG22: 67.638 | AJ22: שווי הוגן | AK22: 0.0046379593 | AL22: 0.0001508966
A23: 1035 | B23: 1037 | C23: רפאל-רשות לפיתוח אמצעי לחימה בע"מ | D23: 520042185 | E23: ח.פ. | F23: רפאל סד' ד 2020/2034 | G23: IL0011402844 | H23: ISIN | I23: לא צמוד למדד המחירים לצרכן | J23: ישראל | K23: ישראל | L23: לא סחיר | M23: ביטחוניות | N23: לא | O23: 04/05/2021 | P23: AAA | Q23: S&P מעלות | R23: נייר ערך | S23: ILS | T23: 4 | U23: 15/09/2034 | V23: 0.0441 | W23: 0.0374 | X23: החוב לא נחות | Z23: חברת ציטוט | AA23: אי-תלות | AB23: 31/03/2026 | AD23: 871102.58 | AE23: 1 | AF23: 97.69 | AG23: 850.98 | AJ23: שווי הוגן | AK23: 0.058352331 | AL23: 0.0018985005
A24: 1035 | B24: 1037 | C24: גדות מסופים כימיקלים (1985) בע"מ | D24: 520040775 | E24: ח.פ. | F24: גדות מספ אגח א רמ | G24: IL0011623209 | H24: ISIN | I24: לא צמוד למדד המחירים לצרכן | J24: ישראל | K24: ישראל | L24: לא סחיר | M24: מסחר | N24: לא | O24: 14/01/2020 | P24: A- | Q24: S&P | R24: נייר ערך | S24: ILS | T24: 0.25 | U24: 30/06/2026 | V24: 0.0524 | W24: 0.043 | X24: החוב לא נחות | Z24: חברת ציטוט | AA24: אי-תלות | AB24: 31/03/2026 | AD24: 237368.37 | AE24: 1 | AF24: 100.86 | AG24: 239.41 | AJ24: שווי הוגן | AK24: 0.016416502 | AL24: 0.00053411297
A25: 1035 | B25: 1037 | C25: אורמת טכנולגיות אינק | D25: 5493000TSHHWY24VHM09 | E25: LEI | F25: אורמת אגח 4 רמ | G25: IL0011672123 | H25: ISIN | I25: לא צמוד למדד המחירים לצרכן | J25: ישראל | K25: ארה"ב | L25: לא סחיר | M25: אנרגיה מתחדשת | N25: לא | O25: 01/07/2020 | P25: AA- | Q25: S&P מעלות | R25: נייר ערך | S25: ILS | T25: 2.5 | U25: 15/06/2031 | V25: 0.0493 | W25: 0.0335 | X25: החוב לא נחות | Z25: חברת ציטוט | AA25: אי-תלות | AB25: 31/03/2026 | AD25: 1022068.3 | AE25: 1 | AF25: 97.24 | AG25: 993.859 | AJ25: שווי הוגן | AK25: 0.068149654 | AL25: 0.0022172577
A26: 1035 | B26: 1037 | C26: תשתיות אנרגיה בעמ | D26: 520027293 | E26: ח.פ. | F26: תשת אנרג אגח א 2023/2040 | G26: IL0011680878 | H26: ISIN | I26: צמוד למדד המחירים לצרכן | J26: ישראל | K26: ישראל | L26: לא סחיר | M26: אנרגיה | N26: לא | O26: 17/08/2020 | P26: AAA | Q26: S&P | R26: נייר ערך | S26: ILS | T26: 6.84 | U26: 31/12/2040 | V26: 0.028 | W26: 0.0083 | X26: החוב לא נחות | Z26: חברת ציטוט | AA26: אי-תלות | AB26: 31/03/2026 | AD26: 159191.21 | AE26: 1 | AF26: 103.27 | AG26: 164.397 | AJ26: שווי הוגן | AK26: 0.011272807 | AL26: 0.0003667622
A27: 1035 | B27: 1037 | C27: י.ח.ק להשקעות שותפות מוגבלת | D27: 550016091 | E27: מספר שותפות | F27: י.ח.ק. אגח ב רמ | G27: IL0011817835 | H27: ISIN | I27: לא צמוד למדד המחירים לצרכן | J27: ישראל | K27: ישראל | L27: לא סחיר | M27: השקעה ואחזקות | N27: לא | O27: 15/11/2021 | P27: A+ | Q27: S&P מעלות | R27: נייר ערך | S27: ILS | T27: 1.71 | U27: 31/12/2028 | V27: 0.0479 | W27: 0.0286 | X27: החוב לא נחות | Z27: חברת ציטוט | AA27: אי-תלות | AB27: 31/03/2026 | AD27: 274300.24 | AE27: 1 | AF27: 97.54 | AG27: 267.552 | AJ27: שווי הוגן | AK27: 0.018346268 | AL27: 0.00059689818
A28: 1035 | B28: 1037 | C28: רשות שדות התעופה בישראל | D28: 500102868 | E28: ח.פ. | F28: רש"ת אגח א - רמ | G28: IL0011873358 | H28: ISIN | I28: צמוד למדד המחירים לצרכן | J28: ישראל | K28: ישראל | L28: לא סחיר | M28: שרותים | N28: לא | O28: 29/06/2022 | P28: Aaa | Q28: מידרוג Moodys | R28: נייר ערך | S28: ILS | T28: 3.19 | U28: 31/12/2031 | V28: 0.0271 | W28: 0.0155 | X28: החוב לא נחות | Z28: חברת ציטוט | AA28: אי-תלות | AB28: 31/03/2026 | AD28: 1528715.7 | AE28: 1 | AF28: 108.02 | AG28: 1651.319 | AJ28: שווי הוגן | AK28: 0.11323214 | AL28: 0.0036840221
A29: 1035 | B29: 1037 | C29: רשות שדות התעופה בישראל | D29: 500102868 | E29: ח.פ. | F29: רש"ת אגח ב -רמ | G29: IL0011873432 | H29: ISIN | I29: צמוד למדד המחירים לצרכן | J29: ישראל | K29: ישראל | L29: לא סחיר | M29: שרותים | N29: לא | O29: 29/06/2022 | P29: Aaa | Q29: מידרוג Moodys | R29: נייר ערך | S29: ILS | T29: 6.1 | U29: 31/12/2036 | V29: 0.0277 | W29: 0.0175 | X29: החוב לא נחות | Z29: חברת ציטוט | AA29: אי-תלות | AB29: 31/03/2026 | AD29: 870262.06 | AE29: 1 | AF29: 105.42 | AG29: 917.43 | AJ29: שווי הוגן | AK29: 0.062908867 | AL29: 0.002046748
A30: 1035 | B30: 1037 | C30: אגד חברה לתחבורה בע"מ | D30: 570012377 | E30: מספר שותפות | F30: אגד אגח 1-רמ | G30: IL0011987877 | H30: ISIN | I30: צמוד למדד המחירים לצרכן | J30: ישראל | K30: ישראל | L30: לא סחיר | M30: שרותים | N30: לא | O30: 16/08/2023 | P30: AA- | Q30: S&P מעלות | R30: נייר ערך | S30: ILS | T30: 2.28 | U30: 31/12/2029 | V30: 0.0311 | W30: 0.0364 | X30: החוב לא נחות | Z30: חברת ציטוט | AA30: אי-תלות | AB30: 31/03/2026 | AD30: 289800 | AE30: 1 | AF30: 108.66 | AG30: 314.897 | AJ30: שווי הוגן | AK30: 0.021592697 | AL30: 0.00070252114
... A32: 1035 | B32: 1037 | C32: עלמדב אינק | D32: 002624970 | E32: מספר תאגיד או שותפות בחו"ל | F32: עלמדב אגח ג-רמ | G32: IL0012118878 | H32: ISIN | I32: לא צמוד למדד המחירים לצרכן | J32: ישראל | K32: קנדה | L32: לא סחיר | M32: בנייה | N32: לא | O32: 30/09/2024 | P32: NR | Q32: NR | R32: NR | S32: ILS | T32: 2.64 | U32: 30/04/2029 | V32: 0.1015 | W32: 0.095 | X32: החוב לא נחות | Z32: חברת ציטוט | AA32: אי-תלות | AB32: 31/03/2026 | AD32: 200365 | AE32: 1 | AF32: 102.89 | AG32: 206.156 | AJ32: שווי הוגן | AK32: 0.014136237 | AL32: 0.00045992429
A33: 1035 | B33: 1037 | C33: פסיפיקה אחזקות בע"מ | D33: 520039215 | E33: ח.פ. | F33: פסיפיקה אגח א(מחוקה) | G33: IL0043800445 | H33: ISIN | I33: אחר | J33: ישראל | K33: ישראל | L33: לא סחיר | M33: אחר | N33: לא | O33: 17/01/2008 | P33: NR | Q33: NR | R33: NR | S33: ILS | T33: NA | U33: 28/09/2019 | V33: 0.0001 | W33: 0.025 | X33: החוב לא נחות | Z33: גורם תלוי/פנימי | AA33: קיימת תלות | AB33: 19/01/2026 | AD33: 9000 | AE33: 1 | AF33: 0 | AG33: 0 | AJ33: שווי הוגן | AK33: 6.1713661e-12 | AL33: 2.0078618e-13
A34: 1035 | B34: 1037 | C34: כלל תעשיות בע"מ | D34: 520021874 | E34: ח.פ. | F34: כלל תעש אגח טז-רמ | G34: IL0060802381 | H34: ISIN | I34: לא צמוד למדד המחירים לצרכן | J34: ישראל | K34: ישראל | L34: לא סחיר | M34: השקעה ואחזקות | N34: לא | O34: 29/12/2019 | P34: A | Q34: S&P | R34: נייר ערך | S34: ILS | T34: 1.1 | U34: 30/06/2027 | V34: 0.0513 | W34: 0.0447 | X34: החוב לא נחות | Z34: חברת ציטוט | AA34: אי-תלות | AB34: 31/03/2026 | AD34: 357903.52 | AE34: 1 | AF34: 100.47 | AG34: 359.586 | AJ34: שווי הוגן | AK34: 0.024657053 | AL34: 0.00080222037
A35: 1035 | B35: 1037 | C35: אפריקה-ישראל להשקעות בע"מ | D35: 520005067 | E35: ח.פ. | F35: אפריקה אגח כו (סכומים לקבל) | G35: IL0061103656 | H35: ISIN | I35: אחר | J35: ישראל | K35: ישראל | L35: לא סחיר | M35: אחר | N35: לא | O35: 16/05/2010 | P35: NR | Q35: NR | R35: NR | S35: ILS | T35: NA | U35: 30/09/2021 | V35: 0.0001 | W35: 0.06 | X35: החוב לא נחות | Z35: גורם תלוי/פנימי | AA35: קיימת תלות | AB35: 19/01/2026 | AD35: 265774.09 | AE35: 1 | AF35: 0 | AG35: 0 | AJ35: שווי הוגן | AK35: 1.8224325e-10 | AL35: 5.9293072e-12
A36: 1035 | B36: 1037 | C36: אפריקה-ישראל להשקעות בע"מ | D36: 520005067 | E36: ח.פ. | F36: אפריקה אגח כז סכומים לקבל) | G36: IL0061104316 | H36: ISIN | I36: אחר | J36: ישראל | K36: ישראל | L36: לא סחיר | M36: אחר | N36: לא | O36: 27/08/2019 | P36: NR | Q36: NR | R36: NR | S36: ILS | T36: NA | U36: 30/09/2021 | V36: 0.0001 | W36: 0.0645 | X36: החוב לא נחות | Z36: גורם תלוי/פנימי | AA36: קיימת תלות | AB36: 19/01/2026 | AD36: 57761.38 | AE36: 1 | AF36: 0 | AG36: 0 | AJ36: שווי הוגן | AK36: 3.9607403e-11 | AL36: 1.2886319e-12
A37: 1035 | B37: 1037 | C37: אפריקה-ישראל להשקעות בע"מ | D37: 520005067 | E37: ח.פ. | F37: אפריקה אגח כח (סכומים לקבל) | G37: IL0061104803 | H37: ISIN | I37: אחר | J37: ישראל | K37: ישראל | L37: לא סחיר | M37: אחר | N37: לא | O37: 13/11/2014 | P37: NR | Q37: NR | R37: NR | S37: ILS | T37: NA | U37: 30/09/2021 | V37: 0.0001 | W37: 0.057 | X37: החוב לא נחות | Z37: גורם תלוי/פנימי | AA37: קיימת תלות | AB37: 19/01/2026 | AD37: 94028.9 | AE37: 1 | AF37: 0 | AG37: 0 | AJ37: שווי הוגן | AK37: 6.4476307e-11 | AL37: 2.0977449e-12
